Workbook
Name ABANCAY: 'Lista Dpto Prov Dist'!$A$36:$A$44
Name ACOBAMBA: 'Lista Dpto Prov Dist'!$B$36:$B$43
Name ACOBAMBILLA: 'Lista Dpto Prov Dist'!$CG$36:$CG$54
Name ACOMAYO: 'Lista Dpto Prov Dist'!$C$36:$C$41
Name AIJA: 'Lista Dpto Prov Dist'!$D$36:$D$40
Name ALTOAMAZONAS: 'Lista Dpto Prov Dist'!$E$36:$E$46
Name AMAZONAS: 'Lista Dpto Prov Dist'!$B$2:$B$8
Name AMBO: 'Lista Dpto Prov Dist'!$F$36:$F$43
Name ANCASH: 'Lista Dpto Prov Dist'!$C$2:$C$21
Name ANDAHUAYLAS: 'Lista Dpto Prov Dist'!$G$36:$G$55
Name ANGARES: 'Lista Dpto Prov Dist'!$H$36:$H$55
Name ANTA: 'Lista Dpto Prov Dist'!$I$36:$I$47
Name ANTABAMBA: 'Lista Dpto Prov Dist'!$J$36:$J$42
Name ANTONIO_RAYMONDI: 'Lista Dpto Prov Dist'!$K$36:$K$41
Name APURIMAC: 'Lista Dpto Prov Dist'!$D$2:$D$8
Name AREQUIPA: 'Lista Dpto Prov Dist'!$E$2:$E$9
Name AREQUIPA_: 'Lista Dpto Prov Dist'!$L$36:$L$64
Name ASCOPE: 'Lista Dpto Prov Dist'!$M$36:$M$43
Name ASUNCION: 'Lista Dpto Prov Dist'!$N$36:$N$37
Name ASUNSION: 'Lista Dpto Prov Dist'!$AT$36:$AT$56
Name ATALAYA: 'Lista Dpto Prov Dist'!$O$36:$O$39
Name AYABACA: 'Lista Dpto Prov Dist'!$P$36:$P$45
Name AYACUCHO: 'Lista Dpto Prov Dist'!$F$2:$F$12
Name AYMARES: 'Lista Dpto Prov Dist'!$Q$36:$Q$52
Name AZANGARO: 'Lista Dpto Prov Dist'!$R$36:$R$50
Name BAGUA: 'Lista Dpto Prov Dist'!$S$36:$S$41
Name BARRANCA: 'Lista Dpto Prov Dist'!$T$36:$T$40
Name BELLAVISTA: 'Lista Dpto Prov Dist'!$U$36:$U$41
Name BOLIVAR: 'Lista Dpto Prov Dist'!$V$36:$V$41
Name BOLOGNESI: 'Lista Dpto Prov Dist'!$W$36:$W$50
Name BONGARA: 'Lista Dpto Prov Dist'!$X$36:$X$47
Name CAJABAMBA: 'Lista Dpto Prov Dist'!$Y$36:$Y$39
Name CAJAMARCA: 'Lista Dpto Prov Dist'!$G$2:$G$14
Name CAJATAMBO: 'Lista Dpto Prov Dist'!$AA$36:$AA$40
Name CALCA: 'Lista Dpto Prov Dist'!$AB$36:$AB$43
Name CALLAO: 'Lista Dpto Prov Dist'!$H$2
Name CALLAO_: 'Lista Dpto Prov Dist'!$AC$36:$AC$42
Name CAMANA: 'Lista Dpto Prov Dist'!$AD$36:$AD$43
Name CANAS: 'Lista Dpto Prov Dist'!$AE$36:$AE$43
Name CANCHIS: 'Lista Dpto Prov Dist'!$AF$36:$AF$43
Name CANDARAVE: 'Lista Dpto Prov Dist'!$AG$36:$AG$41
Name CANGALLO: 'Lista Dpto Prov Dist'!$AH$36:$AH$41
Name CANTA: 'Lista Dpto Prov Dist'!$AI$36:$AI$42
Name CAÑETE: 'Lista Dpto Prov Dist'!$AJ$36:$AJ$51
Name CARABAYA: 'Lista Dpto Prov Dist'!$AK$36:$AK$45
Name CARAVELI: 'Lista Dpto Prov Dist'!$AL$36:$AL$48
Name CARHUAZ: 'Lista Dpto Prov Dist'!$AM$36:$AM$46
Name CARLOS_FERMIN_FITZCARRALD: 'Lista Dpto Prov Dist'!$AN$36:$AN$38
Name CASMA: 'Lista Dpto Prov Dist'!$AO$36:$AO$39
Name CASTILLA: 'Lista Dpto Prov Dist'!$AP$36:$AP$49
Name CASTROVIRREYNA: 'Lista Dpto Prov Dist'!$AQ$36:$AQ$48
Name CAYLLOMA: 'Lista Dpto Prov Dist'!$AR$36:$AR$55
Name cb_6rem: 'Depositos CTS'!$AE$45
Name cb_apellido1: 'Depositos CTS'!$G$45
Name cb_apellido2: 'Depositos CTS'!$H$45
Name cb_importe: 'Depositos CTS'!$AD$45
Name cb_item: 'Depositos CTS'!$A$45
Name cb_ndoc: 'Depositos CTS'!$D$45
Name cb_nombre1: 'Depositos CTS'!$I$45
Name cb_nombre2: 'Depositos CTS'!$J$45

Sheet Depositos CTS
BG1: * Tipo Documento (1) | BH1: Longitud
BG2: 1 | BH2: 8
A3: PLANILLA DE APERTURA Y DEPÓSITO CTS | BG3: 4 | BH3: 9
A5: DATOS A LLENAR POR LA EMPRESA
A6: * Campos Obligatorios. La dirección indicada será usada para el envío de los estados de cuenta. **El correo electrónico será usado para coordinaciones ante cualquier eventualidad
B8: Efectivo | D8: Total importe Soles | F8: =+SUM(N46:N200) -> 0
B9: Depósito en Cta. Cte. | D9: Total Número de registos | F9: =+COUNT(O46:O200) -> 0
B10: Cheque de Gerencia | D10: Nro. Cheque | F10: Banco Cheque
A12: Señores
A13: Caja Cencosud del Grupo Scotiabank
A14: Presente.-
A16: Sirvanse procesar la siguiente información.
A17: Por la presente tambien y bajo nuestra exclusiva responsabilidad , declaro bajo juramento, que todos los pagos instruidos en el siguiente archivo, corresponden a nuestros trabajadores.
B19: * RUC | F19: * PERIODO DE ABONO
B21: * Razon Social
C23: * Direccion
C25: Moneda
C27: * Telefono | E27: Anexo | J27: Importante: Es de entera responsabilidad de la empresa el correcto llenado de esta planilla, por lo tanto ante un llenado parcial o incorrecto, la Caja no será responsable por las demoras o rechazos que puedan generarse
B29: * Nombre de Contacto
B31: ** E-mail
J32: (1) Tipo de Documento | K32: (2) Estado Civil | L32: (3) Sexo
J33: 1 = DNI | K33: 1 = SOLTERO | L33: M = MASCULINO
J34: 4 = CARNET DE EXTRANJERIA | K34: 2 = CASADO | L34: F = FEMENINO
K35: 3 = VIUDO
K36: 4 = DIVORCIADO
C38: Firma y sello: Representante legal empresa
A40: Detalle de apertura y abono semestral
A42: * Campos Obligatorios.
A43: ** Todos los registros deben indicar Estado "Conforme", de lo contrario no se podrá culminar el proceso de apertura y abonos de CTS
E44: =IF(F8<>0,F8," ") | K44: DATOS REQUERIDOS EN CASO SEA APERTURA DE CUENTA | X44: AUTOLLENADO
A45: Nro. | B45: * Apertura de Cuenta | C45: * Tipo Documento (1) | D45: * Numero Documento | E45: * Monto | F45: * Monto 4 (cuatro) Remuneraciones Brutas | G45: * Apellido Paterno | H45: * Apellido Materno | I45: * Primer Nombre | J45: * Segundo Nombre | K45: * Fecha de Nacimiento | L45: * Estado Civil (2) | M45: * Sexo (3) | N45: * Nacionalidad | O45: * Pais de Residencia | P45: * Domicilio | Q45: * Departamento | R45: * Provincia | S45: * Distrito | T45: * Teléfono Domicilio | U45: * Celular | V45: * Correo electrónico | W45: * Ocupación o Profesión | X45: *Código Nacionalidad | Y45: * Código Pais de Residencia | Z45: * Código Ocupación o Profesión | AA45: * Ubigeo Departamento | AB45: * Ubigeo Provincia | AC45: * Ubigeo Distrito | AD45: * RUC | AE45: * Razón Social | AF45: ** Estado
A46: 1 | X46: =IF(LEN(N46)>1,VLOOKUP(N46,Listas!$K$2:$L$259,2,0),"") | Y46: =IF(LEN(O46)>1,VLOOKUP(O46,Listas!$Q$2:$R$3,2,0),"") | Z46: =IF(LEN(W46)>1,VLOOKUP(W46,Listas!$N$2:$O$148,2,0),"") | AA46: =IF(LEN(Q46)>1,VLOOKUP(Q46,'Lista Dpto Prov Dist'!$A$73:$B$97,2,0),"") | AB46: =IF(LEN(Q46)>1,VLOOKUP(R46,'Lista Dpto Prov Dist'!$D$72:$E$268,2,0),"") | AC46: =IF(LEN(Q46)>1,VLOOKUP(S46,'Lista Dpto Prov Dist'!$G$73:$H$1951,2,0),"") | AD46: =IF(C46<>"",IF(dt_ruc="","",$D$19),"") | AE46: =IF(C46<>"",IF(dt_razon="","",dt_razon),"") | AF46: {=+IF(AD46:AE46<>"",IF(AND(B46="NO",COUNTBLANK(E46:I46)=0,COUNTBLANK(AD46:AE46)=0),"CONFORME",IF(AND(D46<>"",B46="SI",COUNTBLANK(E46:S46)=0,COUNTBLANK(T46:U46)<=1,COUNTBLANK(V46:AE46)=0),"CONFORME","INFORMACION INCOMPLETA")),"")}
A47: 2 | X47: =IF(LEN(N47)>1,VLOOKUP(N47,Listas!$K$2:$L$259,2,0),"") | Y47: =IF(LEN(O47)>1,VLOOKUP(O47,Listas!$Q$2:$R$3,2,0),"") | Z47: =IF(LEN(W47)>1,VLOOKUP(W47,Listas!$N$2:$O$148,2,0),"") | AA47: =IF(LEN(Q47)>1,VLOOKUP(Q47,'Lista Dpto Prov Dist'!$A$73:$B$97,2,0),"") | AB47: =IF(LEN(Q47)>1,VLOOKUP(R47,'Lista Dpto Prov Dist'!$D$72:$E$268,2,0),"") | AC47: =IF(LEN(Q47)>1,VLOOKUP(S47,'Lista Dpto Prov Dist'!$G$73:$H$1951,2,0),"") | AD47: =IF(C47<>"",IF(dt_ruc="","",$D$19),"") | AE47: =IF(C47<>"",IF(dt_razon="","",dt_razon),"") | AF47: {=+IF(AD47:AE47<>"",IF(AND(B47="NO",COUNTBLANK(E47:I47)=0,COUNTBLANK(AD47:AE47)=0),"CONFORME",IF(AND(D47<>"",B47="SI",COUNTBLANK(E47:S47)=0,COUNTBLANK(T47:U47)<=1,COUNTBLANK(V47:AE47)=0),"CONFORME","INFORMACION INCOMPLETA")),"")}
A48: 3 | X48: =IF(LEN(N48)>1,VLOOKUP(N48,Listas!$K$2:$L$259,2,0),"") | Y48: =IF(LEN(O48)>1,VLOOKUP(O48,Listas!$Q$2:$R$3,2,0),"") | Z48: =IF(LEN(W48)>1,VLOOKUP(W48,Listas!$N$2:$O$148,2,0),"") | AA48: =IF(LEN(Q48)>1,VLOOKUP(Q48,'Lista Dpto Prov Dist'!$A$73:$B$97,2,0),"") | AB48: =IF(LEN(Q48)>1,VLOOKUP(R48,'Lista Dpto Prov Dist'!$D$72:$E$268,2,0),"") | AC48: =IF(LEN(Q48)>1,VLOOKUP(S48,'Lista Dpto Prov Dist'!$G$73:$H$1951,2,0),"") | AD48: =IF(C48<>"",IF(dt_ruc="","",$D$19),"") | AE48: =IF(C48<>"",IF(dt_razon="","",dt_razon),"") | AF48: {=+IF(AD48:AE48<>"",IF(AND(B48="NO",COUNTBLANK(E48:I48)=0,COUNTBLANK(AD48:AE48)=0),"CONFORME",IF(AND(D48<>"",B48="SI",COUNTBLANK(E48:S48)=0,COUNTBLANK(T48:U48)<=1,COUNTBLANK(V48:AE48)=0),"CONFORME","INFORMACION INCOMPLETA")),"")}
A49: 4 | X49: =IF(LEN(N49)>1,VLOOKUP(N49,Listas!$K$2:$L$259,2,0),"") | Y49: =IF(LEN(N49)>1,VLOOKUP(N49,Listas!$Q$2:$R$3,2,0),"") | Z49: =IF(LEN(W49)>1,VLOOKUP(W49,Listas!$N$2:$O$148,2,0),"") | AA49: =IF(LEN(Q49)>1,VLOOKUP(Q49,'Lista Dpto Prov Dist'!$A$73:$B$97,2,0),"") | AB49: =IF(LEN(Q49)>1,VLOOKUP(R49,'Lista Dpto Prov Dist'!$D$72:$E$268,2,0),"") | AC49: =IF(LEN(Q49)>1,VLOOKUP(S49,'Lista Dpto Prov Dist'!$G$73:$H$1951,2,0),"") | AD49: =IF(C49<>"",IF(dt_ruc="","",$D$19),"") | AE49: =IF(C49<>"",IF(dt_razon="","",dt_razon),"") | AF49: {=+IF(AD49:AE49<>"",IF(AND(B49="NO",COUNTBLANK(E49:I49)=0,COUNTBLANK(AD49:AE49)=0),"CONFORME",IF(AND(D49<>"",B49="SI",COUNTBLANK(E49:S49)=0,COUNTBLANK(T49:U49)<=1,COUNTBLANK(V49:AE49)=0),"CONFORME","INFORMACION INCOMPLETA")),"")}
A50: 5 | X50: =IF(LEN(N50)>1,VLOOKUP(N50,Listas!$K$2:$L$259,2,0),"") | Y50: =IF(LEN(N50)>1,VLOOKUP(N50,Listas!$Q$2:$R$3,2,0),"") | Z50: =IF(LEN(W50)>1,VLOOKUP(W50,Listas!$N$2:$O$148,2,0),"") | AA50: =IF(LEN(Q50)>1,VLOOKUP(Q50,'Lista Dpto Prov Dist'!$A$73:$B$97,2,0),"") | AB50: =IF(LEN(Q50)>1,VLOOKUP(R50,'Lista Dpto Prov Dist'!$D$72:$E$268,2,0),"") | AC50: =IF(LEN(Q50)>1,VLOOKUP(S50,'Lista Dpto Prov Dist'!$G$73:$H$1951,2,0),"") | AD50: =IF(C50<>"",IF(dt_ruc="","",$D$19),"") | AE50: =IF(C50<>"",IF(dt_razon="","",dt_razon),"") | AF50: {=+IF(AD50:AE50<>"",IF(AND(B50="NO",COUNTBLANK(E50:I50)=0,COUNTBLANK(AD50:AE50)=0),"CONFORME",IF(AND(D50<>"",B50="SI",COUNTBLANK(E50:S50)=0,COUNTBLANK(T50:U50)<=1,COUNTBLANK(V50:AE50)=0),"CONFORME","INFORMACION INCOMPLETA")),"")}
A51: 6 | X51: =IF(LEN(N51)>1,VLOOKUP(N51,Listas!$K$2:$L$259,2,0),"") | Y51: =IF(LEN(N51)>1,VLOOKUP(N51,Listas!$Q$2:$R$3,2,0),"") | Z51: =IF(LEN(W51)>1,VLOOKUP(W51,Listas!$N$2:$O$148,2,0),"") | AA51: =IF(LEN(Q51)>1,VLOOKUP(Q51,'Lista Dpto Prov Dist'!$A$73:$B$97,2,0),"") | AB51: =IF(LEN(Q51)>1,VLOOKUP(R51,'Lista Dpto Prov Dist'!$D$72:$E$268,2,0),"") | AC51: =IF(LEN(Q51)>1,VLOOKUP(S51,'Lista Dpto Prov Dist'!$G$73:$H$1951,2,0),"") | AD51: =IF(C51<>"",IF(dt_ruc="","",$D$19),"") | AE51: =IF(C51<>"",IF(dt_razon="","",dt_razon),"") | AF51: =+IF(AE51<>"",IF(AND(B51="NO",COUNTBLANK(E51:I51)=0,COUNTBLANK(AD51:AE51)=0),"CONFORME",IF(AND(D51<>"",B51="SI",COUNTBLANK(E51:AE51)=0),"CONFORME","INFORMACION INCOMPLETA")),"")
A52: 7 | X52: =IF(LEN(N52)>1,VLOOKUP(N52,Listas!$K$2:$L$259,2,0),"") | Y52: =IF(LEN(N52)>1,VLOOKUP(N52,Listas!$Q$2:$R$3,2,0),"") | Z52: =IF(LEN(W52)>1,VLOOKUP(W52,Listas!$N$2:$O$148,2,0),"") | AA52: =IF(LEN(Q52)>1,VLOOKUP(Q52,'Lista Dpto Prov Dist'!$A$73:$B$97,2,0),"") | AB52: =IF(LEN(Q52)>1,VLOOKUP(R52,'Lista Dpto Prov Dist'!$D$72:$E$268,2,0),"") | AC52: =IF(LEN(Q52)>1,VLOOKUP(S52,'Lista Dpto Prov Dist'!$G$73:$H$1951,2,0),"") | AD52: =IF(C52<>"",IF(dt_ruc="","",$D$19),"") | AE52: =IF(C52<>"",IF(dt_razon="","",dt_razon),"") | AF52: =+IF(AE52<>"",IF(AND(B52="NO",COUNTBLANK(E52:I52)=0,COUNTBLANK(AD52:AE52)=0),"CONFORME",IF(AND(D52<>"",B52="SI",COUNTBLANK(E52:AE52)=0),"CONFORME","INFORMACION INCOMPLETA")),"")
A53: 8 | X53: =IF(LEN(N53)>1,VLOOKUP(N53,Listas!$K$2:$L$259,2,0),"") | Y53: =IF(LEN(N53)>1,VLOOKUP(N53,Listas!$Q$2:$R$3,2,0),"") | Z53: =IF(LEN(W53)>1,VLOOKUP(W53,Listas!$N$2:$O$148,2,0),"") | AA53: =IF(LEN(Q53)>1,VLOOKUP(Q53,'Lista Dpto Prov Dist'!$A$73:$B$97,2,0),"") | AB53: =IF(LEN(Q53)>1,VLOOKUP(R53,'Lista Dpto Prov Dist'!$D$72:$E$268,2,0),"") | AC53: =IF(LEN(Q53)>1,VLOOKUP(S53,'Lista Dpto Prov Dist'!$G$73:$H$1951,2,0),"") | AD53: =IF(C53<>"",IF(dt_ruc="","",$D$19),"") | AE53: =IF(C53<>"",IF(dt_razon="","",dt_razon),"") | AF53: =+IF(AE53<>"",IF(AND(B53="NO",COUNTBLANK(E53:I53)=0,COUNTBLANK(AD53:AE53)=0),"CONFORME",IF(AND(D53<>"",B53="SI",COUNTBLANK(E53:AE53)=0),"CONFORME","INFORMACION INCOMPLETA")),"")
A54: 9 | X54: =IF(LEN(N54)>1,VLOOKUP(N54,Listas!$K$2:$L$259,2,0),"") | Y54: =IF(LEN(N54)>1,VLOOKUP(N54,Listas!$Q$2:$R$3,2,0),"") | Z54: =IF(LEN(W54)>1,VLOOKUP(W54,Listas!$N$2:$O$148,2,0),"") | AA54: =IF(LEN(Q54)>1,VLOOKUP(Q54,'Lista Dpto Prov Dist'!$A$73:$B$97,2,0),"") | AB54: =IF(LEN(Q54)>1,VLOOKUP(R54,'Lista Dpto Prov Dist'!$D$72:$E$268,2,0),"") | AC54: =IF(LEN(Q54)>1,VLOOKUP(S54,'Lista Dpto Prov Dist'!$G$73:$H$1951,2,0),"") | AD54: =IF(C54<>"",IF(dt_ruc="","",$D$19),"") | AE54: =IF(C54<>"",IF(dt_razon="","",dt_razon),"") | AF54: =+IF(AE54<>"",IF(AND(B54="NO",COUNTBLANK(E54:I54)=0,COUNTBLANK(AD54:AE54)=0),"CONFORME",IF(AND(D54<>"",B54="SI",COUNTBLANK(E54:AE54)=0),"CONFORME","INFORMACION INCOMPLETA")),"")
A55: 10 | X55: =IF(LEN(N55)>1,VLOOKUP(N55,Listas!$K$2:$L$259,2,0),"") | Y55: =IF(LEN(N55)>1,VLOOKUP(N55,Listas!$Q$2:$R$3,2,0),"") | Z55: =IF(LEN(W55)>1,VLOOKUP(W55,Listas!$N$2:$O$148,2,0),"") | AA55: =IF(LEN(Q55)>1,VLOOKUP(Q55,'Lista Dpto Prov Dist'!$A$73:$B$97,2,0),"") | AB55: =IF(LEN(Q55)>1,VLOOKUP(R55,'Lista Dpto Prov Dist'!$D$72:$E$268,2,0),"") | AC55: =IF(LEN(Q55)>1,VLOOKUP(S55,'Lista Dpto Prov Dist'!$G$73:$H$1951,2,0),"") | AD55: =IF(C55<>"",IF(dt_ruc="","",$D$19),"") | AE55: =IF(C55<>"",IF(dt_razon="","",dt_razon),"") | AF55: =+IF(AE55<>"",IF(AND(B55="NO",COUNTBLANK(E55:I55)=0,COUNTBLANK(AD55:AE55)=0),"CONFORME",IF(AND(D55<>"",B55="SI",COUNTBLANK(E55:AE55)=0),"CONFORME","INFORMACION INCOMPLETA")),"")
A56: 11 | X56: =IF(LEN(N56)>1,VLOOKUP(N56,Listas!$K$2:$L$259,2,0),"") | Y56: =IF(LEN(N56)>1,VLOOKUP(N56,Listas!$Q$2:$R$3,2,0),"") | Z56: =IF(LEN(W56)>1,VLOOKUP(W56,Listas!$N$2:$O$148,2,0),"") | AA56: =IF(LEN(Q56)>1,VLOOKUP(Q56,'Lista Dpto Prov Dist'!$A$73:$B$97,2,0),"") | AB56: =IF(LEN(Q56)>1,VLOOKUP(R56,'Lista Dpto Prov Dist'!$D$72:$E$268,2,0),"") | AC56: =IF(LEN(Q56)>1,VLOOKUP(S56,'Lista Dpto Prov Dist'!$G$73:$H$1951,2,0),"") | AD56: =IF(C56<>"",IF(dt_ruc="","",$D$19),"") | AE56: =IF(C56<>"",IF(dt_razon="","",dt_razon),"") | AF56: =+IF(AE56<>"",IF(AND(B56="NO",COUNTBLANK(E56:I56)=0,COUNTBLANK(AD56:AE56)=0),"CONFORME",IF(AND(D56<>"",B56="SI",COUNTBLANK(E56:AE56)=0),"CONFORME","INFORMACION INCOMPLETA")),"")
A57: 12 | X57: =IF(LEN(N57)>1,VLOOKUP(N57,Listas!$K$2:$L$259,2,0),"") | Y57: =IF(LEN(N57)>1,VLOOKUP(N57,Listas!$Q$2:$R$3,2,0),"") | Z57: =IF(LEN(W57)>1,VLOOKUP(W57,Listas!$N$2:$O$148,2,0),"") | AA57: =IF(LEN(Q57)>1,VLOOKUP(Q57,'Lista Dpto Prov Dist'!$A$73:$B$97,2,0),"") | AB57: =IF(LEN(Q57)>1,VLOOKUP(R57,'Lista Dpto Prov Dist'!$D$72:$E$268,2,0),"") | AC57: =IF(LEN(Q57)>1,VLOOKUP(S57,'Lista Dpto Prov Dist'!$G$73:$H$1951,2,0),"") | AD57: =IF(C57<>"",IF(dt_ruc="","",$D$19),"") | AE57: =IF(C57<>"",IF(dt_razon="","",dt_razon),"") | AF57: =+IF(AE57<>"",IF(AND(B57="NO",COUNTBLANK(E57:I57)=0,COUNTBLANK(AD57:AE57)=0),"CONFORME",IF(AND(D57<>"",B57="SI",COUNTBLANK(E57:AE57)=0),"CONFORME","INFORMACION INCOMPLETA")),"")
A58: 13 | X58: =IF(LEN(N58)>1,VLOOKUP(N58,Listas!$K$2:$L$259,2,0),"") | Y58: =IF(LEN(N58)>1,VLOOKUP(N58,Listas!$Q$2:$R$3,2,0),"") | Z58: =IF(LEN(W58)>1,VLOOKUP(W58,Listas!$N$2:$O$148,2,0),"") | AA58: =IF(LEN(Q58)>1,VLOOKUP(Q58,'Lista Dpto Prov Dist'!$A$73:$B$97,2,0),"") | AB58: =IF(LEN(Q58)>1,VLOOKUP(R58,'Lista Dpto Prov Dist'!$D$72:$E$268,2,0),"") | AC58: =IF(LEN(Q58)>1,VLOOKUP(S58,'Lista Dpto Prov Dist'!$G$73:$H$1951,2,0),"") | AD58: =IF(C58<>"",IF(dt_ruc="","",$D$19),"") | AE58: =IF(C58<>"",IF(dt_razon="","",dt_razon),"") | AF58: =+IF(AE58<>"",IF(AND(B58="NO",COUNTBLANK(E58:I58)=0,COUNTBLANK(AD58:AE58)=0),"CONFORME",IF(AND(D58<>"",B58="SI",COUNTBLANK(E58:AE58)=0),"CONFORME","INFORMACION INCOMPLETA")),"")
A59: 14 | X59: =IF(LEN(N59)>1,VLOOKUP(N59,Listas!$K$2:$L$259,2,0),"") | Y59: =IF(LEN(N59)>1,VLOOKUP(N59,Listas!$Q$2:$R$3,2,0),"") | Z59: =IF(LEN(W59)>1,VLOOKUP(W59,Listas!$N$2:$O$148,2,0),"") | AA59: =IF(LEN(Q59)>1,VLOOKUP(Q59,'Lista Dpto Prov Dist'!$A$73:$B$97,2,0),"") | AB59: =IF(LEN(Q59)>1,VLOOKUP(R59,'Lista Dpto Prov Dist'!$D$72:$E$268,2,0),"") | AC59: =IF(LEN(Q59)>1,VLOOKUP(S59,'Lista Dpto Prov Dist'!$G$73:$H$1951,2,0),"") | AD59: =IF(C59<>"",IF(dt_ruc="","",$D$19),"") | AE59: =IF(C59<>"",IF(dt_razon="","",dt_razon),"") | AF59: =+IF(AE59<>"",IF(AND(B59="NO",COUNTBLANK(E59:I59)=0,COUNTBLANK(AD59:AE59)=0),"CONFORME",IF(AND(D59<>"",B59="SI",COUNTBLANK(E59:AE59)=0),"CONFORME","INFORMACION INCOMPLETA")),"")
A60: 15 | X60: =IF(LEN(N60)>1,VLOOKUP(N60,Listas!$K$2:$L$259,2,0),"") | Y60: =IF(LEN(N60)>1,VLOOKUP(N60,Listas!$Q$2:$R$3,2,0),"") | Z60: =IF(LEN(W60)>1,VLOOKUP(W60,Listas!$N$2:$O$148,2,0),"") | AA60: =IF(LEN(Q60)>1,VLOOKUP(Q60,'Lista Dpto Prov Dist'!$A$73:$B$97,2,0),"") | AB60: =IF(LEN(Q60)>1,VLOOKUP(R60,'Lista Dpto Prov Dist'!$D$72:$E$268,2,0),"") | AC60: =IF(LEN(Q60)>1,VLOOKUP(S60,'Lista Dpto Prov Dist'!$G$73:$H$1951,2,0),"") | AD60: =IF(C60<>"",IF(dt_ruc="","",$D$19),"") | AE60: =IF(C60<>"",IF(dt_razon="","",dt_razon),"") | AF60: =+IF(AE60<>"",IF(AND(B60="NO",COUNTBLANK(E60:I60)=0,COUNTBLANK(AD60:AE60)=0),"CONFORME",IF(AND(D60<>"",B60="SI",COUNTBLANK(E60:AE60)=0),"CONFORME","INFORMACION INCOMPLETA")),"")
A61: 16 | X61: =IF(LEN(N61)>1,VLOOKUP(N61,Listas!$K$2:$L$259,2,0),"") | Y61: =IF(LEN(N61)>1,VLOOKUP(N61,Listas!$Q$2:$R$3,2,0),"") | Z61: =IF(LEN(W61)>1,VLOOKUP(W61,Listas!$N$2:$O$148,2,0),"") | AA61: =IF(LEN(Q61)>1,VLOOKUP(Q61,'Lista Dpto Prov Dist'!$A$73:$B$97,2,0),"") | AB61: =IF(LEN(Q61)>1,VLOOKUP(R61,'Lista Dpto Prov Dist'!$D$72:$E$268,2,0),"") | AC61: =IF(LEN(Q61)>1,VLOOKUP(S61,'Lista Dpto Prov Dist'!$G$73:$H$1951,2,0),"") | AD61: =IF(C61<>"",IF(dt_ruc="","",$D$19),"") | AE61: =IF(C61<>"",IF(dt_razon="","",dt_razon),"") | AF61: =+IF(AE61<>"",IF(AND(B61="NO",COUNTBLANK(E61:I61)=0,COUNTBLANK(AD61:AE61)=0),"CONFORME",IF(AND(D61<>"",B61="SI",COUNTBLANK(E61:AE61)=0),"CONFORME","INFORMACION INCOMPLETA")),"")
A62: 17 | X62: =IF(LEN(N62)>1,VLOOKUP(N62,Listas!$K$2:$L$259,2,0),"") | Y62: =IF(LEN(N62)>1,VLOOKUP(N62,Listas!$Q$2:$R$3,2,0),"") | Z62: =IF(LEN(W62)>1,VLOOKUP(W62,Listas!$N$2:$O$148,2,0),"") | AA62: =IF(LEN(Q62)>1,VLOOKUP(Q62,'Lista Dpto Prov Dist'!$A$73:$B$97,2,0),"") | AB62: =IF(LEN(Q62)>1,VLOOKUP(R62,'Lista Dpto Prov Dist'!$D$72:$E$268,2,0),"") | AC62: =IF(LEN(Q62)>1,VLOOKUP(S62,'Lista Dpto Prov Dist'!$G$73:$H$1951,2,0),"") | AD62: =IF(C62<>"",IF(dt_ruc="","",$D$19),"") | AE62: =IF(C62<>"",IF(dt_razon="","",dt_razon),"") | AF62: =+IF(AE62<>"",IF(AND(B62="NO",COUNTBLANK(E62:I62)=0,COUNTBLANK(AD62:AE62)=0),"CONFORME",IF(AND(D62<>"",B62="SI",COUNTBLANK(E62:AE62)=0),"CONFORME","INFORMACION INCOMPLETA")),"")
... A200: 155 | X200: =IF(LEN(N200)>1,VLOOKUP(N200,Listas!$K$2:$L$259,2,0),"") | Y200: =IF(LEN(N200)>1,VLOOKUP(N200,Listas!$Q$2:$R$3,2,0),"") | Z200: =IF(LEN(W200)>1,VLOOKUP(W200,Listas!$N$2:$O$148,2,0),"") | AA200: =IF(LEN(Q200)>1,VLOOKUP(Q200,'Lista Dpto Prov Dist'!$A$73:$B$97,2,0),"") | AB200: =IF(LEN(Q200)>1,VLOOKUP(R200,'Lista Dpto Prov Dist'!$D$72:$E$268,2,0),"") | AC200: =IF(LEN(Q200)>1,VLOOKUP(S200,'Lista Dpto Prov Dist'!$G$73:$H$1951,2,0),"") | AD200: =IF(C200<>"",IF(dt_ruc="","",$D$19),"") | AE200: =IF(C200<>"",IF(dt_razon="","",dt_razon),"") | AF200: =+IF(AE200<>"",IF(AND(B200="NO",COUNTBLANK(E200:I200)=0,COUNTBLANK(AD200:AE200)=0),"CONFORME",IF(AND(D200<>"",B200="SI",COUNTBLANK(E200:AE200)=0),"CONFORME","INFORMACION INCOMPLETA")),"")

Sheet Plantilla Carga ADN
A1: Nro. | B1: * Apertura de Cuenta | C1: * Tipo Documento (1) | D1: * Numero Documento | E1: FecAbono | F1: Monto | G1: Moneda | H1: TipoAbono | I1: Monto Remuneracion | J1: Apellido Paterno | K1: Apellido Materno | L1: Primer Nombre | M1: Segundo Nombre | N1: Fec. Nacimiento | O1: Estado Civil | P1: Sexo | Q1: Código Nacionalidad | R1: Código Pais de Residencia | S1: Domicilio | T1: Ubigeo Distrito | U1: Teléfono Domicilio | V1: Celular | W1: Correo electrónico | X1: Código Ocupación o Profesión | Y1: Ruc Empresa | Z1: Razon Social
A2: =+'Depositos CTS'!A46 -> 1 | B2: =+'Depositos CTS'!B46 -> 0 | C2: ='Depositos CTS'!C46 -> 0 | D2: ='Depositos CTS'!D46 -> 0 | F2: =+'Depositos CTS'!E46 -> 0 | I2: =+'Depositos CTS'!F46 -> 0 | J2: =IF('Depositos CTS'!$B46="SI",'Depositos CTS'!G46,'Depositos CTS'!G46) -> 0 | K2: =IF('Depositos CTS'!$B46="SI",'Depositos CTS'!H46,'Depositos CTS'!H46) -> 0 | L2: =IF('Depositos CTS'!$B46="SI",'Depositos CTS'!I46,'Depositos CTS'!I46) -> 0 | M2: =IF('Depositos CTS'!$B46="SI",'Depositos CTS'!J46,'Depositos CTS'!J46) -> 0 | N2: =IF('Depositos CTS'!$B46="SI",'Depositos CTS'!K46,"01/01/2000") -> 01/01/2000 | O2: =IF('Depositos CTS'!$B46="SI",'Depositos CTS'!L46,"6") -> 6 | P2: =IF('Depositos CTS'!$B46="SI",'Depositos CTS'!M46,"M") -> M | Q2: =IF('Depositos CTS'!$B46="SI",'Depositos CTS'!X46,"04028") -> 04028 | R2: =IF('Depositos CTS'!$B46="SI",'Depositos CTS'!Y46,"0") -> 0 | S2: =IF('Depositos CTS'!$B46="SI",'Depositos CTS'!P46,"X") -> X | T2: =IF('Depositos CTS'!$B46="SI",'Depositos CTS'!AC46,"315012200000") -> 315012200000 | U2: =IF('Depositos CTS'!$B46="SI",'Depositos CTS'!T46,"000000") -> 000000 | V2: =IF('Depositos CTS'!$B46="SI",'Depositos CTS'!U46,"999999999") -> 999999999 | W2: =IF('Depositos CTS'!$B46="SI",'Depositos CTS'!V46,"xxx@xxx.xxx") -> xxx@xxx.xxx | X2: =IF('Depositos CTS'!$B46="SI",'Depositos CTS'!Z46,"147") -> 147 | Y2: =+'Depositos CTS'!AD46 | Z2: =+'Depositos CTS'!AE46
A3: =+'Depositos CTS'!A47 -> 2 | B3: =+'Depositos CTS'!B47 -> 0 | C3: ='Depositos CTS'!C47 -> 0 | D3: ='Depositos CTS'!D47 -> 0 | F3: =+'Depositos CTS'!E47 -> 0 | I3: =+'Depositos CTS'!F47 -> 0 | J3: =IF('Depositos CTS'!$B47="SI",'Depositos CTS'!G47,'Depositos CTS'!G47) -> 0 | K3: =IF('Depositos CTS'!$B47="SI",'Depositos CTS'!H47,'Depositos CTS'!H47) -> 0 | L3: =IF('Depositos CTS'!$B47="SI",'Depositos CTS'!I47,'Depositos CTS'!I47) -> 0 | M3: =IF('Depositos CTS'!$B47="SI",'Depositos CTS'!J47,'Depositos CTS'!J47) -> 0 | N3: =IF('Depositos CTS'!$B47="SI",'Depositos CTS'!K47,"01/01/2000") -> 01/01/2000 | O3: =IF('Depositos CTS'!$B47="SI",'Depositos CTS'!L47,"6") -> 6 | P3: =IF('Depositos CTS'!$B47="SI",'Depositos CTS'!M47,"M") -> M | Q3: =IF('Depositos CTS'!$B47="SI",'Depositos CTS'!X47,"04028") -> 04028 | R3: =IF('Depositos CTS'!$B47="SI",'Depositos CTS'!Y47,"0") -> 0 | S3: =IF('Depositos CTS'!$B47="SI",'Depositos CTS'!P47,"X") -> X | T3: =IF('Depositos CTS'!$B47="SI",'Depositos CTS'!AC47,"315012200000") -> 315012200000 | U3: =IF('Depositos CTS'!$B47="SI",'Depositos CTS'!T47,"000000") -> 000000 | V3: =IF('Depositos CTS'!$B47="SI",'Depositos CTS'!U47,"999999999") -> 999999999 | W3: =IF('Depositos CTS'!$B47="SI",'Depositos CTS'!V47,"xxx@xxx.xxx") -> xxx@xxx.xxx | X3: =IF('Depositos CTS'!$B47="SI",'Depositos CTS'!Z47,"147") -> 147 | Y3: =+'Depositos CTS'!AD47 | Z3: =+'Depositos CTS'!AE47
A4: =+'Depositos CTS'!A48 -> 3 | B4: =+'Depositos CTS'!B48 -> 0 | C4: ='Depositos CTS'!C48 -> 0 | D4: ='Depositos CTS'!D48 -> 0 | F4: =+'Depositos CTS'!E48 -> 0 | I4: =+'Depositos CTS'!F48 -> 0 | J4: =IF('Depositos CTS'!$B48="SI",'Depositos CTS'!G48,'Depositos CTS'!G48) -> 0 | K4: =IF('Depositos CTS'!$B48="SI",'Depositos CTS'!H48,'Depositos CTS'!H48) -> 0 | L4: =IF('Depositos CTS'!$B48="SI",'Depositos CTS'!I48,'Depositos CTS'!I48) -> 0 | M4: =IF('Depositos CTS'!$B48="SI",'Depositos CTS'!J48,'Depositos CTS'!J48) -> 0 | N4: =IF('Depositos CTS'!$B48="SI",'Depositos CTS'!K48,"01/01/2000") -> 01/01/2000 | O4: =IF('Depositos CTS'!$B48="SI",'Depositos CTS'!L48,"6") -> 6 | P4: =IF('Depositos CTS'!$B48="SI",'Depositos CTS'!M48,"M") -> M | Q4: =IF('Depositos CTS'!$B48="SI",'Depositos CTS'!X48,"04028") -> 04028 | R4: =IF('Depositos CTS'!$B48="SI",'Depositos CTS'!Y48,"0") -> 0 | S4: =IF('Depositos CTS'!$B48="SI",'Depositos CTS'!P48,"X") -> X | T4: =IF('Depositos CTS'!$B48="SI",'Depositos CTS'!AC48,"315012200000") -> 315012200000 | U4: =IF('Depositos CTS'!$B48="SI",'Depositos CTS'!T48,"000000") -> 000000 | V4: =IF('Depositos CTS'!$B48="SI",'Depositos CTS'!U48,"999999999") -> 999999999 | W4: =IF('Depositos CTS'!$B48="SI",'Depositos CTS'!V48,"xxx@xxx.xxx") -> xxx@xxx.xxx | X4: =IF('Depositos CTS'!$B48="SI",'Depositos CTS'!Z48,"147") -> 147 | Y4: =+'Depositos CTS'!AD48 | Z4: =+'Depositos CTS'!AE48
A5: =+'Depositos CTS'!A49 -> 4 | B5: =+'Depositos CTS'!B49 -> 0 | C5: ='Depositos CTS'!C49 -> 0 | D5: ='Depositos CTS'!D49 -> 0 | F5: =+'Depositos CTS'!E49 -> 0 | I5: =+'Depositos CTS'!F49 -> 0 | J5: =IF('Depositos CTS'!$B49="SI",'Depositos CTS'!G49,'Depositos CTS'!G49) -> 0 | K5: =IF('Depositos CTS'!$B49="SI",'Depositos CTS'!H49,'Depositos CTS'!H49) -> 0 | L5: =IF('Depositos CTS'!$B49="SI",'Depositos CTS'!I49,'Depositos CTS'!I49) -> 0 | M5: =IF('Depositos CTS'!$B49="SI",'Depositos CTS'!J49,'Depositos CTS'!J49) -> 0 | N5: =IF('Depositos CTS'!$B49="SI",'Depositos CTS'!K49,"01/01/2000") -> 01/01/2000 | O5: =IF('Depositos CTS'!$B49="SI",'Depositos CTS'!L49,"6") -> 6 | P5: =IF('Depositos CTS'!$B49="SI",'Depositos CTS'!M49,"M") -> M | Q5: =IF('Depositos CTS'!$B49="SI",'Depositos CTS'!X49,"04028") -> 04028 | R5: =IF('Depositos CTS'!$B49="SI",'Depositos CTS'!Y49,"0") -> 0 | S5: =IF('Depositos CTS'!$B49="SI",'Depositos CTS'!P49,"X") -> X | T5: =IF('Depositos CTS'!$B49="SI",'Depositos CTS'!AC49,"315012200000") -> 315012200000 | U5: =IF('Depositos CTS'!$B49="SI",'Depositos CTS'!T49,"000000") -> 000000 | V5: =IF('Depositos CTS'!$B49="SI",'Depositos CTS'!U49,"999999999") -> 999999999 | W5: =IF('Depositos CTS'!$B49="SI",'Depositos CTS'!V49,"xxx@xxx.xxx") -> xxx@xxx.xxx | X5: =IF('Depositos CTS'!$B49="SI",'Depositos CTS'!Z49,"147") -> 147 | Y5: =+'Depositos CTS'!AD49 | Z5: =+'Depositos CTS'!AE49
A6: =+'Depositos CTS'!A50 -> 5 | B6: =+'Depositos CTS'!B50 -> 0 | C6: ='Depositos CTS'!C50 -> 0 | D6: ='Depositos CTS'!D50 -> 0 | F6: =+'Depositos CTS'!E50 -> 0 | I6: =+'Depositos CTS'!F50 -> 0 | J6: =IF('Depositos CTS'!$B50="SI",'Depositos CTS'!G50,'Depositos CTS'!G50) -> 0 | K6: =IF('Depositos CTS'!$B50="SI",'Depositos CTS'!H50,'Depositos CTS'!H50) -> 0 | L6: =IF('Depositos CTS'!$B50="SI",'Depositos CTS'!I50,'Depositos CTS'!I50) -> 0 | M6: =IF('Depositos CTS'!$B50="SI",'Depositos CTS'!J50,'Depositos CTS'!J50) -> 0 | N6: =IF('Depositos CTS'!$B50="SI",'Depositos CTS'!K50,"01/01/2000") -> 01/01/2000 | O6: =IF('Depositos CTS'!$B50="SI",'Depositos CTS'!L50,"6") -> 6 | P6: =IF('Depositos CTS'!$B50="SI",'Depositos CTS'!M50,"M") -> M | Q6: =IF('Depositos CTS'!$B50="SI",'Depositos CTS'!X50,"04028") -> 04028 | R6: =IF('Depositos CTS'!$B50="SI",'Depositos CTS'!Y50,"0") -> 0 | S6: =IF('Depositos CTS'!$B50="SI",'Depositos CTS'!P50,"X") -> X | T6: =IF('Depositos CTS'!$B50="SI",'Depositos CTS'!AC50,"315012200000") -> 315012200000 | U6: =IF('Depositos CTS'!$B50="SI",'Depositos CTS'!T50,"000000") -> 000000 | V6: =IF('Depositos CTS'!$B50="SI",'Depositos CTS'!U50,"999999999") -> 999999999 | W6: =IF('Depositos CTS'!$B50="SI",'Depositos CTS'!V50,"xxx@xxx.xxx") -> xxx@xxx.xxx | X6: =IF('Depositos CTS'!$B50="SI",'Depositos CTS'!Z50,"147") -> 147 | Y6: =+'Depositos CTS'!AD50 | Z6: =+'Depositos CTS'!AE50
A7: =+'Depositos CTS'!A51 -> 6 | B7: =+'Depositos CTS'!B51 -> 0 | C7: ='Depositos CTS'!C51 -> 0 | D7: ='Depositos CTS'!D51 -> 0 | F7: =+'Depositos CTS'!E51 -> 0 | I7: =+'Depositos CTS'!F51 -> 0 | J7: =IF('Depositos CTS'!$B51="SI",'Depositos CTS'!G51,'Depositos CTS'!G51) -> 0 | K7: =IF('Depositos CTS'!$B51="SI",'Depositos CTS'!H51,'Depositos CTS'!H51) -> 0 | L7: =IF('Depositos CTS'!$B51="SI",'Depositos CTS'!I51,'Depositos CTS'!I51) -> 0 | M7: =IF('Depositos CTS'!$B51="SI",'Depositos CTS'!J51,'Depositos CTS'!J51) -> 0 | N7: =IF('Depositos CTS'!$B51="SI",'Depositos CTS'!K51,"01/01/2000") -> 01/01/2000 | O7: =IF('Depositos CTS'!$B51="SI",'Depositos CTS'!L51,"6") -> 6 | P7: =IF('Depositos CTS'!$B51="SI",'Depositos CTS'!M51,"M") -> M | Q7: =IF('Depositos CTS'!$B51="SI",'Depositos CTS'!X51,"04028") -> 04028 | R7: =IF('Depositos CTS'!$B51="SI",'Depositos CTS'!Y51,"0") -> 0 | S7: =IF('Depositos CTS'!$B51="SI",'Depositos CTS'!P51,"X") -> X | T7: =IF('Depositos CTS'!$B51="SI",'Depositos CTS'!AC51,"315012200000") -> 315012200000 | U7: =IF('Depositos CTS'!$B51="SI",'Depositos CTS'!T51,"000000") -> 000000 | V7: =IF('Depositos CTS'!$B51="SI",'Depositos CTS'!U51,"999999999") -> 999999999 | W7: =IF('Depositos CTS'!$B51="SI",'Depositos CTS'!V51,"xxx@xxx.xxx") -> xxx@xxx.xxx | X7: =IF('Depositos CTS'!$B51="SI",'Depositos CTS'!Z51,"147") -> 147 | Y7: =+'Depositos CTS'!AD51 | Z7: =+'Depositos CTS'!AE51
A8: =+'Depositos CTS'!A52 -> 7 | B8: =+'Depositos CTS'!B52 -> 0 | C8: ='Depositos CTS'!C52 -> 0 | D8: ='Depositos CTS'!D52 -> 0 | F8: =+'Depositos CTS'!E52 -> 0 | I8: =+'Depositos CTS'!F52 -> 0 | J8: =IF('Depositos CTS'!$B52="SI",'Depositos CTS'!G52,'Depositos CTS'!G52) -> 0 | K8: =IF('Depositos CTS'!$B52="SI",'Depositos CTS'!H52,'Depositos CTS'!H52) -> 0 | L8: =IF('Depositos CTS'!$B52="SI",'Depositos CTS'!I52,'Depositos CTS'!I52) -> 0 | M8: =IF('Depositos CTS'!$B52="SI",'Depositos CTS'!J52,'Depositos CTS'!J52) -> 0 | N8: =IF('Depositos CTS'!$B52="SI",'Depositos CTS'!K52,"01/01/2000") -> 01/01/2000 | O8: =IF('Depositos CTS'!$B52="SI",'Depositos CTS'!L52,"6") -> 6 | P8: =IF('Depositos CTS'!$B52="SI",'Depositos CTS'!M52,"M") -> M | Q8: =IF('Depositos CTS'!$B52="SI",'Depositos CTS'!X52,"04028") -> 04028 | R8: =IF('Depositos CTS'!$B52="SI",'Depositos CTS'!Y52,"0") -> 0 | S8: =IF('Depositos CTS'!$B52="SI",'Depositos CTS'!P52,"X") -> X | T8: =IF('Depositos CTS'!$B52="SI",'Depositos CTS'!AC52,"315012200000") -> 315012200000 | U8: =IF('Depositos CTS'!$B52="SI",'Depositos CTS'!T52,"000000") -> 000000 | V8: =IF('Depositos CTS'!$B52="SI",'Depositos CTS'!U52,"999999999") -> 999999999 | W8: =IF('Depositos CTS'!$B52="SI",'Depositos CTS'!V52,"xxx@xxx.xxx") -> xxx@xxx.xxx | X8: =IF('Depositos CTS'!$B52="SI",'Depositos CTS'!Z52,"147") -> 147 | Y8: =+'Depositos CTS'!AD52 | Z8: =+'Depositos CTS'!AE52
A9: =+'Depositos CTS'!A53 -> 8 | B9: =+'Depositos CTS'!B53 -> 0 | C9: ='Depositos CTS'!C53 -> 0 | D9: ='Depositos CTS'!D53 -> 0 | F9: =+'Depositos CTS'!E53 -> 0 | I9: =+'Depositos CTS'!F53 -> 0 | J9: =IF('Depositos CTS'!$B53="SI",'Depositos CTS'!G53,'Depositos CTS'!G53) -> 0 | K9: =IF('Depositos CTS'!$B53="SI",'Depositos CTS'!H53,'Depositos CTS'!H53) -> 0 | L9: =IF('Depositos CTS'!$B53="SI",'Depositos CTS'!I53,'Depositos CTS'!I53) -> 0 | M9: =IF('Depositos CTS'!$B53="SI",'Depositos CTS'!J53,'Depositos CTS'!J53) -> 0 | N9: =IF('Depositos CTS'!$B53="SI",'Depositos CTS'!K53,"01/01/2000") -> 01/01/2000 | O9: =IF('Depositos CTS'!$B53="SI",'Depositos CTS'!L53,"6") -> 6 | P9: =IF('Depositos CTS'!$B53="SI",'Depositos CTS'!M53,"M") -> M | Q9: =IF('Depositos CTS'!$B53="SI",'Depositos CTS'!X53,"04028") -> 04028 | R9: =IF('Depositos CTS'!$B53="SI",'Depositos CTS'!Y53,"0") -> 0 | S9: =IF('Depositos CTS'!$B53="SI",'Depositos CTS'!P53,"X") -> X | T9: =IF('Depositos CTS'!$B53="SI",'Depositos CTS'!AC53,"315012200000") -> 315012200000 | U9: =IF('Depositos CTS'!$B53="SI",'Depositos CTS'!T53,"000000") -> 000000 | V9: =IF('Depositos CTS'!$B53="SI",'Depositos CTS'!U53,"999999999") -> 999999999 | W9: =IF('Depositos CTS'!$B53="SI",'Depositos CTS'!V53,"xxx@xxx.xxx") -> xxx@xxx.xxx | X9: =IF('Depositos CTS'!$B53="SI",'Depositos CTS'!Z53,"147") -> 147 | Y9: =+'Depositos CTS'!AD53 | Z9: =+'Depositos CTS'!AE53
A10: =+'Depositos CTS'!A54 -> 9 | B10: =+'Depositos CTS'!B54 -> 0 | C10: ='Depositos CTS'!C54 -> 0 | D10: ='Depositos CTS'!D54 -> 0 | F10: =+'Depositos CTS'!E54 -> 0 | I10: =+'Depositos CTS'!F54 -> 0 | J10: =IF('Depositos CTS'!$B54="SI",'Depositos CTS'!G54,'Depositos CTS'!G54) -> 0 | K10: =IF('Depositos CTS'!$B54="SI",'Depositos CTS'!H54,'Depositos CTS'!H54) -> 0 | L10: =IF('Depositos CTS'!$B54="SI",'Depositos CTS'!I54,'Depositos CTS'!I54) -> 0 | M10: =IF('Depositos CTS'!$B54="SI",'Depositos CTS'!J54,'Depositos CTS'!J54) -> 0 | N10: =IF('Depositos CTS'!$B54="SI",'Depositos CTS'!K54,"01/01/2000") -> 01/01/2000 | O10: =IF('Depositos CTS'!$B54="SI",'Depositos CTS'!L54,"6") -> 6 | P10: =IF('Depositos CTS'!$B54="SI",'Depositos CTS'!M54,"M") -> M | Q10: =IF('Depositos CTS'!$B54="SI",'Depositos CTS'!X54,"04028") -> 04028 | R10: =IF('Depositos CTS'!$B54="SI",'Depositos CTS'!Y54,"0") -> 0 | S10: =IF('Depositos CTS'!$B54="SI",'Depositos CTS'!P54,"X") -> X | T10: =IF('Depositos CTS'!$B54="SI",'Depositos CTS'!AC54,"315012200000") -> 315012200000 | U10: =IF('Depositos CTS'!$B54="SI",'Depositos CTS'!T54,"000000") -> 000000 | V10: =IF('Depositos CTS'!$B54="SI",'Depositos CTS'!U54,"999999999") -> 999999999 | W10: =IF('Depositos CTS'!$B54="SI",'Depositos CTS'!V54,"xxx@xxx.xxx") -> xxx@xxx.xxx | X10: =IF('Depositos CTS'!$B54="SI",'Depositos CTS'!Z54,"147") -> 147 | Y10: =+'Depositos CTS'!AD54 | Z10: =+'Depositos CTS'!AE54
A11: =+'Depositos CTS'!A55 -> 10 | B11: =+'Depositos CTS'!B55 -> 0 | C11: ='Depositos CTS'!C55 -> 0 | D11: ='Depositos CTS'!D55 -> 0 | F11: =+'Depositos CTS'!E55 -> 0 | I11: =+'Depositos CTS'!F55 -> 0 | J11: =IF('Depositos CTS'!$B55="SI",'Depositos CTS'!G55,'Depositos CTS'!G55) -> 0 | K11: =IF('Depositos CTS'!$B55="SI",'Depositos CTS'!H55,'Depositos CTS'!H55) -> 0 | L11: =IF('Depositos CTS'!$B55="SI",'Depositos CTS'!I55,'Depositos CTS'!I55) -> 0 | M11: =IF('Depositos CTS'!$B55="SI",'Depositos CTS'!J55,'Depositos CTS'!J55) -> 0 | N11: =IF('Depositos CTS'!$B55="SI",'Depositos CTS'!K55,"01/01/2000") -> 01/01/2000 | O11: =IF('Depositos CTS'!$B55="SI",'Depositos CTS'!L55,"6") -> 6 | P11: =IF('Depositos CTS'!$B55="SI",'Depositos CTS'!M55,"M") -> M | Q11: =IF('Depositos CTS'!$B55="SI",'Depositos CTS'!X55,"04028") -> 04028 | R11: =IF('Depositos CTS'!$B55="SI",'Depositos CTS'!Y55,"0") -> 0 | S11: =IF('Depositos CTS'!$B55="SI",'Depositos CTS'!P55,"X") -> X | T11: =IF('Depositos CTS'!$B55="SI",'Depositos CTS'!AC55,"315012200000") -> 315012200000 | U11: =IF('Depositos CTS'!$B55="SI",'Depositos CTS'!T55,"000000") -> 000000 | V11: =IF('Depositos CTS'!$B55="SI",'Depositos CTS'!U55,"999999999") -> 999999999 | W11: =IF('Depositos CTS'!$B55="SI",'Depositos CTS'!V55,"xxx@xxx.xxx") -> xxx@xxx.xxx | X11: =IF('Depositos CTS'!$B55="SI",'Depositos CTS'!Z55,"147") -> 147 | Y11: =+'Depositos CTS'!AD55 | Z11: =+'Depositos CTS'!AE55
A12: =+'Depositos CTS'!A56 -> 11 | B12: =+'Depositos CTS'!B56 -> 0 | C12: ='Depositos CTS'!C56 -> 0 | D12: ='Depositos CTS'!D56 -> 0 | F12: =+'Depositos CTS'!E56 -> 0 | I12: =+'Depositos CTS'!F56 -> 0 | J12: =IF('Depositos CTS'!$B56="SI",'Depositos CTS'!G56,'Depositos CTS'!G56) -> 0 | K12: =IF('Depositos CTS'!$B56="SI",'Depositos CTS'!H56,'Depositos CTS'!H56) -> 0 | L12: =IF('Depositos CTS'!$B56="SI",'Depositos CTS'!I56,'Depositos CTS'!I56) -> 0 | M12: =IF('Depositos CTS'!$B56="SI",'Depositos CTS'!J56,'Depositos CTS'!J56) -> 0 | N12: =IF('Depositos CTS'!$B56="SI",'Depositos CTS'!K56,"01/01/2000") -> 01/01/2000 | O12: =IF('Depositos CTS'!$B56="SI",'Depositos CTS'!L56,"6") -> 6 | P12: =IF('Depositos CTS'!$B56="SI",'Depositos CTS'!M56,"M") -> M | Q12: =IF('Depositos CTS'!$B56="SI",'Depositos CTS'!X56,"04028") -> 04028 | R12: =IF('Depositos CTS'!$B56="SI",'Depositos CTS'!Y56,"0") -> 0 | S12: =IF('Depositos CTS'!$B56="SI",'Depositos CTS'!P56,"X") -> X | T12: =IF('Depositos CTS'!$B56="SI",'Depositos CTS'!AC56,"315012200000") -> 315012200000 | U12: =IF('Depositos CTS'!$B56="SI",'Depositos CTS'!T56,"000000") -> 000000 | V12: =IF('Depositos CTS'!$B56="SI",'Depositos CTS'!U56,"999999999") -> 999999999 | W12: =IF('Depositos CTS'!$B56="SI",'Depositos CTS'!V56,"xxx@xxx.xxx") -> xxx@xxx.xxx | X12: =IF('Depositos CTS'!$B56="SI",'Depositos CTS'!Z56,"147") -> 147 | Y12: =+'Depositos CTS'!AD56 | Z12: =+'Depositos CTS'!AE56
A13: =+'Depositos CTS'!A57 -> 12 | B13: =+'Depositos CTS'!B57 -> 0 | C13: ='Depositos CTS'!C57 -> 0 | D13: ='Depositos CTS'!D57 -> 0 | F13: =+'Depositos CTS'!E57 -> 0 | I13: =+'Depositos CTS'!F57 -> 0 | J13: =IF('Depositos CTS'!$B57="SI",'Depositos CTS'!G57,'Depositos CTS'!G57) -> 0 | K13: =IF('Depositos CTS'!$B57="SI",'Depositos CTS'!H57,'Depositos CTS'!H57) -> 0 | L13: =IF('Depositos CTS'!$B57="SI",'Depositos CTS'!I57,'Depositos CTS'!I57) -> 0 | M13: =IF('Depositos CTS'!$B57="SI",'Depositos CTS'!J57,'Depositos CTS'!J57) -> 0 | N13: =IF('Depositos CTS'!$B57="SI",'Depositos CTS'!K57,"01/01/2000") -> 01/01/2000 | O13: =IF('Depositos CTS'!$B57="SI",'Depositos CTS'!L57,"6") -> 6 | P13: =IF('Depositos CTS'!$B57="SI",'Depositos CTS'!M57,"M") -> M | Q13: =IF('Depositos CTS'!$B57="SI",'Depositos CTS'!X57,"04028") -> 04028 | R13: =IF('Depositos CTS'!$B57="SI",'Depositos CTS'!Y57,"0") -> 0 | S13: =IF('Depositos CTS'!$B57="SI",'Depositos CTS'!P57,"X") -> X | T13: =IF('Depositos CTS'!$B57="SI",'Depositos CTS'!AC57,"315012200000") -> 315012200000 | U13: =IF('Depositos CTS'!$B57="SI",'Depositos CTS'!T57,"000000") -> 000000 | V13: =IF('Depositos CTS'!$B57="SI",'Depositos CTS'!U57,"999999999") -> 999999999 | W13: =IF('Depositos CTS'!$B57="SI",'Depositos CTS'!V57,"xxx@xxx.xxx") -> xxx@xxx.xxx | X13: =IF('Depositos CTS'!$B57="SI",'Depositos CTS'!Z57,"147") -> 147 | Y13: =+'Depositos CTS'!AD57 | Z13: =+'Depositos CTS'!AE57
... A156: =+'Depositos CTS'!A200 -> 155 | B156: =+'Depositos CTS'!B200 -> 0 | C156: ='Depositos CTS'!C200 -> 0 | D156: ='Depositos CTS'!D200 -> 0 | F156: =+'Depositos CTS'!E200 -> 0 | I156: =+'Depositos CTS'!F200 -> 0 | J156: =IF('Depositos CTS'!$B200="SI",'Depositos CTS'!G200,'Depositos CTS'!G200) -> 0 | K156: =IF('Depositos CTS'!$B200="SI",'Depositos CTS'!H200,'Depositos CTS'!H200) -> 0 | L156: =IF('Depositos CTS'!$B200="SI",'Depositos CTS'!I200,'Depositos CTS'!I200) -> 0 | M156: =IF('Depositos CTS'!$B200="SI",'Depositos CTS'!J200,'Depositos CTS'!J200) -> 0 | N156: =IF('Depositos CTS'!$B200="SI",'Depositos CTS'!K200,"01/01/2000") -> 01/01/2000 | O156: =IF('Depositos CTS'!$B200="SI",'Depositos CTS'!L200,"6") -> 6 | P156: =IF('Depositos CTS'!$B200="SI",'Depositos CTS'!M200,"M") -> M | Q156: =IF('Depositos CTS'!$B200="SI",'Depositos CTS'!X200,"04028") -> 04028 | R156: =IF('Depositos CTS'!$B200="SI",'Depositos CTS'!Y200,"0") -> 0 | S156: =IF('Depositos CTS'!$B200="SI",'Depositos CTS'!P200,"X") -> X | T156: =IF('Depositos CTS'!$B200="SI",'Depositos CTS'!AC200,"315012200000") -> 315012200000 | U156: =IF('Depositos CTS'!$B200="SI",'Depositos CTS'!T200,"000000") -> 000000 | V156: =IF('Depositos CTS'!$B200="SI",'Depositos CTS'!U200,"999999999") -> 999999999 | W156: =IF('Depositos CTS'!$B200="SI",'Depositos CTS'!V200,"xxx@xxx.xxx") -> xxx@xxx.xxx | X156: =IF('Depositos CTS'!$B200="SI",'Depositos CTS'!Z200,"147") -> 147 | Y156: =+'Depositos CTS'!AD200 | Z156: =+'Depositos CTS'!AE200

Sheet Listas
A1: Nacionalidad | C1: PROFESION | K1: PAIS | N1: PROFESION
A2: PERU | C2: ABOGADO | K2: ISLAS SVALBARD Y JAN MAYEN | L2: 06052 | N2: ABOGADO | O2: 1 | Q2: EXTRANJERO | R2: 1
A3: AFGHANISTAN | C3: ACTOR, ACTRIZ, ARTISTA, DIRECTOR DE ESPECTÁCULOS, | K3: JERSEY | L3: 06053 | N3: ACTOR, ACTRIZ, ARTISTA, DIRECTOR DE ESPECTÁCULOS, | O3: 2 | Q3: PERU | R3: 0
A4: ALAND | C4: ACTUARIO | K4: LATVIA | L4: 06054 | N4: ACTUARIO | O4: 3
A5: ALBANIA | C5: ADMINISTRADOR DE EMPRESAS | K5: REPUBLICA CHECA | L5: 06055 | N5: ADMINISTRADOR DE EMPRESAS | O5: 4
A6: ALEMANIA | C6: ADUANERO/AGENTE DE ADUANAS/INSPECTORES DE FRONTERA | K6: REPUBLICA DE CROACIA | L6: 06056 | N6: ADUANERO/AGENTE DE ADUANAS/INSPECTORES DE FRONTERA | O6: 5
A7: ANDORRA | C7: AEROMOZO/ AZAFATA | K7: TERR. OCUPADO DE PALESTINA | L7: 06057 | N7: AEROMOZO/ AZAFATA | O7: 6
A8: ANGOLA | C8: AGENTE / INTERMEDIARIO / CORREDOR INMOBILIARIO | K8: ANTILLAS HOLANDESAS | L8: 07014 | N8: AGENTE / INTERMEDIARIO / CORREDOR INMOBILIARIO | O8: 7
A9: ANGUILLA | C9: AGENTE DE BOLSA | K9: ISLA NORFOLK | L9: 07015 | N9: AGENTE DE BOLSA | O9: 8
A10: ANTARTIDA | C10: AGENTE DE INMIGRACIÓN/MIGRACIÓN | K10: ISLAS COCOS | L10: 07016 | N10: AGENTE DE INMIGRACIÓN/MIGRACIÓN | O10: 9
A11: ANTIGUA Y BARBUDA | C11: AGENTE DE TURISMO/VIAJES | K11: ISLAS COOK | L11: 07017 | N11: AGENTE DE TURISMO/VIAJES | O11: 10
A12: ANTILLAS HOLANDESAS | C12: AGENTE/INTERMEDIARIO/CORREDOR DE SEGUROS | K12: ISLAS HEARD Y MCDONALD | L12: 07018 | N12: AGENTE/INTERMEDIARIO/CORREDOR DE SEGUROS | O12: 11
A13: ARABIA SAUDITA | C13: AGRICULTOR, AGRÓNOMO, AGRÓLOGO, ARBORICULTOR, AG | K13: ISLAS MARIANA DEL NORTE | L13: 07019 | N13: AGRICULTOR, AGRÓNOMO, AGRÓLOGO, ARBORICULTOR, AG | O13: 12
A14: ARGELIA | C14: ALBAÑIL, OBRERO DE CONSTRUCCIÓN | K14: ISLAS MIDWAY | L14: 07020 | N14: ALBAÑIL, OBRERO DE CONSTRUCCIÓN | O14: 13
A15: ARGENTINA | C15: AMA DE CASA | K15: ISLAS PITCAIRN | L15: 07021 | N15: AMA DE CASA | O15: 14
... A143: LETONIA | C143: ZAPATERO | K143: NIGERIA | L143: 03034 | N143: MODELO | O143: 145
A144: LIBANO | K144: REPUBLICA CENTROAFRICANA | L144: 03035
A145: LIBERIA | K145: RWANDA | L145: 03036
A146: LIBIA | K146: SANTO TOME Y PRINCIPE | L146: 03037
A147: LIECHTENSTEIN | K147: SENEGAL | L147: 03038
A148: LITUANIA | K148: SEYCHELLES | L148: 03039
A149: LUXEMBURGO | K149: SIERRA LEONA | L149: 03040
A150: MACAO | K150: SOMALIA | L150: 03041
A151: MACEDONIA | K151: SWAZILANDIA | L151: 03042
A152: MADAGASCAR | K152: SUDAFRICA | L152: 03043
A153: MALASIA | K153: SUDAN | L153: 03044
A154: MALAWI | K154: TANZANIA | L154: 03045
A155: MALDIVES | K155: TOGO | L155: 03046
... A251: ZIMBABWE | K251: TERR. BRITANICO DEL O. INDICO | L251: 05053
K252: TIMOR ORIENTAL | L252: 05054
K253: ALAND | L253: 06045
K254: ESLOVAKIA | L254: 06046
K255: GIBRALTAR | L255: 06047
K256: GUERNSEY | L256: 06048
K257: ISLA DE MAN | L257: 06049
K258: ISLAS FAEROE | L258: 06050
K259: ISLAS GEORGIAS DEL SUR | L259: 06051

Sheet Lista Dpto Prov Dist
A1: DEPARTAMENTO | B1: AMAZONAS | C1: ANCASH | D1: APURIMAC | E1: AREQUIPA | F1: AYACUCHO | G1: CAJAMARCA | H1: CALLAO | I1: CUSCO | J1: HUANCAVELICA | K1: HUANUCO | L1: ICA | M1: JUNIN | N1: LA_LIBERTAD | O1: LAMBAYEQUE | P1: LIMA | Q1: LORETO | R1: MADRE_DE_DIOS | S1: MOQUEGUA | T1: PASCO | U1: PIURA | V1: PUNO | W1: SAN_MARTIN | X1: TACNA | Y1: TUMBES | Z1: UCAYALI
A2: AMAZONAS | B2: BAGUA | C2: AIJA | D2: ABANCAY | E2: AREQUIPA_ | F2: CANGALLO | G2: CAJABAMBA | H2: CALLAO_ | I2: ACOMAYO | J2: ACOBAMBA | K2: AMBO | L2: CHINCHA | M2: CHANCHAMAYO | N2: ASCOPE | O2: CHICLAYO | P2: BARRANCA | Q2: ALTO_AMAZONAS | R2: MANU | S2: GENERAL_SANCHEZ_CERRO | T2: DANIEL_ALCIDES_CARRION | U2: AYABACA | V2: AZANGARO | W2: BELLAVISTA | X2: CANDARAVE | Y2: CONTRALMIRANTE_VILLAR | Z2: ATALAYA
A3: ANCASH | B3: BONGARA | C3: ANTONIO_RAYMONDI | D3: ANDAHUAYLAS | E3: CAMANA | F3: HUAMANGA | G3: CAJAMARCA_ | I3: ANTA | J3: ANGARAES | K3: DOS_DE_MAYO | L3: ICA_ | M3: CHUPACA | N3: BOLIVAR | O3: FERREÑAFE | P3: CAJATAMBO | Q3: DATEM_DEL_MARAÑON | R3: TAHUAMANU | S3: ILO | T3: OXAPAMPA | U3: HUANCABAMBA | V3: CARABAYA | W3: EL_DORADO | X3: JORGE_BASADRE | Y3: TUMBES_ | Z3: CORONEL_PORTILLO
A4: APURIMAC | B4: CHACHAPOYAS | C4: ASUNCION | D4: ANTABAMBA | E4: CARAVELI | F4: HUANCA_SANCOS | G4: CELENDIN | I4: CALCA | J4: CASTROVIRREYNA | K4: HUACAYBAMBA | L4: NAZCA | M4: CONCEPCION | N4: CHEPEN | O4: LAMBAYEQUE_ | P4: CANTA | Q4: LORETO_ | R4: TAMBOPATA | S4: MARISCAL_NIETO | T4: PASCO_ | U4: MORROPON | V4: CHUCUITO | W4: HUALLAGA | X4: TACNA_ | Y4: ZARUMILLA | Z4: PADRE_ABAD
A5: AREQUIPA | B5: CONDORCANQUI | C5: BOLOGNESI | D5: AYMARAES | E5: CASTILLA | F5: HUANTA | G5: CHOTA | I5: CANAS | J5: CHURCAMPA | K5: HUAMALIES | L5: PALPA | M5: HUANCAYO | N5: GRAN_CHIMU | P5: CAÑETE | Q5: MARISCAL_RAMON_CASTILLA | U5: PAITA | V5: EL_COLLAO | W5: LAMAS | X5: TARATA | Z5: PURUS
A6: AYACUCHO | B6: LUYA | C6: CARHUAZ | D6: CHINCHEROS | E6: CAYLLOMA | F6: LA_MAR | G6: CONTUMAZA | I6: CANCHIS | J6: HUANCAVELICA | K6: HUANUCO_ | L6: PISCO | M6: JAUJA | N6: JULCAN | P6: HUARAL | Q6: MAYNAS | U6: PIURA_ | V6: HUANCANE | W6: MARISCAL_CACERES
A7: CAJAMARCA | B7: RODRIGUEZ_DE_MENDOZA | C7: CARLOS_FERMIN_FITZCARRALD | D7: COTABAMBAS | E7: CONDESUYOS | F7: LUCANAS | G7: CUTERVO | I7: CHUMBIVILCAS | J7: HUAYTARA | K7: LAURICOCHA | M7: JUNIN_ | N7: OTUZCO | P7: HUAROCHIRI | Q7: PUTUMAYO | U7: SECHURA | V7: LAMPA | W7: MOYOBAMBA
A8: CALLAO | B8: UTCUBAMBA | C8: CASMA | D8: GRAU | E8: ISLAY | F8: PARINACOCHAS | G8: HUALGAYOC | I8: CUSCO_ | J8: TAYACAJA | K8: LEONCIO_PRADO | M8: SATIPO | N8: PACASMAYO | P8: HUAURA | Q8: REQUENA | U8: SULLANA | V8: MELGAR | W8: PICOTA
A9: CUSCO | C9: CORONGO | E9: LA_UNION | F9: PAUCAR_DEL_SARA_SARA | G9: JAEN | I9: ESPINAR | K9: MARAÑON | M9: TARMA | N9: PATAZ | P9: LIMA_ | Q9: UCAYALI_ | U9: TALARA | V9: MOHO | W9: RIOJA
A10: HUANCAVELICA | C10: HUARAZ | F10: SUCRE | G10: SAN_IGNACIO | I10: LA_CONVENCION | K10: PACHITEA | M10: YAULI | N10: SANCHEZ_CARRION | P10: OYON | V10: PUNO_ | W10: SAN_MARTIN_
A11: HUANUCO | C11: HUARI | F11: VICTOR_FAJARDO | G11: SAN_MARCOS | I11: PARURO | K11: PUERTO_INCA | N11: SANTIAGO_DE_CHUCO | P11: YAUYOS | V11: SAN_ANTONIO_DE_PUTINA | W11: TOCACHE
A12: ICA | C12: HUARMEY | F12: VILCAS_HUAMAN | G12: SAN_MIGUEL | I12: PAUCARTAMBO | K12: YAROWILCA | N12: TRUJILLO | V12: SAN_ROMAN
A13: JUNIN | C13: HUAYLAS | G13: SAN_PABLO | I13: QUISPICANCHI | N13: VIRU | V13: SANDIA
A14: LA_LIBERTAD | C14: MARISCAL_LUZURIAGA | G14: SANTA_CRUZ | I14: URUBAMBA | V14: YUNGUYO
A15: LAMBAYEQUE | C15: OCROS
A16: LIMA | C16: PALLASCA
A17: LORETO | C17: POMABAMBA
A18: MADRE_DE_DIOS | C18: RECUAY
A19: MOQUEGUA | C19: SANTA
A20: PASCO | C20: SIHUAS
A21: PIURA | C21: YUNGAY
A22: PUNO
A23: SAN_MARTIN
A24: TACNA
A25: TUMBES
A26: UCAYALI
A34: 1 | B34: 2 | C34: 3 | D34: 4 | E34: 5 | F34: 6 | G34: 7 | H34: 8 | I34: 9 | J34: 10 | K34: 11 | L34: 12 | M34: 13 | N34: 14 | O34: 15 | P34: 16 | Q34: 17 | R34: 18 | S34: 19 | T34: 20 | U34: 21 | V34: 22 | W34: 23 | X34: 24 | Y34: 25 | Z34: 26 | AA34: 27 | AB34: 28 | AC34: 29 | AD34: 30 | AE34: 31 | AF34: 32 | AG34: 33 | AH34: 34 | AI34: 35 | AJ34: 36 | AK34: 37 | AL34: 38 | AM34: 39 | AN34: 40 | AO34: 41 | AP34: 42 | AQ34: 43 | AR34: 44 | AS34: 45 | AT34: 46 | AU34: 47 | AV34: 48 | AW34: 49 | AX34: 50 | AY34: 51 | AZ34: 52 | BA34: 53 | BB34: 54 | BC34: 55 | BD34: 56 | BE34: 57 | BF34: 58 | BG34: 59 | BH34: 60 | BI34: 61 | BJ34: 62 | BK34: 63 | BL34: 64 | BM34: 65 | BN34: 66 | BO34: 67 | BP34: 68 | BQ34: 69 | BR34: 70 | BS34: 71 | BT34: 72 | BU34: 73 | BV34: 74 | BW34: 75 | BX34: 76 | BY34: 77 | BZ34: 78 | CA34: 79 | CB34: 80 | CC34: 81 | CD34: 82 | CE34: 83 | CF34: 84 | CG34: 85 | CH34: 86 | CI34: 87 | CJ34: 88 | CK34: 89 | CL34: 90 | CM34: 91 | CN34: 92 | CO34: 93 | CP34: 94 | CQ34: 95 | CR34: 96 | CS34: 97 | CT34: 98 | CU34: 99 | CV34: 100 | CW34: 101 | CX34: 102 | CY34: 103 | CZ34: 104 | DA34: 105 | DB34: 106 | DC34: 107 | DD34: 108 | DE34: 109 | DF34: 110 | DG34: 111 | DH34: 112 | DI34: 113 | DJ34: 114 | DK34: 115 | DL34: 116 | DM34: 117 | DN34: 118 | DO34: 119 | DP34: 120 | DQ34: 121 | DR34: 122 | DS34: 123 | DT34: 124 | DU34: 125 | DV34: 126 | DW34: 127 | DX34: 128 | DY34: 129 | DZ34: 130 | EA34: 131 | EB34: 132 | EC34: 133 | ED34: 134 | EE34: 135 | EF34: 136 | EG34: 137 | EH34: 138 | EI34: 139 | EJ34: 140 | EK34: 141 | EL34: 142 | EM34: 143 | EN34: 144 | EO34: 145 | EP34: 146 | EQ34: 147 | ER34: 148 | ES34: 149 | ET34: 150 | EU34: 151 | EV34: 152 | EW34: 153 | EX34: 154 | EY34: 155 | EZ34: 156 | FA34: 157 | FB34: 158 | FC34: 159 | FD34: 160 | FE34: 161 | FF34: 162 | FG34: 163 | FH34: 164 | FI34: 165 | FJ34: 166 | FK34: 167 | FL34: 168 | FM34: 169 | FN34: 170 | FO34: 171 | FP34: 172 | FQ34: 173 | FR34: 174 | FS34: 175 | FT34: 176 | FU34: 177 | FV34: 178 | FW34: 179 | FX34: 180 | FY34: 181 | FZ34: 182 | GA34: 183 | GB34: 184 | GC34: 185 | GD34: 186 | GE34: 187 | GF34: 188 | GG34: 189 | GH34: 190 | GI34: 191 | GJ34: 192 | GK34: 193 | GL34: 194 | GM34: 195 | GN34: 196
A35: ABANCAY | B35: ACOBAMBA | C35: ACOMAYO | D35: AIJA | E35: ALTO_AMAZONAS | F35: AMBO | G35: ANDAHUAYLAS | H35: ANGARAES | I35: ANTA | J35: ANTABAMBA | K35: ANTONIO_RAYMONDI | L35: AREQUIPA_ | M35: ASCOPE | N35: ASUNCION | O35: ATALAYA | P35: AYABACA | Q35: AYMARAES | R35: AZANGARO | S35: BAGUA | T35: BARRANCA | U35: BELLAVISTA | V35: BOLIVAR | W35: BOLOGNESI | X35: BONGARA | Y35: CAJABAMBA | Z35: CAJAMARCA_ | AA35: CAJATAMBO | AB35: CALCA | AC35: CALLAO_ | AD35: CAMANA | AE35: CANAS | AF35: CANCHIS | AG35: CANDARAVE | AH35: CANGALLO | AI35: CANTA | AJ35: CAÑETE | AK35: CARABAYA | AL35: CARAVELI | AM35: CARHUAZ | AN35: CARLOS_FERMIN_FITZCARRALD | AO35: CASMA | AP35: CASTILLA | AQ35: CASTROVIRREYNA | AR35: CAYLLOMA | AS35: CELENDIN | AT35: CHACHAPOYAS | AU35: CHANCHAMAYO | AV35: CHEPEN | AW35: CHICLAYO | AX35: CHINCHA | AY35: CHINCHEROS | AZ35: CHOTA | BA35: CHUCUITO | BB35: CHUMBIVILCAS | BC35: CHUPACA | BD35: CHURCAMPA | BE35: CONCEPCION | BF35: CONDESUYOS | BG35: CONDORCANQUI | BH35: CONTRALMIRANTE_VILLAR | BI35: CONTUMAZA | BJ35: CORONEL_PORTILLO | BK35: CORONGO | BL35: COTABAMBAS | BM35: CUSCO_ | BN35: CUTERVO | BO35: DANIEL_ALCIDES_CARRION | BP35: DATEM_DEL_MARAÑON | BQ35: DOS_DE_MAYO | BR35: EL_COLLAO | BS35: EL_DORADO | BT35: ESPINAR | BU35: FERREÑAFE | BV35: GENERAL_SANCHEZ_CERRO | BW35: GRAN_CHIMU | BX35: GRAU | BY35: HUACAYBAMBA | BZ35: HUALGAYOC | CA35: HUALLAGA | CB35: HUAMALIES | CC35: HUAMANGA | CD35: HUANCA_SANCOS | CE35: HUANCABAMBA | CF35: HUANCANE | CG35: HUANCAVELICA | CH35: HUANCAYO | CI35: HUANTA | CJ35: HUANUCO_ | CK35: HUARAL | CL35: HUARAZ | CM35: HUARI | CN35: HUARMEY | CO35: HUAROCHIRI | CP35: HUAURA | CQ35: HUAYLAS | CR35: HUAYTARA | CS35: ICA_ | CT35: ILO | CU35: ISLAY | CV35: JAEN | CW35: JAUJA | CX35: JORGE_BASADRE | CY35: JULCAN | CZ35: JUNIN_ | DA35: LA_CONVENCION | DB35: LA_MAR | DC35: LA_UNION | DD35: LAMAS | DE35: LAMBAYEQUE_ | DF35: LAMPA | DG35: LAURICOCHA | DH35: LEONCIO | DI35: LIMA_ | DJ35: LORETO_ | DK35: LUCANAS | DL35: LUYA | DM35: MANU | DN35: MARAÑON | DO35: MARISCAL_CACERES | DP35: MARISCAL_LUZURIAGA | DQ35: MARISCAL_NIETO | DR35: MARISCAL_RAMON_CASTILLA | DS35: MAYNAS | DT35: MELGAR | DU35: MOHO | DV35: MORROPON | DW35: MOYOBAMBA | DX35: NAZCA | DY35: OCROS | DZ35: OTUZCO | EA35: OXAPAMPA | EB35: OYON | EC35: PACASMAYO | ED35: PACHITEA | EE35: PADRE_ABAD | EF35: PAITA | EG35: PALLASCA | EH35: PALPA | EI35: PARINACOCHAS | EJ35: PARURO | EK35: PASCO_ | EL35: PATAZ | EM35: PAUCAR_DEL_SARA_SARA | EN35: PAUCARTAMBO | EO35: PICOTA | EP35: PISCO | EQ35: PIURA_ | ER35: POMABAMBA | ES35: PUERTO_INCA | ET35: PUNO_ | EU35: PURUS | EV35: PUTUMAYO | EW35: QUISPICANCHI | EX35: RECUAY | EY35: REQUENA | EZ35: RIOJA | FA35: RODRIGUEZ_DE_MENDOZA | FB35: SAN_ANTONIO_DE_PUTINA | FC35: SAN_IGNACIO | FD35: SAN_MARCOS | FE35: SAN_MARTIN_ | FF35: SAN_MIGUEL | FG35: SAN_PABLO | FH35: SAN_ROMAN | FI35: SANCHEZ_CARRION | FJ35: SANDIA | FK35: SANTA | FL35: SANTA_CRUZ | FM35: SANTIAGO_DE_CHUCO | FN35: SATIPO | FO35: SECHURA | FP35: SIHUAS | FQ35: SUCRE | FR35: SULLANA | FS35: TACNA_ | FT35: TAHUAMANU | FU35: TALARA | FV35: TAMBOPATA | FW35: TARATA | FX35: TARMA | FY35: TAYACAJA | FZ35: TOCACHE | GA35: TRUJILLO | GB35: TUMBES_ | GC35: UCAYALI_ | GD35: URUBAMBA | GE35: UTCUBAMBA | GF35: VICTOR_FAJARDO | GG35: VILCAS | GH35: VIRU | GI35: YAROWILCA | GJ35: YAULI | GK35: YAUYOS | GL35: YUNGAY | GM35: YUNGUYO | GN35: ZARUMILLA
A36: ABANCAY | B36: ACOBAMBA | C36: ACOPIA | D36: AIJA | E36: BALSAPUERTO | F36: AMBO | G36: ANDAHUAYLAS | H36: LIRCAY | I36: ANCHONGA | J36: ANTABAMBA | K36: ACZO | L36: ALTO_SELVA_ALEGRE | M36: ASCOPE | N36: ACOCHACA | O36: RAYMONDI | P36: AYABACA | Q36: CAPAYA | R36: ACHAYA | S36: ARAMANGO | T36: BARRANCA | U36: ALTO_BIAVO | V36: BAMBAMARCA | W36: ABELARDO_PARDO_LEZAMETA | X36: CHISQUILLA | Y36: CACHACHI | Z36: ASUNCION | AA36: CAJATAMBO | AB36: CALCA | AC36: BELLAVISTA | AD36: CAMANA | AE36: CHECCA | AF36: CHECACUPE | AG36: CAIRANI | AH36: CANGALLO | AI36: ARAHUAY | AJ36: ASIA | AK36: AJOYANI | AL36: ACARI | AM36: ACOPAMPA | AN36: SAN_LUIS | AO36: BUENA_VISTA_ALTA | AP36: ANDAGUA | AQ36: ARMA | AR36: ACHOMA | AS36: CELENDIN | AT36: ASUNCION | AU36: CHANCHAMAYO | AV36: CHEPEN | AW36: CAYALTI | AX36: ALTO_LARAN | AY36: ANCO_HUALLO | AZ36: ANGUIA | BA36: DESAGUADERO | BB36: CAPACMARCA | BC36: AHUAC | BD36: ANCO | BE36: ACO | BF36: ANDARAY | BG36: EL_CENEPA | BH36: CANOAS_DE_PUNTA_SA | BI36: CHILETE | BJ36: CALLERIA | BK36: ACO | BL36: CHALLHUAHUACHO | BM36: CCORCA | BN36: CALLAYUC | BO36: CHACAYAN | BP36: ANDOA | BQ36: CHUQUIS | BR36: CAPAZO | BS36: AGUA_BLANCA | BT36: ALTO_PICHIGUA | BU36: CAÑARIS | BV36: CHOJATA | BW36: CASCAS | BX36: CHUQUIBAMBILLA | BY36: CANCHABAMBA | BZ36: BAMBAMARCA | CA36: ALTO_SAPOSOA | CB36: ARANCAY | CC36: ACOCRO | CD36: CARAPO | CE36: CANCHAQUE | CF36: COJATA | CG36: ACOBAMBILLA | CH36: CARHUACALLANGA | CI36: AYAHUANCO | CJ36: AMARILIS | CK36: ATAVILLOS_ALTO | CL36: COCHABAMBA | CM36: ANRA | CN36: COCHAPETI | CO36: ANTIOQUIA | CP36: AMBAR | CQ36: CARAZ | CR36: AYAVI | CS36: ICA | CT36: EL_ALGARROBAL | CU36: COCACHACRA | CV36: BELLAVISTA | CW36: ACOLLA | CX36: ILABAYA | CY36: CALAMARCA | CZ36: CARHUAMAYO | DA36: ECHARATE | DB36: ANCHIHUA | DC36: ALCA | DD36: ALONSO_DE_ALVARADO | DE36: CHOCHOPE | DF36: CABANILLA | DG36: BAÑOS | DH36: DANIEL_ALOMIA_ROBLES | DI36: ANCON | DJ36: NAUTA | DK36: AUCARA | DL36: CAMPORREDONDO | DM36: FITZCARRALD | DN36: CHOLON | DO36: CAMPANILLA | DP36: CASCA | DQ36: CARUMAS | DR36: PEBAS | DS36: ALTO_NANAY | DT36: ANTAUTA | DU36: CONIMA | DV36: BUENOS_AIRES | DW36: CALZADA | DX36: CHANGUILLO | DY36: ACAS | DZ36: AGALLPAMPA | EA36: CHONTABAMBA | EB36: ANDAJES | EC36: GUADALUPE | ED36: CHAGLLA | EE36: ALEXANDER_VON_HUMBOLD | EF36: AMOTAPE | EG36: BOLOGNESI | EH36: LLIPATA | EI36: CHUMPI | EJ36: ACCHA | EK36: CHAUPIMARCA | EL36: BULDIBUYO | EM36: COLTA | EN36: CAICAY | EO36: BUENOS_AIRES | EP36: HUANCANO | EQ36: CASTILLA | ER36: HUAYLLAN | ES36: CODO_DEL_POZUZO | ET36: ACORA | EU36: PURUS | EV36: PUTUMAY | EW36: ANDAHUAYLILLAS | EX36: CATAC | EY36: ALTO_TAPICHE | EZ36: AWAJUN | FA36: CHIRIMOTO | FB36: ANANEA | FC36: CHIRINOS | FD36: CHANCAY | FE36: ALBERTO_LEVEAU | FF36: BOLIVAR | FG36: SAN_BERNARDINO | FH36: CABANA | FI36: CHUGAY | FJ36: ALTO_INAMBARI | FK36: CACERES_DEL_PERU | FL36: ANDABAMBA | FM36: ANGASMARCA | FN36: COVIRIALI | FO36: BELLAVISTA_DE_LA_UNION | FP36: ACOBAMBA | FQ36: BELEN | FR36: BELLAVISTA | FS36: ALTO_DE_LA_ALIANZA | FT36: IBERIA | FU36: EL_ALTO | FV36: INAMBARI | FW36: CHUCATAMANI | FX36: ACOBAMBA | FY36: ACOSTAMBO | FZ36: NUEVO_PROGRESO | GA36: EL_PORVENIR | GB36: CORRALES | GC36: CONTAMANA | GD36: CHINCHERO | GE36: BAGUA_GRANDE | GF36: ALCAMENCA | GG36: ACCOMARCA | GH36: CHAO | GI36: APARICIO_POMARES | GJ36: CHACAPALPA | GK36: ALIS | GL36: CASCAPARA | GM36: ANAPIA | GN36: AGUAS_VERDES
A37: CHACOCHE | B37: ANDABAMBA | C37: ACOS | D37: CORIS | E37: BARRANCA | F37: CAYNA | G37: ANDARAPA | H37: ANCHONGA | I37: CALLANMARCA | J37: EL_ORO | K37: CHACCHO | L37: AREQUIPA | M37: CASA_GRANDE | N37: CHACAS | O37: SEPAHUA | P37: FRIAS | Q37: CARAYBAMBA | R37: ARAPA | S37: BAGUA | T37: PARAMONGA | U37: BAJO_BIAVO | V37: BOLIVAR | W37: ANTONIO_RAYMONDI | X37: CHURUJA | Y37: CAJABAMBA | Z37: CAJAMARCA | AA37: COPA | AB37: COYA | AC37: CALLAO | AD37: JOSE_MARIA_QUIMPER | AE37: KUNTURKANKI | AF37: COMBAPATA | AG37: CAMILACA | AH37: CHUSCHI | AI37: CANTA | AJ37: CALANGO | AK37: AYAPATA | AL37: ATICO | AM37: AMASHCA | AN37: SAN_NICOLAS | AO37: CASMA | AP37: APLAO | AQ37: AURAHUA | AR37: CABANACONDE | AS37: CHUMUCH | AT37: BALSAS | AU37: PERENE | AV37: PACANGA | AW37: CHICLAYO | AX37: CHAVIN | AY37: CHINCHEROS | AZ37: CHADIN | BA37: HUACULLANI | BB37: CHAMACA | BC37: CHONGOS_BAJO | BD37: CHINCHIHUASI | BE37: ANDAMARCA | BF37: CAYARANI | BG37: NIEVA | BH37: CASITAS | BI37: CONTUMAZA | BJ37: CAMPOVERDE | BK37: BAMBAS | BL37: COTABAMBAS | BM37: CUSCO | BN37: CHOROS | BO37: GOYLLARISQUIZGA | BP37: BARRANCA_DATEM_DEL_MARAÑON | BQ37: LA_UNION | BR37: CONDURIRI | BS37: SAN_JOSE_DE_SISA | BT37: CONDOROMA | BU37: FERREÑAFE | BV37: COALAQUE | BW37: LUCMA | BX37: CURASCO | BY37: COCHABAMBA | BZ37: CHUGUR | CA37: EL_ESLABON | CB37: CHAVIN_DE_PARIARCA | CC37: ACOS_VINCHOS | CD37: SACSAMARCA | CE37: EL_CARMEN_DE_LA_FRONTERA | CF37: HUANCANE | CG37: ACORIA | CH37: CHACAPAMPA | CI37: CANAYR | CJ37: CHINCHAO | CK37: ATAVILLOS_BAJO | CL37: COLCABAMBA | CM37: CAJAY | CN37: CULEBRAS | CO37: CALLAHUANCA | CP37: CALETA_DE_CARQUIN | CQ37: HUALLANCA | CR37: CORDOVA | CS37: LA_TINGUIÑA | CT37: ILO | CU37: DEAN_VALDIVIA | CV37: CHONTALI | CW37: APATA | CX37: ITE | CY37: CARABAMBA | CZ37: JUNIN | DA37: HUAYOPATA | DB37: ANCO | DC37: CHARCANA | DD37: BARRANQUITA | DE37: ILLIMO | DF37: CALAPUJA | DG37: JESUS | DH37: HERMILIO_VALDIZAN | DI37: ATE | DJ37: PARINARI | DK37: CABANA | DL37: COCABAMBA | DM37: HUEPETUHE | DN37: HUACRACHUCO | DO37: HUICUNGO | DP37: ELEAZAR_GUZMAN_BARRON | DQ37: CUCHUMBAYA | DR37: RAMON_CASTILLA | DS37: BELEN | DT37: AYAVIRI | DU37: HUAYRAPATA | DV37: CHALACO | DW37: HABANA | DX37: EL_INGENIO | DY37: CAJAMARQUILLA | DZ37: CHARAT | EA37: CONSTITUCIO | EB37: CAUJUL | EC37: JEQUETEPEQUE | ED37: MOLINO | EE37: CURIMANA | EF37: ARENAL | EG37: CABANA | EH37: PALPA | EI37: CORACORA | EJ37: CCAPI | EK37: HUACHON | EL37: CHILLIA | EM37: CORCULLA | EN37: CHALLABAMBA | EO37: CASPISAPA | EP37: HUMAY | EQ37: CATACAOS | ER37: PAROBAMBA | ES37: HONORIA | ET37: AMANTANI | EV37: ROSA_PANDUR | EW37: CAMANTI | EX37: COTAPARACO | EY37: CAPELO | EZ37: ELIAS_SOPLIN_VARGAS | FA37: COCHAMAL | FB37: PEDRO_VILCA_APAZA | FC37: HUARANGO | FD37: EDUARDO_VILLANUEVA | FE37: CACATACHI | FF37: CALQUIS | FG37: SAN_LUIS | FH37: CABANILLAS | FI37: COCHORCO | FJ37: CUYOCUYO | FK37: CHIMBOTE | FL37: CATACHE | FM37: CACHICADAN | FN37: LLAYLLA | FO37: BERNAL | FP37: ALFONSO_UGARTE | FQ37: CHALCOS | FR37: IGNACIO_ESCUDERO | FS37: CALANA | FT37: IÑAPARI | FU37: LA_BREA | FV37: LABERINTO | FW37: ESTIQUE | FX37: HUARICOLCA | FY37: ACRAQUIA | FZ37: POLVORA | GA37: FLORENCIA_DE_MORA | GB37: LA_CRUZ | GC37: INAHUAYA | GD37: HUAYLLABAMBA | GE37: CAJARURO | GF37: APONGO | GG37: CARHUANCA | GH37: GUADALUPITO | GI37: CAHUAC | GJ37: HUAY_HUAY | GK37: AYAUCA | GL37: MANCOS | GM37: COPANI | GN37: MATAPALO
A38: CIRCA | B38: ANTA | C38: MOSOC_LLACTA | D38: HUACLLAN | E38: CAHUAPANAS | F38: COLPAS | G38: CHIARA | H38: CALLANMARCA | I38: CCOCHACCASA | J38: HUAQUIRCA | K38: CHINGAS | L38: CAYMA | M38: CHICAMA | O38: TAHUANIA | P38: JILILI | Q38: CHALHUANCA | R38: ASILLO | S38: COPALLIN | T38: PATIVILCA | U38: BELLAVISTA | V38: CONDORMARCA | W38: AQUIA | X38: COROSHA | Y38: CONDEBAMBA | Z38: CHETILLA | AA38: GORGOR | AB38: LAMAY | AC38: CARMEN_DE_LA_LEGUA_REYNOSO | AD38: MARIANO_NICOLAS_VALCARCEL | AE38: LANGUI | AF38: MARANGANI | AG38: CANDARAVE | AH38: LOS_MOROCHUCOS | AI38: HUAMANTANGA | AJ38: CERRO_AZUL | AK38: COASA | AL38: ATIQUIPA | AM38: ANTA | AN38: YAUYA | AO38: COMANDANTE_NOEL | AP38: AYO | AQ38: CAPILLAS | AR38: CALLALLI | AS38: CORTEGANA | AT38: CHACHAPOYAS | AU38: PICHANAQUI | AV38: PUEBLO_NUEVO | AW38: CHONGOYAPE | AX38: CHINCHA_ALTA | AY38: COCHARCAS | AZ38: CHALAMARCA | BA38: JULI | BB38: COLQUEMARCA | BC38: CHUPACA | BD38: CHURCAMPA | BE38: CHAMBARA | BF38: CHICHAS | BG38: RIO_SANTIAGO | BH38: ZORRITOS | BI38: CUPISNIQUE | BJ38: IPARIA | BK38: CORONGO | BL38: COYLLURQUI | BM38: POROY | BN38: CUJILLO | BO38: PAUCAR | BP38: CAHUAPANAS | BQ38: MARIAS | BR38: ILAVE | BS38: SAN_MARTIN | BT38: COPORAQUE | BU38: INCAHUASI | BV38: ICHUÑA | BW38: MARMOT | BX38: CURPAHUASI | BY38: HUACAYBAMBA | BZ38: HUALGAYOC | CA38: PISCOYACU | CB38: JACAS_GRANDE | CC38: ANDRES_AVELINO_CACERE | CD38: SANCOS | CE38: HUANCABAMBA | CF38: HUATASANI | CG38: ASCENSION | CH38: CHICCHE | CI38: HUAMANGUILLA | CJ38: CHURUBAMBA | CK38: AUCALLAMA | CL38: HUANCHAY | CM38: CHAVIN_DE_HUANTAR | CN38: HUARMEY | CO38: CARAMPOMA | CP38: CHECRAS | CQ38: HUATA | CR38: HUAYACUNDO_ARMA | CS38: LOS_AQUIJES | CT38: PACOCHA | CU38: ISLAY | CV38: COLASAY | CW38: ATAURA | CX38: LOCUMBA | CY38: HUASO | CZ38: ONDORES | DA38: INKAWAS | DB38: AYNA | DC38: COTAHUASI | DD38: CAYNARACHI | DE38: JAYANCA | DF38: LAMPA | DG38: JIVIA | DH38: JOSE_CRESPO_Y_CASTILLO | DI38: BARRANCO | DJ38: TIGRE | DK38: CARMEN_SALCEDO | DL38: COLCAMAR | DM38: MADRE_DE_DIOS | DN38: SAN_BUENAVENTURA | DO38: JUANJUI | DP38: FIDEL_OLIVAS_ESCUDERO | DQ38: MOQUEGUA | DR38: SAN_PABLO | DS38: FERNANDO_LORES | DT38: CUPI | DU38: MOHO | DV38: CHULUCANAS | DW38: JEPELACIO | DX38: MARCONA | DY38: CARHUAPAMPA | DZ38: HUARANCHAL | EA38: HUANCABAMBA | EB38: COCHAMARCA | EC38: PACASMAYO | ED38: PANAO | EE38: IRAZOLA | EF38: COLAN | EG38: CONCHUCOS | EH38: RIO_GRANDE | EI38: CORONEL_CASTAÑEDA | EJ38: COLCHA | EK38: HUARIACA | EL38: HUANCASPATA | EM38: LAMPA | EN38: COLQUEPATA | EO38: PICOTA | EP38: INDEPENDENCIA | EQ38: CURA_MORI | ER38: POMABAMBA | ES38: PUERTO_INCA | ET38: ATUNCOLLA | EV38: TENIENTE_MANUEL_CLAVER | EW38: CCARHUAYO | EX38: HUAYLLAPAMPA | EY38: EMILIO_SAN_MARTIN | EZ38: NUEVA_CAJAMARCA | FA38: HUAMBO | FB38: PUTINA | FC38: LA_COIPA | FD38: GREGORIO_PITA | FE38: CHAZUTA | FF38: CATILLUC | FG38: SAN_PABLO | FH38: CARACOTO | FI38: CURGOS | FJ38: LIMBANI | FK38: COISHCO | FL38: CHANCAYBAÑOS | FM38: MOLLEBAMBA | FN38: MAZAMARI | FO38: CRISTO_NOS_VALGA | FP38: CASHAPAMPA | FQ38: CHILCAYOC | FR38: LANCONES | FS38: CIUDAD_NUEVA | FT38: TAHUAMANU | FU38: LOBITOS | FV38: LAS_PIEDRAS | FW38: ESTIQUE_PAMPA | FX38: HUASAHUASI | FY38: AHUAYCHA | FZ38: SHUNTE | GA38: HUANCHACO | GB38: PAMPAS_DE_HOSPITAL | GC38: PADRE_MARQUEZ | GD38: MACHUPICCHU | GE38: CUMBA | GF38: ASQUIPATA | GG38: CONCEPCION | GH38: VIRU | GI38: CHACABAMBA | GJ38: LA_OROYA | GK38: AYAVIRI | GL38: MATACOTO | GM38: CUTURAPI | GN38: PAPAYAL
A39: CURAHUASI | B39: CAJA | C39: POMACANCHI | D39: LA_MERCED | E39: JEBEROS | F39: CONCHAMARCA | G39: HUANCARAMA | H39: CCOCHACCASA | I39: CHINCHO | J39: JUAN_ESPINOZA_MEDRANO | K39: LLAMELLIN | L39: CERRO_COLORADO | M39: CHOCOPE | O39: YURUA | P39: LAGUNAS | Q39: CHAPIMARCA | R39: AZANGARO | S39: EL_PARCO | T39: SUPE | U39: HUALLAGA | V39: LONGOTEA | W39: CAJACAY | X39: CUISPES | Y39: SITACOCHA | Z39: COSPAN | AA39: HUANCAPON | AB39: LARES | AC39: LA_PERLA | AD39: MARISCAL_CACERES | AE39: LAYO | AF39: PITUMARCA | AG39: CURIBAYA | AH39: MARIA_PARADO_DE_BELLIDO | AI39: HUAROS | AJ39: CHILCA | AK39: CORANI | AL39: BELLA_UNION | AM39: ATAQUERO | AO39: YAUTAN | AP39: CHACHAS | AQ39: CASTROVIRREYNA | AR39: CAYLLOMA | AS39: HUASMIN | AT39: CHETO | AU39: SAN_LUIS_DE_SHUARO | AW39: ETEN | AX39: CHINCHA_BAJA | AY39: HUACCANA | AZ39: CHIGUIRIP | BA39: KELLUYO | BB39: LIVITACA | BC39: HUACHAC | BD39: COSM | BE39: COCHAS | BF39: CHUQUIBAMBA | BI39: GUZMANGO | BJ39: MANANTA | BK39: CUSCA | BL39: HAQUIRA | BM39: SAN_JERONIMO | BN39: CUTERVO | BO39: SAN_PEDRO_DE_PILLAO | BP39: MANSERICHE | BQ39: PACHAS | BR39: PILCUYO | BS39: SANTA_ROSA | BT39: ESPINAR | BU39: MANUEL_ANTONIO_MESONES_MURO | BV39: LA_CAPILLA | BW39: SAYAPULLO | BX39: GAMARRA | BY39: PINRA | CA39: SACANCHE | CB39: JIRCAN | CC39: AYACUCHO | CD39: SANTIAGO_DE_LUCANAMARCA | CE39: HUARMACA | CF39: INCHUPALLA | CG39: CONAYCA | CH39: CHILCA | CI39: HUANTA | CJ39: HUANUCO | CK39: CHANCAY | CL39: HUARAZ | CM39: HUACACHI | CN39: HUAYAN | CO39: CHICLA | CP39: HUACHO | CQ39: HUAYLAS | CR39: HUAYTARA | CS39: OCUCAJE | CU39: MEJIA | CV39: HUABAL | CW39: CANCHAYLLO | CY39: JULCAN | CZ39: ULCUMAYO | DA39: KIMBIRI | DB39: CHILCAS | DC39: HUAYNACOTAS | DD39: CUÑUMBUQUI | DE39: LAMBAYEQUE | DF39: NICASIO | DG39: QUEROPALCA | DH39: LUYANDO | DI39: BREÑA | DJ39: TROMPETEROS | DK39: CHAVIÑA | DL39: CONILA | DM39: MANU | DO39: PACHIZA | DP39: LLAMA | DQ39: SAMEGUA | DR39: YAVARI | DS39: INDIANA | DT39: LLALLI | DU39: TILALI | DV39: LA_MATANZA | DW39: MOYOBAMBA | DX39: NAZCA | DY39: COCHAS | DZ39: LA_CUESTA | EA39: OXAPAMPA | EB39: NAVAN | EC39: SAN_JOSE | ED39: UMARI | EE39: NESHUY | EF39: LA_HUACA | EG39: HUACASCHUQUE | EH39: SANTA_CRUZ | EI39: PACAPAUSA | EJ39: HUANOQUITE | EK39: HUAYLLAY | EL39: HUAYLILLAS | EM39: MARCABAMBA | EN39: HUANCARANI | EO39: PILLUANA | EP39: PARACAS | EQ39: EL_TALLAN | ER39: QUINUABAMBA | ES39: TOURNAVISTA | ET39: CAPACHICA | EV39: YAGUA | EW39: CCATCA | EX39: LLACLLIN | EY39: JENARO_HERRERA | EZ39: PARDO_MIGUEL | FA39: LIMABAMBA | FB39: QUILCAPUNCU | FC39: NAMBALLE | FD39: ICHOCAN | FE39: CHIPURANA | FF39: EL_PRADO | FG39: TUMBADEN | FH39: JULIACA | FI39: HUAMACHUCO | FJ39: PATAMBUCO | FK39: MACATE | FL39: LA_ESPERANZA | FM39: MOLLEPATA | FN39: MAZAMARI_PANGO | FO39: RINCONADA_LLICUAR | FP39: CHINGALPO | FQ39: HUACAÑA | FR39: MARCAVELICA | FS39: CORONEL_GREGORIO_ALBARRACIN_LANCHIPA | FU39: LOS_ORGANOS | FV39: TAMBOPATA | FW39: SITAJARA | FX39: LA_UNION | FY39: ANDAYMARC | FZ39: TOCACHE | GA39: LA_ESPERANZA | GB39: SAN_JACINTO | GC39: PAMPA_HERMOSA | GD39: MARAS | GE39: EL_MILAGRO | GF39: CANARIA | GG39: HUAMBALPA | GI39: CHAVINILLO | GJ39: MARCAPOMACOCHA | GK39: AZANGARO | GL39: QUILLO | GM39: OLLARAYA | GN39: ZARUMILLA
A40: HUANIPACA | B40: MARCAS | C40: RONDOCAN | D40: SUCCHA | E40: LAGUNAS | F40: HUACAR | G40: HUANCARAY | H40: CHINCHO | I40: CONGALLA | J40: OROPESA | K40: MIRGAS | L40: CHARACATO | M40: MAGDALENA_DE_CAO | P40: MONTERO | Q40: COLCABAMBA | R40: CAMINACA | S40: IMAZA | T40: SUPE_PUERTO | U40: SAN_PABLO | V40: UCHUMARCA | W40: CANIS | X40: FLORIDA | Z40: ENCAÑADA | AA40: MANAS | AB40: PISAC | AC40: LA_PUNTA | AD40: NICOLAS_DE_PIEROLA | AE40: PAMPAMARCA | AF40: SAN_PABLO | AG40: HUANUARA | AH40: PARAS | AI40: LACHAQUI | AJ40: COAYLLO | AK40: CRUCERO | AL40: CAHUACHO | AM40: CARHUAZ | AP40: CHILCAYMARCA | AQ40: CHUPAMARCA | AR40: CHIVAY | AS40: JORGE_CHAVEZ | AT40: CHILIQUIN | AU40: SAN_RAMON | AW40: ETEN_PUERTO | AX40: EL_CARMEN | AY40: OCOBAMBA | AZ40: CHIMBAN | BA40: PISACOMA | BB40: LLUSCO | BC40: HUAMANCACA_CHICO | BD40: EL_CARMEN | BE40: COMAS | BF40: IRAY | BI40: SAN_BENITO | BJ40: MASISEA | BK40: LA_PAMPA | BL40: MARA | BM40: SAN_SEBASTIAN | BN40: LA_RAMADA | BO40: SANTA_ANA_DE_TUSI | BP40: MORONA | BQ40: QUIVILLA | BR40: SANTA_ROSA | BS40: SHATOJA | BT40: OCORURO | BU40: PITIPO | BV40: LLOQUE | BX40: HUAYLLATI | CA40: SAPOSOA | CB40: LLATA | CC40: CARMEN_ALTO | CE40: LALAQUIZ | CF40: PUSI | CG40: CUENCA | CH40: CHONGOS_ALTO | CI40: IGUAIN | CJ40: MARGOS | CK40: HUARAL | CL40: INDEPENDENCIA | CM40: HUACCHIS | CN40: MALVAS | CO40: CUENCA | CP40: HUALMAY | CQ40: MATO | CR40: LARAMARCA | CS40: PACHACUTEC | CU40: MOLLENDO | CV40: JAEN | CW40: CURICACA | DA40: MARANURA | DB40: CHUNGUI | DC40: PAMPAMARCA | DD40: LAMAS | DE40: MOCHUMI | DF40: OCUVIRI | DG40: RONDOS | DH40: MARIANO_DAMASO_BERAUN | DI40: CARABAYLLO | DJ40: URARINAS | DK40: CHIPAO | DL40: INGUILPATA | DO40: PAJARILLO | DP40: LLUMPA | DQ40: SAN_CRISTOBAL | DS40: IQUITOS | DT40: MACARI | DV40: MORROPON | DW40: SORITOR | DX40: VISTA_ALEGRE | DY40: CONGAS | DZ40: MACHE | EA40: PALCAZU | EB40: OYON | EC40: SAN_PEDRO_DE_LLOC | EE40: PADRE_ABAD | EF40: PAITA | EG40: HUANDOVAL | EH40: TIBILLO | EI40: PULLO | EJ40: OMACHA | EK40: NINACACA | EL40: HUAYO | EM40: OYOLO | EN40: KOSÑIPATA | EO40: PUCACACA | EP40: PISCO | EQ40: LA_ARENA | ES40: YUYAPICHIS | ET40: CHUCUITO | EW40: CUSIPATA | EX40: MARCA | EY40: MAQUIA | EZ40: POSIC | FA40: LONGAR | FB40: SINA | FC40: SAN_IGNACIO | FD40: JOSE_MANUEL_QUIROZ | FE40: EL_PORVENIR | FF40: LA_FLORIDA | FI40: MARCABAL | FJ40: PHARA | FK40: MORO | FL40: NINABAMBA | FM40: QUIRUVILCA | FN40: PAMPA_HERMOSA | FO40: SECHURA | FP40: HUAYLLABAMBA | FQ40: MORCOLLA | FR40: MIGUEL_CHECA | FS40: INCLAN | FU40: MANCORA | FW40: SUSAPAYA | FX40: PALCA | FY40: COLCABAMBA | FZ40: UCHIZA | GA40: LAREDO | GB40: SAN_JUAN_DE_LA_VIRGEN | GC40: SARAYACU | GD40: OLLANTAYTAMBO | GE40: JAMALCA | GF40: CAYARA | GG40: INDEPENDENCIA | GI40: CHORAS | GJ40: MOROCOCHA | GK40: CACRA | GL40: RANRAHIRCA | GM40: TINICACHI
A41: LAMBRAMA | B41: PAUCARA | C41: SANGARARA | E41: MANSERICHE | F41: SAN_FRANCISCO | G41: HUAYANA | H41: CONGALLA | I41: HUANCA_HUANCA | J41: PACHACONAS | K41: SAN_JUAN_DE_RONTOY | L41: CHIGUATA | M41: PAIJAN | P41: PACAIPAMPA | Q41: COTARUSE | R41: CHUPA | S41: LA_PEC | U41: SAN_RAFAEL | V41: UCUNCHA | W41: CHIQUIAN | X41: JAZAN | Z41: JESUS | AB41: SAN_SALVADOR | AC41: MI_PERU | AD41: OCOÑA | AE41: QUEHUE | AF41: SAN_PEDRO | AG41: QUILAHUANI | AH41: TOTOS | AI41: SAN_BUENAVENTURA | AJ41: IMPERIAL | AK41: ITUATA | AL41: CARAVELI | AM41: MARCARA | AP41: CHOCO | AQ41: COCAS | AR41: COPORAQUE | AS41: JOSE_GALVEZ | AT41: CHUQUIBAMBA | AU41: VITOC | AW41: JOSE_LEONARDO_ORTIZ | AX41: GROCIO_PRADO | AY41: ONGOY | AZ41: CHOROPAMPA | BA41: POMATA | BB41: QUIÑOTA | BC41: SAN_JUAN_DE_ISCOS | BD41: LA_MERCED | BE41: CONCEPCION | BF41: RIO_GRANDE | BI41: SANTA_CRUZ_DE_TOLED | BJ41: NUEVA_REQUENA | BK41: YANAC | BL41: TAMBOBAMBA | BM41: SANTIAGO | BN41: PIMPINGOS | BO41: TAPUC | BP41: PASTAZA | BQ41: RIPAN | BT41: PALLPATA | BU41: PUEBLO_NUEVO | BV41: MATALAQUE | BX41: MAMARA | CA41: TINGO_DE_SAPOSOA | CB41: MIRAFLORES | CC41: CHIARA | CE41: SAN_MIGUEL_DE_EL_FAIQUE | CF41: ROSASPATA | CG41: HUACHOCOLPA | CH41: CHUPURO | CI41: LLOCHEGUA | CJ41: PILLCO_MARCA | CK41: IHUARI | CL41: JANGAS | CM41: HUACHIS | CO41: HUACHUPAMPA | CP41: HUAURA | CQ41: PAMPAROMAS | CR41: OCOYO | CS41: PARCONA | CU41: PUNTA_DE_BOMBON | CV41: LAS_PIRIAS | CW41: EL_MANTARO | DA41: OCOBAMBA | DB41: LUIS_CARRANZA | DC41: PUYCA | DD41: PINTO_RECODO | DE41: MORROPE | DF41: PALCA | DG41: SAN_FRANCISCO_DE_ASIS | DH41: RUPA_RUPA | DI41: CHACLACAYO | DK41: HUAC_HUAS | DL41: LAMUD | DP41: LUCMA | DQ41: TORATA | DS41: LAS_AMAZONAS | DT41: NUÑOA | DV41: SALITRAL | DW41: YANTALO | DY41: LLIPA | DZ41: OTUZCO | EA41: POZUZO | EB41: PACHANGARA | EF41: TAMARINDO | EG41: LACABAMBA | EI41: PUYUSCA | EJ41: PACCARITAMBO | EK41: PALLANCHACRA | EL41: ONGON | EM41: PARARCA | EN41: PAUCARTAMBO | EO41: SAN_CRISTOBAL | EP41: SAN_ANDRES | EQ41: LA_UNION | ET41: COATA | EW41: HUARO | EX41: PAMPAS_CHICO | EY41: PUINAHUA | EZ41: RIOJA | FA41: MARISCAL_BENAVIDES | FC41: SAN_JOSE_DE_LOURDES | FD41: JOSE_SABOGAL | FE41: HUIMBAYOC | FF41: LLAPA | FI41: SANAGORAN | FJ41: QUIACA | FK41: NEPEÑA | FL41: PULAN | FM41: SANTA_CRUZ_DE_CHUCA | FN41: PANGOA | FO41: VICE | FP41: QUICHES | FQ41: PAICO | FR41: QUERECOTILLO | FS41: PACHIA | FU41: PARIÑAS | FW41: TARATA | FX41: PALCAMAYO | FY41: DANIEL_HERNANDEZ | GA41: MOCHE | GB41: TUMBES | GC41: VARGAS_GUERRA | GD41: URUBAMBA | GE41: LONYA_GRANDE | GF41: COLCA | GG41: SAURAMA | GI41: JACAS_CHICO | GJ41: PACCHA | GK41: CARANIA | GL41: SHUPLUY | GM41: UNICACHI
A42: PICHIRHUA | B42: POMACOCHA | E42: MORONA | F42: SAN_RAFAEL | G42: JOSE_MARIA_ARGUEDA | H42: HUANCA_HUANCA | I42: HUAYLLAY_GRANDE | J42: SABAINO | L42: JACOBO_HUNTER | M42: RAZURI | P42: PAIMAS | Q42: HUAYLLO | R42: JOSE_DOMINGO_CHOQUEHUANCA | W42: COLQUIOC | X42: JUMBILLA | Z42: LLACANORA | AB42: TARAY | AC42: VENTANILLA | AD42: QUILCA | AE42: TUPAC_AMARU | AF42: SICUANI | AI42: SANTA_ROSA_DE_QUIVES | AJ42: LUNAHUANA | AK42: MACUSANI | AL42: CHALA | AM42: PARIAHUANCA | AP42: HUANCARQUI | AQ42: HUACHOS | AR42: HUAMBO | AS42: LA_LIBERTAD_DE_PALLAN | AT42: GRANADA | AW42: LA_VICTORIA | AX42: PUEBLO_NUEVO | AY42: RANRACANCHA | AZ42: CHOTA | BA42: ZEPITA | BB42: SANTO_TOMAS | BC42: SAN_JUAN_DE_JARPA | BD42: LOCROJA | BE42: HEROINAS_TOLEDO | BF42: SALAMANCA | BI42: TANTARICA | BJ42: YARINACOCHA | BK42: YUPAN | BM42: SAYLLA | BN42: QUEROCOTILLO | BO42: VILCABAMBA | BQ42: SHUNQUI | BT42: PICHIGUA | BV42: OMATE | BX42: MICAELA_BASTIDAS | CB42: MONZON | CC42: JESUS_NAZARENO | CE42: SONDOR | CF42: TARACO | CG42: HUANCAVELICA | CH42: COLCA | CI42: LURICOCHA | CJ42: QUISQUI | CK42: LAMPIAN | CL42: LA_LIBERTAD | CM42: HUANTAR | CO42: HUANZA | CP42: LEONCIO_PRADO | CQ42: PUEBLO_LIBRE | CR42: PILPICHACA | CS42: PUEBLO_NUEVO | CV42: POMAHUACA | CW42: HUAMALI | DA42: PICHARI | DB42: SAMUGAR | DC42: QUECHUALLA | DD42: RUMISAPA | DE42: MOTUPE | DF42: PARATIA | DG42: SAN_MIGUEL_DE_CAURI | DI42: CHORRILLOS | DK42: LARAMATE | DL42: LONGUITA | DP42: MUSGA | DS42: MAZAN | DT42: ORURILLO | DV42: SAN_JUAN_DE_BIGOTE | DY42: OCROS | DZ42: PARANDAY | EA42: PUERTO_BERMUDEZ | EF42: VICHAYAL | EG42: LLAPO | EI42: SAN_FRANCISCO_DE_RAVACAYCO | EJ42: PARURO | EK42: PAUCARTAMBO | EL42: PARCOY | EM42: PAUSA | EO42: SAN_HILARION | EP42: SAN_CLEMENTE | EQ42: LAS_LOMAS | ET42: HUATA | EW42: LUCRE | EX42: PARARIN | EY42: REQUENA | EZ42: SAN_FERNANDO | FA42: MILPUC | FC42: TABACONAS | FD42: PEDRO_GALVEZ | FE42: JUAN_GUERRA | FF42: NANCHOC | FI42: SARIN | FJ42: SAN_JUAN_DEL_ORO | FK42: NUEVO_CHIMBOTE | FL42: SANTA_CRUZ | FM42: SANTIAGO_DE_CHUCO | FN42: RIO_NEGRO | FP42: RAGASH | FQ42: QUEROBAMBA | FR42: SALITRAL | FS42: PALCA | FW42: TARUCACHI | FX42: SAN_PEDRO_DE_CAJAS | FY42: HUACHOCOLPA | GA42: POROTO | GD42: YUCAY | GE42: YAMON | GF42: HUAMANQUIQUIA | GG42: VILCAS_HUAMAN | GI42: OBAS | GJ42: SANTA_BARBARA_DE_CARHUACAYAN | GK42: CATAHUASI | GL42: YANAMA | GM42: YUNGUYO
A43: SAN_PEDRO_DE_CACHORA | B43: ROSARIO | E43: PASTAZA | F43: TOMAY_KICHWA | G43: KAQUIABAMBA | H43: HUAYLLAY_GRANDE | I43: JULCAMARCA | L43: JOSE_LUIS_BUSTAMANTE_Y_RIVERO | M43: SANTIAGO_DE_CAO | P43: SAPILLICA | Q43: JUSTO_APU_SAHUARAURA | R43: MUÑANI | W43: HUALLANCA | X43: RECTA | Z43: LOS_BAÑOS_DEL_INCA | AB43: YANATILE | AD43: SAMUEL_PASTOR | AE43: YANAOCA | AF43: TINTA | AJ43: MALA | AK43: OLLACHEA | AL43: CHAPARRA | AM43: SAN_MIGUEL_DE_ACO | AP43: MACHAGUAY | AQ43: HUAMATAMBO | AR43: HUANCA | AS43: MIGUEL_IGLESIAS | AT43: HUANCAS | AW43: LAGUNAS | AX43: SAN_JUAN_DE_YANAC | AY43: URANMARCA | AZ43: COCHABAMBA | BB43: VELILLE | BC43: TRES_DE_DICIEMBRE | BD43: PACHAMARCA | BE43: MANZANARES | BF43: YANAQUIHUA | BI43: YONAN | BM43: WANCHAQ | BN43: SAN_ANDRES_DE_CUTERVO | BO43: YANAHUANCA | BQ43: SILLAPATA | BT43: SUYCKUTAMBO | BV43: PUQUINA | BX43: PATAYPAMPA | CB43: PUNCHAO | CC43: OCROS | CE43: SONDORILLO | CF43: VILQUE_CHICO | CG43: HUANDO | CH43: CULLHUAS | CI43: PUCACOLP | CJ43: SAN_FRANCISCO_DE_CAYRAN | CK43: PACARAOS | CL43: OLLEROS | CM43: HUARI | CO43: HUAROCHIRI | CP43: PACCHO | CQ43: SANTA_CRUZ | CR43: QUERCO | CS43: SALAS | CV43: PUCARA | CW43: HUARIPAMPA | DA43: QUELLOUNO | DB43: SAN_MIGUEL | DC43: SAYLA | DD43: SAN_ROQUE_DE_CUMBAZA | DE43: OLMOS | DF43: PUCARA | DI43: CIENEGUILLA | DK43: LEONCIO_PRADO | DL43: LONYA_CHICO | DP43: PISCOBAMBA | DS43: NAPO | DT43: SANTA_ROSA | DV43: SANTA_CATALINA_DE_MOSSA | DY43: SAN_CRISTOBAL_DE_RAJAN | DZ43: SALPO | EA43: VILLA_RICA | EG43: PALLASCA | EI43: UPAHUACHO | EJ43: PILLPINTO | EK43: SAN_FCO.DE_ASIS_DE_YARUSYACAN | EL43: PATAZ | EM43: SAN_JAVIER_DE_ALPABAMBA | EO43: SHAMBOYACU | EP43: TUPAC_AMARU_INCA | EQ43: PIURA | ET43: MAÑAZO | EW43: MARCAPATA | EX43: RECUAY | EY43: SAQUENA | EZ43: YORONGOS | FA43: OMIA | FE43: LA_BANDA_DE_SHILCAYO | FF43: NIEPOS | FI43: SARTIMBAMBA | FJ43: SAN_PEDRO_DE_PUTINA_PUNC | FK43: SAMANCO | FL43: SAUCEPAMPA | FM43: SITABAMBA | FN43: RIO_TAMBO | FP43: SAN_JUAN | FQ43: SAN_PEDRO_DE_LARCAY | FR43: SULLANA | FS43: POCOLLAY | FW43: TICACO | FX43: TAPO | FY43: HUARIBAMBA | GA43: SALAVERRY | GF43: HUANCAPI | GG43: VISCHONGO | GI43: PAMPAMARCA | GJ43: SANTA_ROSA_DE_SACCO | GK43: CHOCOS | GL43: YUNGAY
A44: TAMBURCO | E44: SANTA_CRUZ | G44: KISHUARA | H44: JULCAMARCA | I44: LIRCAY | L44: LA_JOYA | P44: SICCHEZ | Q44: LUCRE | R44: POTONI | W44: HUASTA | X44: SAN_CARLOS | Z44: MAGDALENA | AJ44: NUEVO_IMPERIAL | AK44: SAN_GABAN | AL44: HUANUHUANU | AM44: SHILLA | AP44: ORCOPAMPA | AQ44: MOLLEPAMPA | AR44: ICHUPAMPA | AS44: OXAMARCA | AT44: LA_JALCA | AW44: MONSEFU | AX44: SAN_PEDRO_DE_HUACARPANA | AZ44: CONCHAN | BC44: YANACANCHA | BD44: PAUCARBAMBA | BE44: MARISCAL_CASTILLA | BN44: SAN_JUAN_DE_CUTERVO | BQ44: YANAS | BV44: QUINISTAQUILLAS | BX44: PROGRESO | CB44: PUÑOS | CC44: PACAYCASA | CG44: HUAYLLAHUARA | CH44: EL_TAMBO | CI44: SANTILLANA | CJ44: SAN_PEDRO_DE_CHAULAN | CK44: SAN_MIGUEL_DE_ACOS | CL44: PAMPAS | CM44: MASIN | CO44: LAHUAYTAMBO | CP44: SANTA_LEONOR | CQ44: SANTO_TORIBIO | CR44: QUITO_ARMA | CS44: SAN_JOSE_DE_LOS_MOLINOS | CV44: SALLIQUE | CW44: HUERTAS | DA44: SANTA_ANA | DB44: SANTA_ROSA | DC44: TAURIA | DD44: SHANAO | DE44: PACORA | DF44: SANTA_LUCIA | DI44: COMAS | DK44: LLAUTA | DL44: LUYA | DS44: PUNCHANA | DT44: UMACHIRI | DV44: SANTO_DOMINGO | DY44: SAN_PEDRO | DZ44: SINSICAP | EG44: PAMPAS | EJ44: YAURISQUE | EK44: SIMON_BOLIVAR | EL44: PIAS | EM44: SAN_JOSE_DE_USHUA | EO44: TINGO_DE_PONASA | EQ44: TAMBO_GRANDE | ET44: PAUCARCOLLA | EW44: OCONGATE | EX44: TAPACOCHA | EY44: SOPLIN | EZ44: YURACYACU | FA44: SAN_NICOLAS | FE44: MORALES | FF44: SAN_GREGORIO | FJ44: SANDIA | FK44: SANTA | FL44: SEXI | FN44: SATIPO | FP44: SICSIBAMBA | FQ44: SAN_SALVADOR_DE_QUIJE | FS44: SAMA | FX44: TARMA | FY44: ÑAHUIMPUQUIO | GA44: SIMBAL | GF44: HUANCARAYLLA | GJ44: SUITUCANCHA | GK44: COCHAS
E45: TENIENTE_CESAR_LOPEZ_ROJAS | G45: PACOBAMBA | H45: SAN_ANTONIO_DE_ANTAPARCO | I45: SAN_ANTONIO_DE_ANTAPARCO | L45: MARIANO_MELGAR | P45: SUYO | Q45: POCOHUANCA | R45: SAMAN | W45: HUAYLLACAYAN | X45: SHIPASBAMBA | Z45: MATARA | AJ45: PACARAN | AK45: USICAYOS | AL45: JAQUI | AM45: TINCO | AP45: PAMPACOLCA | AQ45: SAN_JUAN | AR45: LARI | AS45: SOROCHUCO | AT45: LEIMEBAMBA | AW45: NUEVA_ARICA | AX45: SUNAMPE | AZ45: HUAMBOS | BD45: SAN_MIGUEL_DE_MAYOCC | BE45: MATAHUASI | BN45: SAN_LUIS_DE_LUCMA | BV45: UBINAS | BX45: SAN_ANTONIO | CB45: SINGA | CC45: QUINUA | CG45: IZCUCHACA | CH45: HUACRAPUQUIO | CI45: SIVIA | CJ45: SANTA_MARIA_DEL_VALLE | CK45: SANTA_CRUZ_DE_ANDAMARCA | CL45: PARIACOTO | CM45: PAUCAS | CO45: LANGA | CP45: SANTA_MARIA | CQ45: YURACMARCA | CR45: SAN_ANTONIO_DE_CUSICANCHA | CS45: SAN_JUAN_BAUTISTA | CV45: SAN_FELIPE | CW45: JANJAILLO | DA45: SANTA_TERESA | DB45: TAMBO | DC45: TOMEPAMPA | DD45: TABALOSOS | DE45: SALAS | DF45: VILAVILA | DI45: EL_AGUSTINO | DK45: LUCANAS | DL45: LUYA_VIEJO | DS45: PUTUMAYO | DV45: YAMANGO | DY45: SANTIAGO_DE_CHILCAS | DZ45: USQUIL | EG45: SANTA_ROSA | EK45: TICLACAYAN | EL45: SANTIAGO_DE_CHALLAS | EM45: SARA_SARA | EO45: TRES_UNIDOS | EQ45: VEINTISEIS_DE_OCTUBR | ET45: PICHACANI | EW45: OROPESA | EX45: TICAPAMPA | EY45: TAPICHE | FA45: SANTA_ROSA | FE45: PAPAPLAYA | FF45: SAN_MIGUEL | FJ45: YANAHUAYA | FL45: UTICYACU | FN45: VIZCATAN_DEL_EN | FP45: SIHUAS | FQ45: SANTIAGO_DE_PAUCARAY | FS45: TACNA | FY45: PAMPAS | GA45: TRUJILLO | GF45: HUAYA | GJ45: YAULI | GK45: COLONIA
E46: YURIMAGUAS | G46: PACUCHA | H46: SANTO_TOMAS_DE_PATA | I46: SANTO_TOMAS_DE_PATA | L46: MIRAFLORES | Q46: SAN_JUAN_DE_CHACÑA | R46: SAN_ANTON | W46: LA_PRIMAVERA | X46: VALERA | Z46: NAMORA | AJ46: QUILMANA | AL46: LOMAS | AM46: YUNGAR | AP46: TIPAN | AQ46: SANTA_ANA | AR46: LLUTA | AS46: SUCRE | AT46: LEVANTO | AW46: OYOTUN | AX46: TAMBO_DE_MORA | AZ46: LAJAS | BD46: SAN_PEDRO_DE_CORIS | BE46: MITO | BN46: SANTA_CRUZ | BV46: YUNGA | BX46: SANTA_ROSA | CB46: TANTAMAYO | CC46: SAN_JOSE_DE_TICLLAS | CG46: LARIA | CH46: HUALHUAS | CI46: UCHURACCAY | CJ46: YACU | CK46: SUMBILCA | CL46: PIRA | CM46: PONTO | CO46: LARAOS | CP46: SAYAN | CR46: SAN_FRANCISCO_DE_SANGAYAICO | CS46: SANTIAGO | CV46: SAN_JOSE_DEL_ALTO | CW46: JAUJA | DA46: VILCABAMBA | DC46: TORO | DD46: ZAPATERO | DE46: SAN_JOSE | DI46: INDEPENDENCIA | DK46: OCAÑA | DL46: MARIA | DS46: SAN_JUAN_BAUTISTA | EG46: TAUCA | EK46: TINYAHUARCO | EL46: TAURIJA | ET46: PLATERIA | EW46: QUIQUIJANA | EY46: YAQUERANA | FA46: TOTORA | FE46: SAN_ANTONIO | FF46: SAN_SILVESTRE_DE_COCHAN | FL46: YAUYUCAN | FQ46: SORAS | FY46: PAZOS | GA46: VICTOR_LARCO_HERRERA | GF46: SARHUA | GK46: HONGOS
G47: PAMPACHIRI | H47: SECCLLA | I47: SECCLLA | L47: MOLLEBAYA | Q47: SAÑAYCA | R47: SAN_JOSE | W47: MANGAS | X47: YAMBRASBAMBA | Z47: SAN_JUAN | AJ47: SAN_ANTONIO | AL47: QUICACHA | AP47: UÑON | AQ47: TANTARA | AR47: MACA | AS47: UTCO | AT47: MAGDALENA | AW47: PATAPO | AZ47: LLAMA | BE47: NUEVE_DE_JULIO | BN47: SANTO_DOMINGO_DE_LA_CAPILLA | BX47: TURPAY | CC47: SAN_JUAN_BAUTISTA | CG47: MANTA | CH47: HUANCAN | CJ47: YARUMAYO | CK47: VEINTISIETE_DE_NOVIEMBRE | CL47: TARICA | CM47: RAHUAPAMPA | CO47: MARIATANA | CP47: VEGUETA | CR47: SAN_ISIDRO | CS47: SUBTANJALLA | CV47: SANTA_ROSA | CW47: JULCAN | DA47: VILLA_KINTIARINA | DE47: TUCUME | DI47: JESUS_MARIA | DK47: OTOCA | DL47: OCALLI | DS47: TORRES_CAUSANA | EK47: VICCO | EL47: TAYABAMBA | ET47: PUNO | EW47: URCOS | FA47: VISTA_ALEGRE | FE47: SAUCE | FF47: TONGOD | FY47: QUICHUA | GF47: VILCANCHOS | GK47: HUAMPARA
G48: POMACOCHA | H48: POMACOCHA | L48: PAUCARPATA | Q48: SORAYA | R48: SAN_JUAN_DE_SALINAS | W48: PACLLON | AJ48: SAN_LUIS | AL48: YAUCA | AP48: URACA | AQ48: TICRAPO | AR48: MADRIGAL | AT48: MARISCAL_CASTILLA | AW48: PICSI | AZ48: MIRACOSTA | BE48: ORCOTUNA | BN48: SANTO_TOMAS | BX48: VILCABAMBA | CC48: SANTIAGO_DE_PISCHA | CG48: MARISCAL_CACERES | CH48: HUANCAYO | CM48: RAPAYAN | CO48: MATUCANA | CR48: SANTIAGO_DE_CHOCORVOS | CS48: TATE | CW48: LEONOR_ORDOÑEZ | DA48: VILLA_VIRGEN | DI48: LA_MOLINA | DK48: PUQUIO | DL48: OCUMAL | EK48: YANACANCHA | EL48: URPAY | ET48: SAN_ANTONIO | FE48: SHAPAJA | FF48: UNION_AGUA_BLANCA | FY48: QUISHUAR | GK48: HUANCAYA
G49: SAN_ANTONIO_DE_CACHI | H49: SAN_ANTONIO_DE_CACHI | L49: POCSI | Q49: TAPAIRIHUA | R49: SANTIAGO_DE_PUPUJA | W49: SAN_MIGUEL_DE_CORPANQUI | AJ49: SAN_VICENTE_DE_CAÑETE | AP49: VIRACO | AR49: MAJES | AT49: MOLINOPAMPA | AW49: PIMENTEL | AZ49: PACCHA | BE49: SAN_JOSE_DE_QUERO | BN49: SOCOTA | BX49: VIRUNDO | CC49: SOCOS | CG49: MOYA | CH49: HUASICANCHA | CM49: SAN_MARCOS | CO49: RICARDO_PALMA | CR49: SANTIAGO_DE_QUIRAHUARA | CS49: YAUCA_DEL_ROSARIO | CW49: LLOCLLAPAMPA | DI49: LA_VICTORIA | DK49: SAISA | DL49: PISUQUIA | ET49: TIQUILLACA | FE49: TARAPOTO | FY49: SALCABAMBA | GK49: HUANGASCAR
G50: SAN_JERONIMO | H50: SAN_JERONIMO | L50: POLOBAYA | Q50: TINTAY | R50: TIRAPATA | W50: TICLLOS | AJ50: SANTA_CRUZ_DE_FLORES | AR50: SAN_ANTONIO_DE_CHUCA | AT50: MONTEVIDEO | AW50: POMALCA | AZ50: PION | BE50: SANTA_ROSA_DE_OCOPA | BN50: TORIBIO_CASANOVA | CC50: TAMBILLO | CG50: NUEVO_OCCORO | CH50: HUAYUCACHI | CM50: SAN_PEDRO_DE_CHANA | CO50: SAN_ANDRES_DE_TUPICOCHA | CR50: SANTO_DOMINGO_DE_CAPILLAS | CW50: MARCO | DI50: LIMA | DK50: SAN_CRISTOBAL | DL50: PROVIDENCIA | ET50: VILQUE | FY50: SALCAHUASI | GK50: HUANTAN
G51: SAN_MIGUEL_DE_CHACCRAMPA | H51: SAN_MIGUEL_DE_CHACCRAMPA | L51: QUEQUEÑA | Q51: TORAYA | AJ51: ZUÑIGA | AR51: SIBAYO | AT51: OLLEROS | AW51: PUCALA | AZ51: QUEROCOTO | CC51: VINCHOS | CG51: PALCA | CH51: INGENIO | CM51: UCO | CO51: SAN_ANTONIO | CR51: TAMBO | CW51: MASMA | DI51: LINCE | DK51: SAN_JUAN | DL51: SAN_CRISTOBAL | FY51: SAN_MARCOS_DE_ROCCHAC | GK51: HUAÑEC
G52: SANTA_MARIA_DE_CHICMO | H52: SANTA_MARIA_DE_CHICMO | L52: SABANDIA | Q52: YANACA | AR52: TAPAY | AT52: QUINJALCA | AW52: REQUE | AZ52: SAN_JUAN_DE_LICUPIS | CG52: PILCHACA | CH52: PARIAHUANCA | CO52: SAN_BARTOLOME | CW52: MASMA_CHICCHE | DI52: LOS_OLIVOS | DK52: SAN_PEDRO | DL52: SAN_FRANCISCO_DEL_YESO | FY52: SURCUBAMBA | GK52: LARAOS
G53: TALAVERA | H53: TALAVERA | L53: SACHACA | AR53: TISCO | AT53: SAN_FRANCISCO_DE_DAGUAS | AW53: SANTA_ROSA | AZ53: TACABAMBA | CG53: VILCA | CH53: PILCOMAYO | CO53: SAN_DAMIAN | CW53: MOLINOS | DI53: LURIGANCHO | DK53: SAN_PEDRO_DE_PALCO | DL53: SAN_JERONIMO | FY53: TINTAY_PUNCU | GK53: LINCHA
G54: TUMAY_HUARACA | H54: TUMAY_HUARACA | L54: SAN_JUAN_DE_SIGUAS | AR54: TUTI | AT54: SAN_ISIDRO_DE_MAINO | AW54: SAÑA | AZ54: TOCMOCHE | CG54: YAULI | CH54: PUCARA | CO54: SAN_JUAN_DE_IRIS | CW54: MONOBAMBA | DI54: LURIN | DK54: SANCOS | DL54: SAN_JUAN_DE_LOPECANCHA | GK54: MADEAN
G55: TURPO | H55: TURPO | L55: SAN_JUAN_DE_TARUCANI | AR55: YANQUE | AT55: SOLOCO | AW55: TUMAN | CH55: QUICHUAY | CO55: SAN_JUAN_DE_TANTARANCHE | CW55: MUQUI | DI55: MAGDALENA_DEL_MAR | DK55: SANTA_ANA_DE_HUAYCAHUACHO | DL55: SANTA_CATALINA | GK55: MIRAFLORES
L56: SANTA_ISABEL_DE_SIGUAS | AT56: SONCHE | CH56: QUILCAS | CO56: SAN_LORENZO_DE_QUINTI | CW56: MUQUIYAUYO | DI56: MIRAFLORES | DK56: SANTA_LUCIA | DL56: SANTO_TOMAS | GK56: OMAS
L57: SANTA_RITA_DE_SIGUAS | CH57: SAN_AGUSTIN | CO57: SAN_MATEO | CW57: PACA | DI57: PACHACAMAC | DL57: TINGO | GK57: PUTINZA
L58: SOCABAYA | CH58: SAN_JERONIMO_DE_TUNAN | CO58: SAN_MATEO_DE_OTAO | CW58: PACCHA | DI58: PUCUSANA | DL58: TRITA | GK58: QUINCHES
L59: TIABAYA | CH59: SANTO_DOMINGO_DE_ACOBAMBA | CO59: SAN_PEDRO_DE_CASTA | CW59: PANCAN | DI59: PUEBLO_LIBRE | GK59: QUINOCAY
L60: UCHUMAYO | CH60: SAÑO | CO60: SAN_PEDRO_DE_HUANCAYRE | CW60: PARCO | DI60: PUENTE_PIEDRA | GK60: SAN_JOAQUIN
L61: VITOR | CH61: SAPALLANGA | CO61: SANGALLAYA | CW61: POMACANCHA | DI61: PUNTA_HERMOSA | GK61: SAN_PEDRO_DE_PILAS
L62: YANAHUARA | CH62: SICAYA | CO62: SANTA_CRUZ_DE_COCACHACRA | CW62: RICRAN | DI62: PUNTA_NEGRA | GK62: TANTA
L63: YARABAMBA | CH63: VIQUES | CO63: SANTA_EULALIA | CW63: SAN_LORENZO | DI63: RIMAC | GK63: TAURIPAMPA
L64: YURA | CO64: SANTIAGO_DE_ANCHUCAYA | CW64: SAN_PEDRO_DE_CHUNAN | DI64: SAN_BARTOLO | GK64: TOMAS
CO65: SANTIAGO_DE_TUNA | CW65: SAUSA | DI65: SAN_BORJA | GK65: TUPE
CO66: SANTO_DOMINGO_DE_LOS_OLLEROS | CW66: SINCOS | DI66: SAN_ISIDRO | GK66: VIÑAC
CO67: SURCO | CW67: TUNAN_MARCA | DI67: SAN_JUAN_DE_LURIGANCHO | GK67: VITIS
CW68: YAULI | DI68: SAN_JUAN_DE_MIRAFLORES | GK68: YAUYOS_
A69: Ubigeos | CW69: YAUYOS | DI69: SAN_LUIS
DI70: SAN_MARTIN_DE_PORRES | KX70: =+VLOOKUP(DI70,$G$73:$H$1951,2,0) -> 315013500000
DI71: SAN_MIGUEL | KX71: =+VLOOKUP(DI71,$G$73:$H$1951,2,0) -> 306110100000
A72: cUbiGeoDescripcion | B72: cUbiGeoCod | D72: cUbiGeoDescripcion | E72: cUbiGeoCod | G72: cUbiGeoDescripcion | H72: cUbiGeoCod | DI72: SANTA_ANITA | KX72: =+VLOOKUP(DI72,$G$73:$H$1951,2,0) -> 315013700000
A73: AMAZONAS | B73: 101000000000 | D73: CHACHAPOYAS | E73: 201010000000 | G73: RIO_SANTIAGO | H73: 301040300000 | DI73: SANTA_MARIA_DEL_MAR | KX73: =+VLOOKUP(DI73,$G$73:$H$1951,2,0) -> 315013800000
A74: ANCASH | B74: 102000000000 | D74: BAGUA | E74: 201020000000 | G74: LAMUD | H74: 301050100000 | DI74: SANTA_ROSA | KX74: =+VLOOKUP(DI74,$G$73:$H$1951,2,0) -> 301061000000
A75: APURIMAC | B75: 103000000000 | D75: BONGARA | E75: 201030000000 | G75: CAMPORREDONDO | H75: 301050200000 | DI75: SANTIAGO_DE_SURCO | KX75: =+VLOOKUP(DI75,$G$73:$H$1951,2,0) -> 315014000000
A76: AREQUIPA | B76: 104000000000 | D76: CONDORCANQUI | E76: 201040000000 | G76: COCABAMBA | H76: 301050300000 | DI76: SURQUILLO | KX76: =+VLOOKUP(DI76,$G$73:$H$1951,2,0) -> 315014100000
A77: AYACUCHO | B77: 105000000000 | D77: LUYA | E77: 201050000000 | G77: COLCAMAR | H77: 301050400000 | DI77: VILLA_EL_SALVADOR | KX77: =+VLOOKUP(DI77,$G$73:$H$1951,2,0) -> 315014200000
A78: CAJAMARCA | B78: 106000000000 | D78: RODRIGUEZ_DE_MENDOZA | E78: 201060000000 | G78: CONILA | H78: 301050500000 | DI78: VILLA_MARIA_DEL_TRIUNFO | KX78: =+VLOOKUP(DI78,$G$73:$H$1951,2,0) -> 315014300000
A79: CALLAO | B79: 107000000000 | D79: UTCUBAMBA | E79: 201070000000 | G79: INGUILPATA | H79: 301050600000
A80: CUSCO | B80: 108000000000 | D80: HUARAZ | E80: 202010000000 | G80: LONGUITA | H80: 301050700000
A81: HUANCAVELICA | B81: 109000000000 | D81: AIJA | E81: 202020000000 | G81: LONYA_CHICO | H81: 301050800000
A82: HUANUCO | B82: 110000000000 | D82: ANTONIO_RAYMONDI | E82: 202030000000 | G82: LUYA | H82: 301050900000
A83: ICA | B83: 111000000000 | D83: ASUNCION | E83: 202040000000 | G83: LUYA_VIEJO | H83: 301051000000
A84: JUNIN | B84: 112000000000 | D84: BOLOGNESI | E84: 202050000000 | G84: MARIA | H84: 301051100000
A85: LA_LIBERTAD | B85: 113000000000 | D85: CARHUAZ | E85: 202060000000 | G85: OCALLI | H85: 301051200000
A86: LAMBAYEQUE | B86: 114000000000 | D86: CARLOS_FERMIN_FITZCARRALD | E86: 202070000000 | G86: OCUMAL | H86: 301051300000
A87: LIMA | B87: 115000000000 | D87: CASMA | E87: 202080000000 | G87: PISUQUIA | H87: 301051400000
A88: LORETO | B88: 116000000000 | D88: CORONGO | E88: 202090000000 | G88: PROVIDENCIA | H88: 301051500000
A89: MADRE_DE_DIOS | B89: 117000000000 | D89: HUARI | E89: 202100000000 | G89: SAN_CRISTOBAL | H89: 301051600000
A90: MOQUEGUA | B90: 118000000000 | D90: HUARMEY | E90: 202110000000 | G90: SAN_FRANCISCO_DEL_YESO | H90: 301051700000
... A97: UCAYALI | B97: 125000000000 | D97: SANTA | E97: 202180000000 | G97: SAN_NICOLAS | H97: 301060100000
D98: SIHUAS | E98: 202190000000 | G98: CHIRIMOTO | H98: 301060200000
D99: YUNGAY | E99: 202200000000 | G99: COCHAMAL | H99: 301060300000
D100: ABANCAY | E100: 203010000000 | G100: HUAMBO | H100: 301060400000
D101: ANDAHUAYLAS | E101: 203020000000 | G101: LIMABAMBA | H101: 301060500000
D102: ANTABAMBA | E102: 203030000000 | G102: LONGAR | H102: 301060600000
D103: AYMARAES | E103: 203040000000 | G103: MARISCAL_BENAVIDES | H103: 301060700000
D104: COTABAMBAS | E104: 203050000000 | G104: MILPUC | H104: 301060800000
D105: CHINCHEROS | E105: 203060000000 | G105: OMIA | H105: 301060900000
D106: GRAU | E106: 203070000000 | G106: SANTA_ROSA | H106: 301061000000
D107: AREQUIPA_ | E107: 204010000000 | G107: TOTORA | H107: 301061100000
D108: CAMANA | E108: 204020000000 | G108: VISTA_ALEGRE | H108: 301061200000
D109: CARAVELI | E109: 204030000000 | G109: BAGUA_GRANDE | H109: 301070100000
... D268: PURUS | E268: 225040000000 | G268: ANGUIA | H268: 306040200000
G269: CHADIN | H269: 306040300000
G270: CHIGUIRIP | H270: 306040400000
G271: CHIMBAN | H271: 306040500000
...

Sheet Codigos
A1: =SUMPRODUCT(--($B$2:$B$21<>"")) -> #REF! | B1: =+'Depositos CTS'!#REF! -> #REF! | D1: AMAZONAS | E1: ANCASH | F1: APURIMAC | G1: AREQUIPA | H1: AYACUCHO | I1: CAJAMARCA | J1: CALLAO | K1: CUSCO | L1: HUANCAVELICA | M1: HUANUCO | N1: ICA | O1: JUNIN | P1: LA LIBERTAD | Q1: LAMBAYEQUE | R1: LIMA | S1: LORETO | T1: MADRE DE DIOS | U1: MOQUEGUA | V1: PASCO | W1: PIURA | X1: PUNO | Y1: SAN MARTIN | Z1: TACNA | AA1: TUMBES | AB1: UCAYALI | GQ1: depositos | GS1: Tipo de Documento | GV1: Sexo | GY1: Moneda | HB1: Periodos
A2: 1 | B2: =IF(HLOOKUP($B$1,$D$1:$AB$21,A2+1,0)="","",HLOOKUP($B$1,$D$1:$AB$21,A2+1,0)) -> #REF! | D2: BAGUA | E2: AIJA | F2: ABANCAY | G2: AREQUIPA | H2: CANGALLO | I2: CAJABAMBA | J2: CALLAO | K2: ACOMAYO | L2: ACOBAMBA | M2: AMBO | N2: CHINCHA | O2: CHANCHAMAYO | P2: ASCOPE | Q2: CHICLAYO | R2: BARRANCA | S2: ALTO AMAZONAS | T2: MANU | U2: GENERAL SANCHEZ CERRO | V2: DANIEL ALCIDES CARRION | W2: AYABACA | X2: AZANGARO | Y2: BELLAVISTA | Z2: CANDARAVE | AA2: CONTRALMIRANTE VILLAR | AB2: ATALAYA | GS2: DNI | GT2: 1 | GV2: Masculino | GW2: M | GY2: Soles | GZ2: MN | HB2: 41760
A3: 2 | B3: =IF(HLOOKUP($B$1,$D$1:$AB$21,A3+1,0)="","",HLOOKUP($B$1,$D$1:$AB$21,A3+1,0)) -> #REF! | D3: BONGARA | E3: ANTONIO RAYMONDI | F3: ANDAHUAYLAS | G3: CAMANA | H3: HUAMANGA | I3: CAJAMARCA | K3: ANTA | L3: ANGARAES | M3: DOS DE MAYO | N3: ICA | O3: CHUPACA | P3: BOLIVAR | Q3: FERREÑAFE | R3: CAJATAMBO | S3: DATEM DEL MARAÑON | T3: TAHUAMANU | U3: ILO | V3: OXAPAMPA | W3: HUANCABAMBA | X3: CARABAYA | Y3: EL DORADO | Z3: JORGE BASADRE | AA3: TUMBES | AB3: CORONEL PORTILLO | GS3: CARNÉ DE EXTRANJERÍA | GT3: 2 | GV3: Femenino | GW3: F | GY3: Dolares | GZ3: ME | HB3: 41944
A4: 3 | B4: =IF(HLOOKUP($B$1,$D$1:$AB$21,A4+1,0)="","",HLOOKUP($B$1,$D$1:$AB$21,A4+1,0)) -> #REF! | D4: CHACHAPOYAS | E4: ASUNCION | F4: ANTABAMBA | G4: CARAVELI | H4: HUANCA SANCOS | I4: CELENDIN | K4: CALCA | L4: CASTROVIRREYNA | M4: HUACAYBAMBA | N4: NAZCA | O4: CONCEPCION | P4: CHEPEN | Q4: LAMBAYEQUE | R4: CANTA | S4: LORETO | T4: TAMBOPATA | U4: MARISCAL NIETO | V4: PASCO | W4: MORROPON | X4: CHUCUITO | Y4: HUALLAGA | Z4: TACNA | AA4: ZARUMILLA | AB4: PADRE ABAD | GS4: CARNÉ DE FUERZAS POLICIALES | GT4: 3 | HB4: 42125
A5: 4 | B5: =IF(HLOOKUP($B$1,$D$1:$AB$21,A5+1,0)="","",HLOOKUP($B$1,$D$1:$AB$21,A5+1,0)) -> #REF! | D5: CONDORCANQUI | E5: BOLOGNESI | F5: AYMARAES | G5: CASTILLA | H5: HUANTA | I5: CHOTA | K5: CANAS | L5: CHURCAMPA | M5: HUAMALIES | N5: PALPA | O5: HUANCAYO | P5: GRAN CHIMU | R5: CAÑETE | S5: MARISCAL RAMON CASTILLA | W5: PAITA | X5: EL COLLAO | Y5: LAMAS | Z5: TARATA | AB5: PURUS | GS5: CARNÉ DE FUERZAS ARMADAS | GT5: 4 | HB5: 42309
A6: 5 | B6: =IF(HLOOKUP($B$1,$D$1:$AB$21,A6+1,0)="","",HLOOKUP($B$1,$D$1:$AB$21,A6+1,0)) -> #REF! | D6: LUYA | E6: CARHUAZ | F6: CHINCHEROS | G6: CAYLLOMA | H6: LA MAR | I6: CONTUMAZA | K6: CANCHIS | L6: HUANCAVELICA | M6: HUANUCO | N6: PISCO | O6: JAUJA | P6: JULCAN | R6: HUARAL | S6: MAYNAS | W6: PIURA | X6: HUANCANE | Y6: MARISCAL CACERES | GS6: PASAPORTE | GT6: 5 | HB6: 42491
A7: 6 | B7: =IF(HLOOKUP($B$1,$D$1:$AB$21,A7+1,0)="","",HLOOKUP($B$1,$D$1:$AB$21,A7+1,0)) -> #REF! | D7: RODRIGUEZ DE MENDOZA | E7: CARLOS FERMIN FITZCARRALD | F7: COTABAMBAS | G7: CONDESUYOS | H7: LUCANAS | I7: CUTERVO | K7: CHUMBIVILCAS | L7: HUAYTARA | M7: LAURICOCHA | O7: JUNIN | P7: OTUZCO | R7: HUAROCHIRI | S7: REQUENA | W7: SECHURA | X7: LAMPA | Y7: MOYOBAMBA | GS7: RUC | GT7: 6 | HB7: 42675
A8: 7 | B8: =IF(HLOOKUP($B$1,$D$1:$AB$21,A8+1,0)="","",HLOOKUP($B$1,$D$1:$AB$21,A8+1,0)) -> #REF! | D8: UTCUBAMBA | E8: CASMA | F8: GRAU | G8: ISLAY | H8: PARINACOCHAS | I8: HUALGAYOC | K8: CUSCO | L8: TAYACAJA | M8: LEONCIO PRADO | O8: SATIPO | P8: PACASMAYO | R8: HUAURA | S8: UCAYALI | W8: SULLANA | X8: MELGAR | Y8: PICOTA | GS8: DOCUMENTO PROV. DE IDENTIDAD | GT8: 11 | HB8: 42856
A9: 8 | B9: =IF(HLOOKUP($B$1,$D$1:$AB$21,A9+1,0)="","",HLOOKUP($B$1,$D$1:$AB$21,A9+1,0)) -> #REF! | E9: CORONGO | G9: LA UNION | H9: PAUCAR DEL SARA SARA | I9: JAEN | K9: ESPINAR | M9: MARAÑON | O9: TARMA | P9: PATAZ | R9: LIMA | W9: TALARA | X9: MOHO | Y9: RIOJA | HB9: 43040
A10: 9 | B10: =IF(HLOOKUP($B$1,$D$1:$AB$21,A10+1,0)="","",HLOOKUP($B$1,$D$1:$AB$21,A10+1,0)) -> #REF! | E10: HUARAZ | H10: SUCRE | I10: SAN IGNACIO | K10: LA CONVENCION | M10: PACHITEA | O10: YAULI | P10: SANCHEZ CARRION | R10: OYON | X10: PUNO | Y10: SAN MARTIN
A11: 10 | B11: =IF(HLOOKUP($B$1,$D$1:$AB$21,A11+1,0)="","",HLOOKUP($B$1,$D$1:$AB$21,A11+1,0)) -> #REF! | E11: HUARI | H11: VICTOR FAJARDO | I11: SAN MARCOS | K11: PARURO | M11: PUERTO INCA | P11: SANTIAGO DE CHUCO | R11: YAUYOS | X11: SAN ANTONIO DE PUTINA | Y11: TOCACHE
A12: 11 | B12: =IF(HLOOKUP($B$1,$D$1:$AB$21,A12+1,0)="","",HLOOKUP($B$1,$D$1:$AB$21,A12+1,0)) -> #REF! | E12: HUARMEY | H12: VILCAS HUAMAN | I12: SAN MIGUEL | K12: PAUCARTAMBO | M12: YAROWILCA | P12: TRUJILLO | X12: SAN ROMAN
A13: 12 | B13: =IF(HLOOKUP($B$1,$D$1:$AB$21,A13+1,0)="","",HLOOKUP($B$1,$D$1:$AB$21,A13+1,0)) -> #REF! | E13: HUAYLAS | I13: SAN PABLO | K13: QUISPICANCHI | P13: VIRU | X13: SANDIA
A14: 13 | B14: =IF(HLOOKUP($B$1,$D$1:$AB$21,A14+1,0)="","",HLOOKUP($B$1,$D$1:$AB$21,A14+1,0)) -> #REF! | E14: MARISCAL LUZURIAGA | I14: SANTA CRUZ | K14: URUBAMBA | X14: YUNGUYO
A15: 14 | B15: =IF(HLOOKUP($B$1,$D$1:$AB$21,A15+1,0)="","",HLOOKUP($B$1,$D$1:$AB$21,A15+1,0)) -> #REF! | E15: OCROS
A16: 15 | B16: =IF(HLOOKUP($B$1,$D$1:$AB$21,A16+1,0)="","",HLOOKUP($B$1,$D$1:$AB$21,A16+1,0)) -> #REF! | E16: PALLASCA
A17: 16 | B17: =IF(HLOOKUP($B$1,$D$1:$AB$21,A17+1,0)="","",HLOOKUP($B$1,$D$1:$AB$21,A17+1,0)) -> #REF! | E17: POMABAMBA
A18: 17 | B18: =IF(HLOOKUP($B$1,$D$1:$AB$21,A18+1,0)="","",HLOOKUP($B$1,$D$1:$AB$21,A18+1,0)) -> #REF! | E18: RECUAY
A19: 18 | B19: =IF(HLOOKUP($B$1,$D$1:$AB$21,A19+1,0)="","",HLOOKUP($B$1,$D$1:$AB$21,A19+1,0)) -> #REF! | E19: SANTA
A20: 19 | B20: =IF(HLOOKUP($B$1,$D$1:$AB$21,A20+1,0)="","",HLOOKUP($B$1,$D$1:$AB$21,A20+1,0)) -> #REF! | E20: SIHUAS
A21: 20 | B21: =IF(HLOOKUP($B$1,$D$1:$AB$21,A21+1,0)="","",HLOOKUP($B$1,$D$1:$AB$21,A21+1,0)) -> #REF! | E21: YUNGAY
A24: =SUMPRODUCT(--($B$25:$B$67<>"")) -> #REF! | B24: =+B1&'Depositos CTS'!#REF! -> #REF! | D24: AMAZONASBAGUA | E24: AMAZONASBONGARA | F24: AMAZONASCHACHAPOYAS | G24: AMAZONASCONDORCANQUI | H24: AMAZONASLUYA | I24: AMAZONASRODRIGUEZ DE MENDOZA | J24: AMAZONASUTCUBAMBA | K24: ANCASHAIJA | L24: ANCASHANTONIO RAYMONDI | M24: ANCASHASUNCION | N24: ANCASHBOLOGNESI | O24: ANCASHCARHUAZ | P24: ANCASHCARLOS FERMIN FITZCARRALD | Q24: ANCASHCASMA | R24: ANCASHCORONGO | S24: ANCASHHUARAZ | T24: ANCASHHUARI | U24: ANCASHHUARMEY | V24: ANCASHHUAYLAS | W24: ANCASHMARISCAL LUZURIAGA | X24: ANCASHOCROS | Y24: ANCASHPALLASCA | Z24: ANCASHPOMABAMBA | AA24: ANCASHRECUAY | AB24: ANCASHSANTA | AC24: ANCASHSIHUAS | AD24: ANCASHYUNGAY | AE24: APURIMACABANCAY | AF24: APURIMACANDAHUAYLAS | AG24: APURIMACANTABAMBA | AH24: APURIMACAYMARAES | AI24: APURIMACCHINCHEROS | AJ24: APURIMACCOTABAMBAS | AK24: APURIMACGRAU | AL24: AREQUIPAAREQUIPA | AM24: AREQUIPACAMANA | AN24: AREQUIPACARAVELI | AO24: AREQUIPACASTILLA | AP24: AREQUIPACAYLLOMA | AQ24: AREQUIPACONDESUYOS | AR24: AREQUIPAISLAY | AS24: AREQUIPALA UNION | AT24: AYACUCHOCANGALLO | AU24: AYACUCHOHUAMANGA | AV24: AYACUCHOHUANCA SANCOS | AW24: AYACUCHOHUANTA | AX24: AYACUCHOLA MAR | AY24: AYACUCHOLUCANAS | AZ24: AYACUCHOPARINACOCHAS | BA24: AYACUCHOPAUCAR DEL SARA SARA | BB24: AYACUCHOSUCRE | BC24: AYACUCHOVICTOR FAJARDO | BD24: AYACUCHOVILCAS HUAMAN | BE24: CAJAMARCACAJABAMBA | BF24: CAJAMARCACAJAMARCA | BG24: CAJAMARCACELENDIN | BH24: CAJAMARCACHOTA | BI24: CAJAMARCACONTUMAZA | BJ24: CAJAMARCACUTERVO | BK24: CAJAMARCAHUALGAYOC | BL24: CAJAMARCAJAEN | BM24: CAJAMARCASAN IGNACIO | BN24: CAJAMARCASAN MARCOS | BO24: CAJAMARCASAN MIGUEL | BP24: CAJAMARCASAN PABLO | BQ24: CAJAMARCASANTA CRUZ | BR24: CALLAOCALLAO | BS24: CUSCOACOMAYO | BT24: CUSCOANTA | BU24: CUSCOCALCA | BV24: CUSCOCANAS | BW24: CUSCOCANCHIS | BX24: CUSCOCHUMBIVILCAS | BY24: CUSCOCUSCO | BZ24: CUSCOESPINAR | CA24: CUSCOLA CONVENCION | CB24: CUSCOPARURO | CC24: CUSCOPAUCARTAMBO | CD24: CUSCOQUISPICANCHI | CE24: CUSCOURUBAMBA | CF24: HUANCAVELICAACOBAMBA | CG24: HUANCAVELICAANGARAES | CH24: HUANCAVELICACASTROVIRREYNA | CI24: HUANCAVELICACHURCAMPA | CJ24: HUANCAVELICAHUANCAVELICA | CK24: HUANCAVELICAHUAYTARA | CL24: HUANCAVELICATAYACAJA | CM24: HUANUCOAMBO | CN24: HUANUCODOS DE MAYO | CO24: HUANUCOHUACAYBAMBA | CP24: HUANUCOHUAMALIES | CQ24: HUANUCOHUANUCO | CR24: HUANUCOLAURICOCHA | CS24: HUANUCOLEONCIO PRADO | CT24: HUANUCOMARAÑON | CU24: HUANUCOPACHITEA | CV24: HUANUCOPUERTO INCA | CW24: HUANUCOYAROWILCA | CX24: ICACHINCHA | CY24: ICAICA | CZ24: ICANAZCA | DA24: ICAPALPA | DB24: ICAPISCO | DC24: JUNINCHANCHAMAYO | DD24: JUNINCHUPACA | DE24: JUNINCONCEPCION | DF24: JUNINHUANCAYO | DG24: JUNINJAUJA | DH24: JUNINJUNIN | DI24: JUNINSATIPO | DJ24: JUNINTARMA | DK24: JUNINYAULI | DL24: LA LIBERTADASCOPE | DM24: LA LIBERTADBOLIVAR | DN24: LA LIBERTADCHEPEN | DO24: LA LIBERTADGRAN CHIMU | DP24: LA LIBERTADJULCAN | DQ24: LA LIBERTADOTUZCO | DR24: LA LIBERTADPACASMAYO | DS24: LA LIBERTADPATAZ | DT24: LA LIBERTADSANCHEZ CARRION | DU24: LA LIBERTADSANTIAGO DE CHUCO | DV24: LA LIBERTADTRUJILLO | DW24: LA LIBERTADVIRU | DX24: LAMBAYEQUECHICLAYO | DY24: LAMBAYEQUEFERREÑAFE | DZ24: LAMBAYEQUELAMBAYEQUE | EA24: LIMABARRANCA | EB24: LIMACAJATAMBO | EC24: LIMACANTA | ED24: LIMACAÑETE | EE24: LIMAHUARAL | EF24: LIMAHUAROCHIRI | EG24: LIMAHUAURA | EH24: LIMALIMA | EI24: LIMAOYON | EJ24: LIMAYAUYOS | EK24: LORETOALTO AMAZONAS | EL24: LORETODATEM DEL MARAÑON | EM24: LORETOLORETO | EN24: LORETOMARISCAL RAMON CASTILLA | EO24: LORETOMAYNAS | EP24: LORETOREQUENA | EQ24: LORETOUCAYALI | ER24: MADRE DE DIOSMANU | ES24: MADRE DE DIOSTAHUAMANU | ET24: MADRE DE DIOSTAMBOPATA | EU24: MOQUEGUAGENERAL SANCHEZ CERRO | EV24: MOQUEGUAILO | EW24: MOQUEGUAMARISCAL NIETO | EX24: PASCODANIEL ALCIDES CARRION | EY24: PASCOOXAPAMPA | EZ24: PASCOPASCO | FA24: PIURAAYABACA | FB24: PIURAHUANCABAMBA | FC24: PIURAMORROPON | FD24: PIURAPAITA | FE24: PIURAPIURA | FF24: PIURASECHURA | FG24: PIURASULLANA | FH24: PIURATALARA | FI24: PUNOAZANGARO | FJ24: PUNOCARABAYA | FK24: PUNOCHUCUITO | FL24: PUNOEL COLLAO | FM24: PUNOHUANCANE | FN24: PUNOLAMPA | FO24: PUNOMELGAR | FP24: PUNOMOHO | FQ24: PUNOPUNO | FR24: PUNOSAN ANTONIO DE PUTINA | FS24: PUNOSAN ROMAN | FT24: PUNOSANDIA | FU24: PUNOYUNGUYO | FV24: SAN MARTINBELLAVISTA | FW24: SAN MARTINEL DORADO | FX24: SAN MARTINHUALLAGA | FY24: SAN MARTINLAMAS | FZ24: SAN MARTINMARISCAL CACERES | GA24: SAN MARTINMOYOBAMBA | GB24: SAN MARTINPICOTA | GC24: SAN MARTINRIOJA | GD24: SAN MARTINSAN MARTIN | GE24: SAN MARTINTOCACHE | GF24: TACNACANDARAVE | GG24: TACNAJORGE BASADRE | GH24: TACNATACNA | GI24: TACNATARATA | GJ24: TUMBESCONTRALMIRANTE VILLAR | GK24: TUMBESTUMBES | GL24: TUMBESZARUMILLA | GM24: UCAYALIATALAYA | GN24: UCAYALICORONEL PORTILLO | GO24: UCAYALIPADRE ABAD | GP24: UCAYALIPURUS
A25: 1 | B25: =IF(HLOOKUP($B$24,$D$24:$GP$126,A25+1,0)="","",HLOOKUP($B$24,$D$24:$GP$126,A25+1,0)) -> #REF! | D25: ARAMANGO | E25: CHISQUILLA | F25: ASUNCION | G25: EL CENEPA | H25: CAMPORREDONDO | I25: CHIRIMOTO | J25: BAGUA GRANDE | K25: AIJA | L25: ACZO | M25: ACOCHACA | N25: ABELARDO PARDO LEZAMETA | O25: ACOPAMPA | P25: SAN LUIS | Q25: BUENA VISTA ALTA | R25: ACO | S25: COCHABAMBA | T25: ANRA | U25: COCHAPETI | V25: CARAZ | W25: CASCA | X25: ACAS | Y25: BOLOGNESI | Z25: HUAYLLAN | AA25: CATAC | AB25: CACERES DEL PERU | AC25: ACOBAMBA | AD25: CASCAPARA | AE25: ABANCAY | AF25: ANDAHUAYLAS | AG25: ANTABAMBA | AH25: CAPAYA | AI25: ANCO_HUALLO | AJ25: CHALLHUAHUACHO | AK25: CHUQUIBAMBILLA | AL25: ALTO SELVA ALEGRE | AM25: CAMANA | AN25: ACARI | AO25: ANDAGUA | AP25: ACHOMA | AQ25: ANDARAY | AR25: COCACHACRA | AS25: ALCA | AT25: CANGALLO | AU25: ACOCRO | AV25: CARAPO | AW25: AYAHUANCO | AX25: ANCO | AY25: AUCARA | AZ25: CHUMPI | BA25: COLTA | BB25: BELEN | BC25: ALCAMENCA | BD25: ACCOMARCA | BE25: CACHACHI | BF25: ASUNCION | BG25: CELENDIN | BH25: ANGUIA | BI25: CHILETE | BJ25: CALLAYUC | BK25: BAMBAMARCA | BL25: BELLAVISTA | BM25: CHIRINOS | BN25: CHANCAY | BO25: BOLIVAR | BP25: SAN BERNARDINO | BQ25: ANDABAMBA | BR25: BELLAVISTA | BS25: ACOMAYO | BT25: ANCAHUASI | BU25: CALCA | BV25: CHECCA | BW25: CHECACUPE | BX25: CAPACMARCA | BY25: CCORCA | BZ25: ALTO PICHIGUA | CA25: ECHARATE | CB25: ACCHA | CC25: CAICAY | CD25: ANDAHUAYLILLAS | CE25: CHINCHERO | CF25: ACOBAMBA | CG25: ANCHONGA | CH25: ARMA | CI25: ANCO | CJ25: ACOBAMBILLA | CK25: AYAVI | CL25: ACOSTAMBO | CM25: AMBO | CN25: CHUQUIS | CO25: CANCHABAMBA | CP25: ARANCAY | CQ25: AMARILIS | CR25: BAÑOS | CS25: DANIEL ALOMIAS ROBLES | CT25: CHOLON | CU25: CHAGLLA | CV25: CODO DEL POZUZO | CW25: APARICIO POMARES | CX25: ALTO LARAN | CY25: ICA | CZ25: CHANGUILLO | DA25: LLIPATA | DB25: HUANCANO | DC25: CHANCHAMAYO | DD25: AHUAC | DE25: ACO | DF25: CARHUACALLANGA | DG25: ACOLLA | DH25: CARHUAMAYO | DI25: COVIRIALI | DJ25: ACOBAMBA | DK25: CHACAPALPA | DL25: ASCOPE | DM25: BAMBAMARCA | DN25: CHEPEN | DO25: CASCAS | DP25: CALAMARCA | DQ25: AGALLPAMPA | DR25: GUADALUPE | DS25: BULDIBUYO | DT25: CHUGAY | DU25: ANGASMARCA | DV25: EL PORVENIR | DW25: CHAO | DX25: CAYALTI | DY25: CAÑARIS | DZ25: CHOCHOPE | EA25: BARRANCA | EB25: CAJATAMBO | EC25: ARAHUAY | ED25: ASIA | EE25: ATAVILLOS ALTO | EF25: ANTIOQUIA | EG25: AMBAR | EH25: ANCON | EI25: ANDAJES | EJ25: ALIS | EK25: BALSAPUERTO | EL25: ANDOAS | EM25: NAUTA | EN25: PEBAS | EO25: ALTO NANAY | EP25: ALTO TAPICHE | EQ25: CONTAMANA | ER25: FITZCARRALD | ES25: IBERIA | ET25: INAMBARI | EU25: CHOJATA | EV25: EL ALGARROBAL | EW25: CARUMAS | EX25: CHACAYAN | EY25: CHONTABAMBA | EZ25: CHAUPIMARCA | FA25: AYABACA | FB25: CANCHAQUE | FC25: BUENOS AIRES | FD25: AMOTAPE | FE25: CASTILLA | FF25: BELLAVISTA DE LA UNION | FG25: BELLAVISTA | FH25: EL ALTO | FI25: ACHAYA | FJ25: AJOYANI | FK25: DESAGUADERO | FL25: CAPAZO | FM25: COJATA | FN25: CABANILLA | FO25: ANTAUTA | FP25: CONIMA | FQ25: ACORA | FR25: ANANEA | FS25: CABANA | FT25: ALTO INAMBARI | FU25: ANAPIA | FV25: ALTO BIAVO | FW25: AGUA BLANCA | FX25: ALTO SAPOSOA | FY25: ALONSO DE ALVARADO | FZ25: CAMPANILLA | GA25: CALZADA | GB25: BUENOS AIRES | GC25: AWAJUN | GD25: ALBERTO LEVEAU | GE25: NUEVO PROGRESO | GF25: CAIRANI | GG25: ILABAYA | GH25: ALTO DE LA ALIANZA | GI25: ESTIQUE | GJ25: CANOAS DE PUNTA SAL | GK25: CORRALES | GL25: AGUAS VERDES | GM25: RAYMONDI | GN25: CALLERIA | GO25: CURIMANA | GP25: PURUS
A26: 2 | B26: =IF(HLOOKUP($B$24,$D$24:$GP$126,A26+1,0)="","",HLOOKUP($B$24,$D$24:$GP$126,A26+1,0)) -> #REF! | D26: BAGUA | E26: CHURUJA | F26: BALSAS | G26: NIEVA | H26: COCABAMBA | I26: COCHAMAL | J26: CAJARURO | K26: CORIS | L26: CHACCHO | M26: CHACAS | N26: ANTONIO RAYMONDI | O26: AMASHCA | P26: SAN NICOLAS | Q26: CASMA | R26: BAMBAS | S26: COLCABAMBA | T26: CAJAY | U26: CULEBRAS | V26: HUALLANCA | W26: ELEAZAR GUZMAN BARRON | X26: CAJAMARQUILLA | Y26: CABANA | Z26: PAROBAMBA | AA26: COTAPARACO | AB26: CHIMBOTE | AC26: ALFONSO UGARTE | AD26: MANCOS | AE26: CHACOCHE | AF26: ANDARAPA | AG26: EL ORO | AH26: CARAYBAMBA | AI26: CHINCHEROS | AJ26: COTABAMBAS | AK26: CURASCO | AL26: AREQUIPA | AM26: JOSE MARIA QUIMPER | AN26: ATICO | AO26: APLAO | AP26: CABANACONDE | AQ26: CAYARANI | AR26: DEAN VALDIVIA | AS26: CHARCANA | AT26: CHUSCHI | AU26: ACOS VINCHOS | AV26: SACSAMARCA | AW26: HUAMANGUILLA | AX26: AYNA | AY26: CABANA | AZ26: CORACORA | BA26: CORCULLA | BB26: CHALCOS | BC26: APONGO | BD26: CARHUANCA | BE26: CAJABAMBA | BF26: CAJAMARCA | BG26: CHUMUCH | BH26: CHADIN | BI26: CONTUMAZA | BJ26: CHOROS | BK26: CHUGUR | BL26: CHONTALI | BM26: HUARANGO | BN26: EDUARDO VILLANUEVA | BO26: CALQUIS | BP26: SAN LUIS | BQ26: CATACHE | BR26: CALLAO | BS26: ACOPIA | BT26: ANTA | BU26: COYA | BV26: KUNTURKANKI | BW26: COMBAPATA | BX26: CHAMACA | BY26: CUSCO | BZ26: CONDOROMA | CA26: HUAYOPATA | CB26: CCAPI | CC26: CHALLABAMBA | CD26: CAMANTI | CE26: HUAYLLABAMBA | CF26: ANDABAMBA | CG26: CALLANMARCA | CH26: AURAHUA | CI26: CHINCHIHUASI | CJ26: ACORIA | CK26: CORDOVA | CL26: ACRAQUIA | CM26: CAYNA | CN26: LA UNION | CO26: COCHABAMBA | CP26: CHAVIN DE PARIARCA | CQ26: CHINCHAO | CR26: JESUS | CS26: HERMILIO VALDIZAN | CT26: HUACRACHUCO | CU26: MOLINO | CV26: HONORIA | CW26: CAHUAC | CX26: CHAVIN | CY26: LA TINGUIÑA | CZ26: EL INGENIO | DA26: PALPA | DB26: HUMAY | DC26: PERENE | DD26: CHONGOS BAJO | DE26: ANDAMARCA | DF26: CHACAPAMPA | DG26: APATA | DH26: JUNIN | DI26: LLAYLLA | DJ26: HUARICOLCA | DK26: HUAY-HUAY | DL26: CASA GRANDE | DM26: BOLIVAR | DN26: PACANGA | DO26: COMPIN | DP26: CARABAMBA | DQ26: CHARAT | DR26: JEQUETEPEQUE | DS26: CHILLIA | DT26: COCHORCO | DU26: CACHICADAN | DV26: FLORENCIA DE MORA | DW26: GUADALUPITO | DX26: CHICLAYO | DY26: FERREÑAFE | DZ26: ILLIMO | EA26: PARAMONGA | EB26: COPA | EC26: CANTA | ED26: CALANGO | EE26: ATAVILLOS BAJO | EF26: CALLAHUANCA | EG26: CALETA DE CARQUIN | EH26: ATE | EI26: CAUJUL | EJ26: AYAUCA | EK26: JEBEROS | EL26: BARRANCA | EM26: PARINARI | EN26: RAMON CASTILLA | EO26: BELEN | EP26: CAPELO | EQ26: INAHUAYA | ER26: HUEPETUHE | ES26: IÑAPARI | ET26: LABERINTO | EU26: COALAQUE | EV26: ILO | EW26: CUCHUMBAYA | EX26: GOYLLARISQUIZGA | EY26: HUANCABAMBA | EZ26: HUACHON | FA26: FRIAS | FB26: EL CARMEN DE LA FRONTERA | FC26: CHALACO | FD26: ARENAL | FE26: CATACAOS | FF26: BERNAL | FG26: IGNACIO ESCUDERO | FH26: LA BREA | FI26: ARAPA | FJ26: AYAPATA | FK26: HUACULLANI | FL26: CONDURIRI | FM26: HUANCANE | FN26: CALAPUJA | FO26: AYAVIRI | FP26: HUAYRAPATA | FQ26: AMANTANI | FR26: PEDRO VILCA APAZA | FS26: CABANILLAS | FT26: CUYOCUYO | FU26: COPANI | FV26: BAJO BIAVO | FW26: SAN JOSE DE SISA | FX26: EL ESLABON | FY26: BARRANQUITA | FZ26: HUICUNGO | GA26: HABANA | GB26: CASPISAPA | GC26: ELIAS SOPLIN VARGAS | GD26: CACATACHI | GE26: POLVORA | GF26: CAMILACA | GG26: ITE | GH26: CALANA | GI26: ESTIQUE-PAMPA | GJ26: CASITAS | GK26: LA CRUZ | GL26: MATAPALO | GM26: SEPAHUA | GN26: CAMPOVERDE | GO26: IRAZOLA
A27: 3 | B27: =IF(HLOOKUP($B$24,$D$24:$GP$126,A27+1,0)="","",HLOOKUP($B$24,$D$24:$GP$126,A27+1,0)) -> #REF! | D27: COPALLIN | E27: COROSHA | F27: CHACHAPOYAS | G27: RIO SANTIAGO | H27: COLCAMAR | I27: HUAMBO | J27: CUMBA | K27: HUACLLAN | L27: CHINGAS | N27: AQUIA | O27: ANTA | P27: YAUYA | Q27: COMANDANTE NOEL | R27: CORONGO | S27: HUANCHAY | T27: CHAVIN DE HUANTAR | U27: HUARMEY | V27: HUATA | W27: FIDEL OLIVAS ESCUDERO | X27: CARHUAPAMPA | Y27: CONCHUCOS | Z27: POMABAMBA | AA27: HUAYLLAPAMPA | AB27: COISHCO | AC27: CASHAPAMPA | AD27: MATACOTO | AE27: CIRCA | AF27: CHIARA | AG27: HUAQUIRCA | AH27: CHALHUANCA | AI27: COCHARCAS | AJ27: COYLLURQUI | AK27: CURPAHUASI | AL27: CAYMA | AM27: MARIANO NICOLAS VALCARCEL | AN27: ATIQUIPA | AO27: AYO | AP27: CALLALLI | AQ27: CHICHAS | AR27: ISLAY | AS27: COTAHUASI | AT27: LOS MOROCHUCOS | AU27: AYACUCHO | AV27: SANCOS | AW27: HUANTA | AX27: CHILCAS | AY27: CARMEN SALCEDO | AZ27: CORONEL CASTAÑEDA | BA27: LAMPA | BB27: CHILCAYOC | BC27: ASQUIPATA | BD27: CONCEPCION | BE27: CONDEBAMBA | BF27: CHETILLA | BG27: CORTEGANA | BH27: CHALAMARCA | BI27: CUPISNIQUE | BJ27: CUJILLO | BK27: HUALGAYOC | BL27: COLASAY | BM27: LA COIPA | BN27: GREGORIO PITA | BO27: CATILLUC | BP27: SAN PABLO | BQ27: CHANCAYBAÑOS | BR27: CARMEN DE LA LEGUA REYNOSO | BS27: ACOS | BT27: CACHIMAYO | BU27: LAMAY | BV27: LANGUI | BW27: MARANGANI | BX27: COLQUEMARCA | BY27: POROY | BZ27: COPORAQUE | CA27: KIMBIRI | CB27: COLCHA | CC27: COLQUEPATA | CD27: CCARHUAYO | CE27: MACHUPICCHU | CF27: ANTA | CG27: CCOCHACCASA | CH27: CAPILLAS | CI27: CHURCAMPA | CJ27: ASCENSION | CK27: HUAYACUNDO ARMA | CL27: AHUAYCHA | CM27: COLPAS | CN27: MARIAS | CO27: HUACAYBAMBA | CP27: JACAS GRANDE | CQ27: CHURUBAMBA | CR27: JIVIA | CS27: JOSE CRESPO Y CASTILLO | CT27: SAN BUENAVENTURA | CU27: PANAO | CV27: PUERTO INCA | CW27: CHACABAMBA | CX27: CHINCHA ALTA | CY27: LOS AQUIJES | CZ27: MARCONA | DA27: RIO GRANDE | DB27: INDEPENDENCIA | DC27: PICHANAQUI | DD27: CHUPACA | DE27: CHAMBARA | DF27: CHICCHE | DG27: ATAURA | DH27: ONDORES | DI27: MAZAMARI | DJ27: HUASAHUASI | DK27: LA OROYA | DL27: CHICAMA | DM27: CONDORMARCA | DN27: PUEBLO NUEVO | DO27: LUCMA | DP27: HUASO | DQ27: HUARANCHAL | DR27: PACASMAYO | DS27: HUANCASPATA | DT27: CURGOS | DU27: MOLLEBAMBA | DV27: HUANCHACO | DW27: VIRU | DX27: CHONGOYAPE | DY27: INCAHUASI | DZ27: JAYANCA | EA27: PATIVILCA | EB27: GORGOR | EC27: HUAMANTANGA | ED27: CERRO AZUL | EE27: AUCALLAMA | EF27: CARAMPOMA | EG27: CHECRAS | EH27: BARRANCO | EI27: COCHAMARCA | EJ27: AYAVIRI | EK27: LAGUNAS | EL27: CAHUAPANAS | EM27: TIGRE | EN27: SAN PABLO | EO27: FERNANDO LORES | EP27: EMILIO SAN MARTIN | EQ27: PADRE MARQUEZ | ER27: MADRE DE DIOS | ES27: TAHUAMANU | ET27: LAS PIEDRAS | EU27: ICHUÑA | EV27: PACOCHA | EW27: MOQUEGUA | EX27: PAUCAR | EY27: OXAPAMPA | EZ27: HUARIACA | FA27: JILILI | FB27: HUANCABAMBA | FC27: CHULUCANAS | FD27: COLAN | FE27: CURA MORI | FF27: CRISTO NOS VALGA | FG27: LANCONES | FH27: LOBITOS | FI27: ASILLO | FJ27: COASA | FK27: JULI | FL27: ILAVE | FM27: HUATASANI | FN27: LAMPA | FO27: CUPI | FP27: MOHO | FQ27: ATUNCOLLA | FR27: PUTINA | FS27: CARACOTO | FT27: LIMBANI | FU27: CUTURAPI | FV27: BELLAVISTA | FW27: SAN MARTIN | FX27: PISCOYACU | FY27: CAYNARACHI | FZ27: JUANJUI | GA27: JEPELACIO | GB27: PICOTA | GC27: NUEVA CAJAMARCA | GD27: CHAZUTA | GE27: SHUNTE | GF27: CANDARAVE | GG27: LOCUMBA | GH27: CIUDAD NUEVA | GI27: HEROES ALBARRACIN | GJ27: ZORRITOS | GK27: PAMPAS DE HOSPITAL | GL27: PAPAYAL | GM27: TAHUANIA | GN27: IPARIA | GO27: PADRE ABAD
A28: 4 | B28: =IF(HLOOKUP($B$24,$D$24:$GP$126,A28+1,0)="","",HLOOKUP($B$24,$D$24:$GP$126,A28+1,0)) -> #REF! | D28: EL PARCO | E28: CUISPES | F28: CHETO | H28: CONILA | I28: LIMABAMBA | J28: EL MILAGRO | K28: LA MERCED | L28: LLAMELLIN | N28: CAJACAY | O28: ATAQUERO | Q28: YAUTAN | R28: CUSCA | S28: HUARAZ | T28: HUACACHI | U28: HUAYAN | V28: HUAYLAS | W28: LLAMA | X28: COCHAS | Y28: HUACASCHUQUE | Z28: QUINUABAMBA | AA28: LLACLLIN | AB28: MACATE | AC28: CHINGALPO | AD28: QUILLO | AE28: CURAHUASI | AF28: HUANCARAMA | AG28: JUAN ESPINOZA MEDRANO | AH28: CHAPIMARCA | AI28: HUACCANA | AJ28: HAQUIRA | AK28: GAMARRA | AL28: CERRO COLORADO | AM28: MARISCAL CACERES | AN28: BELLA UNION | AO28: CHACHAS | AP28: CAYLLOMA | AQ28: CHUQUIBAMBA | AR28: MEJIA | AS28: HUAYNACOTAS | AT28: MARIA PARADO DE BELLIDO | AU28: CARMEN ALTO | AV28: SANTIAGO DE LUCANAMARCA | AW28: IGUAIN | AX28: CHUNGUI | AY28: CHAVIÑA | AZ28: PACAPAUSA | BA28: MARCABAMBA | BB28: HUACAÑA | BC28: CANARIA | BD28: HUAMBALPA | BE28: SITACOCHA | BF28: COSPAN | BG28: HUASMIN | BH28: CHIGUIRIP | BI28: GUZMANGO | BJ28: CUTERVO | BL28: HUABAL | BM28: NAMBALLE | BN28: ICHOCAN | BO28: EL PRADO | BP28: TUMBADEN | BQ28: LA ESPERANZA | BR28: LA PERLA | BS28: MOSOC LLACTA | BT28: CHINCHAYPUJIO | BU28: LARES | BV28: LAYO | BW28: PITUMARCA | BX28: LIVITACA | BY28: SAN JERONIMO | BZ28: ESPINAR | CA28: MARANURA | CB28: HUANOQUITE | CC28: HUANCARANI | CD28: CCATCA | CE28: MARAS | CF28: CAJA | CG28: CHINCHO | CH28: CASTROVIRREYNA | CI28: EL CARMEN | CJ28: CONAYCA | CK28: HUAYTARA | CL28: COLCABAMBA | CM28: CONCHAMARCA | CN28: PACHAS | CO28: PINRA | CP28: JIRCAN | CQ28: HUANUCO | CR28: QUEROPALCA | CS28: LUYANDO | CU28: UMARI | CV28: TOURNAVISTA | CW28: CHAVINILLO | CX28: CHINCHA BAJA | CY28: OCUCAJE | CZ28: NAZCA | DA28: SANTA CRUZ | DB28: PARACAS | DC28: SAN LUIS DE SHUARO | DD28: HUACHAC | DE28: COCHAS | DF28: CHILCA | DG28: CANCHAYLLO | DH28: ULCUMAYO | DI28: PAMPA HERMOSA | DJ28: LA UNION | DK28: MARCAPOMACOCHA | DL28: CHOCOPE | DM28: LONGOTEA | DO28: SAYAPULLO | DP28: JULCAN | DQ28: LA CUESTA | DR28: SAN JOSE | DS28: HUAYLILLAS | DT28: HUAMACHUCO | DU28: MOLLEPATA | DV28: LA ESPERANZA | DX28: ETEN | DY28: MANUEL ANTONIO MESONES MURO | DZ28: LAMBAYEQUE | EA28: SUPE | EB28: HUANCAPON | EC28: HUAROS | ED28: CHILCA | EE28: CHANCAY | EF28: CHICLA | EG28: HUACHO | EH28: BREÑA | EI28: NAVAN | EJ28: AZANGARO | EK28: SANTA CRUZ | EL28: MANSERICHE | EM28: TROMPETEROS | EN28: YAVARI | EO28: INDIANA | EP28: JENARO HERRERA | EQ28: PAMPA HERMOSA | ER28: MANU | ET28: TAMBOPATA | EU28: LA CAPILLA | EW28: SAMEGUA | EX28: SAN PEDRO DE PILLAO | EY28: PALCAZU | EZ28: HUAYLLAY | FA28: LAGUNAS | FB28: HUARMACA | FC28: LA MATANZA | FD28: LA HUACA | FE28: EL TALLAN | FF28: RINCONADA LLICUAR | FG28: MARCAVELICA | FH28: LOS ORGANOS | FI28: AZANGARO | FJ28: CORANI | FK28: KELLUYO | FL28: PILCUYO | FM28: INCHUPALLA | FN28: NICASIO | FO28: LLALLI | FP28: TILALI | FQ28: CAPACHICA | FR28: QUILCAPUNCU | FS28: JULIACA | FT28: PATAMBUCO | FU28: OLLARAYA | FV28: HUALLAGA | FW28: SANTA ROSA | FX28: SACANCHE | FY28: CUÑUMBUQUI | FZ28: PACHIZA | GA28: MOYOBAMBA | GB28: PILLUANA | GC28: PARDO MIGUEL | GD28: CHIPURANA | GE28: TOCACHE | GF28: CURIBAYA | GH28: CORONEL GREGORIO ALBARRACIN LANCHIPA | GI28: SITAJARA | GK28: SAN JACINTO | GL28: ZARUMILLA | GM28: YURUA | GN28: MANANTAY
A29: 5 | B29: =IF(HLOOKUP($B$24,$D$24:$GP$126,A29+1,0)="","",HLOOKUP($B$24,$D$24:$GP$126,A29+1,0)) -> #REF! | D29: IMAZA | E29: FLORIDA | F29: CHILIQUIN | H29: INGUILPATA | I29: LONGAR | J29: JAMALCA | K29: SUCCHA | L29: MIRGAS | N29: CANIS | O29: CARHUAZ | R29: LA PAMPA | S29: INDEPENDENCIA | T29: HUACCHIS | U29: MALVAS | V29: MATO | W29: LLUMPA | X29: CONGAS | Y29: HUANDOVAL | AA29: MARCA | AB29: MORO | AC29: HUAYLLABAMBA | AD29: RANRAHIRCA | AE29: HUANIPACA | AF29: HUANCARAY | AG29: OROPESA | AH29: COLCABAMBA | AI29: OCOBAMBA | AJ29: MARA | AK29: HUAYLLATI | AL29: CHARACATO | AM29: NICOLAS DE PIEROLA | AN29: CAHUACHO | AO29: CHILCAYMARCA | AP29: CHIVAY | AQ29: IRAY | AR29: MOLLENDO | AS29: PAMPAMARCA | AT29: PARAS | AU29: CHIARA | AW29: LLOCHEGUA | AX29: LUIS CARRANZA | AY29: CHIPAO | AZ29: PULLO | BA29: OYOLO | BB29: MORCOLLA | BC29: CAYARA | BD29: INDEPENDENCIA | BF29: ENCAÑADA | BG29: JORGE CHAVEZ | BH29: CHIMBAN | BI29: SAN BENITO | BJ29: LA RAMADA | BL29: JAEN | BM29: SAN IGNACIO | BN29: JOSE MANUEL QUIROZ | BO29: LA FLORIDA | BQ29: NINABAMBA | BR29: LA PUNTA | BS29: POMACANCHI | BT29: HUAROCONDO | BU29: PISAC | BV29: PAMPAMARCA | BW29: SAN PABLO | BX29: LLUSCO | BY29: SAN SEBASTIAN | BZ29: OCORURO | CA29: OCOBAMBA | CB29: OMACHA | CC29: KOSÑIPATA | CD29: CUSIPATA | CE29: OLLANTAYTAMBO | CF29: MARCAS | CG29: CONGALLA | CH29: CHUPAMARCA | CI29: LA MERCED | CJ29: CUENCA | CK29: LARAMARCA | CL29: DANIEL HERNANDEZ | CM29: HUACAR | CN29: QUIVILLA | CP29: LLATA | CQ29: MARGOS | CR29: RONDOS | CS29: MARIANO DAMASO BERAUN | CV29: YUYAPICHIS | CW29: CHORAS | CX29: EL CARMEN | CY29: PACHACUTEC | CZ29: VISTA ALEGRE | DA29: TIBILLO | DB29: PISCO | DC29: SAN RAMON | DD29: HUAMANCACA CHICO | DE29: COMAS | DF29: CHONGOS ALTO | DG29: CURICACA | DI29: PANGOA | DJ29: PALCA | DK29: MOROCOCHA | DL29: MAGDALENA DE CAO | DM29: UCHUMARCA | DQ29: MACHE | DR29: SAN PEDRO DE LLOC | DS29: HUAYO | DT29: MARCABAL | DU29: QUIRUVILCA | DV29: LAREDO | DX29: ETEN PUERTO | DY29: PITIPO | DZ29: MOCHUMI | EA29: SUPE PUERTO | EB29: MANAS | EC29: LACHAQUI | ED29: COAYLLO | EE29: HUARAL | EF29: CUENCA | EG29: HUALMAY | EH29: CARABAYLLO | EI29: OYON | EJ29: CACRA | EK29: TENIENTE CESAR LOPEZ ROJAS | EL29: MORONA | EM29: URARINAS | EO29: IQUITOS | EP29: MAQUIA | EQ29: SARAYACU | EU29: LLOQUE | EW29: SAN CRISTOBAL | EX29: SANTA ANA DE TUSI | EY29: POZUZO | EZ29: NINACACA | FA29: MONTERO | FB29: LALAQUIZ | FC29: MORROPON | FD29: PAITA | FE29: LA ARENA | FF29: SECHURA | FG29: MIGUEL CHECA | FH29: MANCORA | FI29: CAMINACA | FJ29: CRUCERO | FK29: PISACOMA | FL29: SANTA ROSA | FM29: PUSI | FN29: OCUVIRI | FO29: MACARI | FQ29: CHUCUITO | FR29: SINA | FT29: PHARA | FU29: TINICACHI | FV29: SAN PABLO | FW29: SHATOJA | FX29: SAPOSOA | FY29: LAMAS | FZ29: PAJARILLO | GA29: SORITOR | GB29: PUCACACA | GC29: POSIC | GD29: EL PORVENIR | GE29: UCHIZA | GF29: HUANUARA | GH29: INCLAN | GI29: SUSAPAYA | GK29: SAN JUAN DE LA VIRGEN | GN29: MASISEA
A30: 6 | B30: =IF(HLOOKUP($B$24,$D$24:$GP$126,A30+1,0)="","",HLOOKUP($B$24,$D$24:$GP$126,A30+1,0)) -> #REF! | D30: LA PECA | E30: JAZAN | F30: CHUQUIBAMBA | H30: LAMUD | I30: MARISCAL BENAVIDES | J30: LONYA GRANDE | L30: SAN JUAN DE RONTOY | N30: CHIQUIAN | O30: MARCARA | R30: YANAC | S30: JANGAS | T30: HUACHIS | V30: PAMPAROMAS | W30: LUCMA | X30: LLIPA | Y30: LACABAMBA | AA30: PAMPAS CHICO | AB30: NEPEÑA | AC30: QUICHES | AD30: SHUPLUY | AE30: LAMBRAMA | AF30: HUAYANA | AG30: PACHACONAS | AH30: COTARUSE | AI30: ONGOY | AJ30: TAMBOBAMBA | AK30: MAMARA | AL30: CHIGUATA | AM30: OCOÑA | AN30: CARAVELI | AO30: CHOCO | AP30: COPORAQUE | AQ30: RIO GRANDE | AR30: PUNTA DE BOMBON | AS30: PUYCA | AT30: TOTOS | AU30: JESUS NAZARENO | AW30: LURICOCHA | AX30: SAN MIGUEL | AY30: HUAC-HUAS | AZ30: PUYUSCA | BA30: PARARCA | BB30: PAICO | BC30: COLCA | BD30: SAURAMA | BF30: JESUS | BG30: JOSE GALVEZ | BH30: CHOROPAMPA | BI30: SANTA CRUZ DE TOLED | BJ30: PIMPINGOS | BL30: LAS PIRIAS | BM30: SAN JOSE DE LOURDES | BN30: JOSE SABOGAL | BO30: LLAPA | BQ30: PULAN | BR30: VENTANILLA | BS30: RONDOCAN | BT30: LIMATAMBO | BU30: SAN SALVADOR | BV30: QUEHUE | BW30: SAN PEDRO | BX30: QUIÑOTA | BY30: SANTIAGO | BZ30: PALLPATA | CA30: PICHARI | CB30: PACCARITAMBO | CC30: PAUCARTAMBO | CD30: HUARO | CE30: URUBAMBA | CF30: PAUCARA | CG30: HUANCA-HUANCA | CH30: COCAS | CI30: LOCROJA | CJ30: HUACHOCOLPA | CK30: OCOYO | CL30: HUACHOCOLPA | CM30: SAN FRANCISCO | CN30: RIPAN | CP30: MIRAFLORES | CQ30: PILLCO MARCA | CR30: SAN FRANCISCO DE ASIS | CS30: RUPA-RUPA | CW30: JACAS CHICO | CX30: GROCIO PRADO | CY30: PARCONA | DB30: SAN ANDRES | DC30: VITOC | DD30: SAN JUAN DE JARPA | DE30: CONCEPCION | DF30: CHUPURO | DG30: EL MANTARO | DI30: RIO NEGRO | DJ30: PALCAMAYO | DK30: PACCHA | DL30: PAIJAN | DM30: UCUNCHA | DQ30: OTUZCO | DS30: ONGON | DT30: SANAGORAN | DU30: SANTA CRUZ DE CHUCA | DV30: MOCHE | DX30: JOSE LEONARDO ORTIZ | DY30: PUEBLO NUEVO | DZ30: MORROPE | EC30: SAN BUENAVENTURA | ED30: IMPERIAL | EE30: IHUARI | EF30: HUACHUPAMPA | EG30: HUAURA | EH30: CHACLACAYO | EI30: PACHANGARA | EJ30: CARANIA | EK30: YURIMAGUAS | EL30: PASTAZA | EO30: LAS AMAZONAS | EP30: PUINAHUA | EQ30: VARGAS GUERRA | EU30: MATALAQUE | EW30: TORATA | EX30: TAPUC | EY30: PUERTO BERMUDEZ | EZ30: PALLANCHACRA | FA30: PACAIPAMPA | FB30: SAN MIGUEL DE EL FAIQUE | FC30: SALITRAL | FD30: TAMARINDO | FE30: LA UNION | FF30: VICE | FG30: QUERECOTILLO | FH30: PARIÑAS | FI30: CHUPA | FJ30: ITUATA | FK30: POMATA | FM30: ROSASPATA | FN30: PALCA | FO30: NUÑOA | FQ30: COATA | FT30: QUIACA | FU30: UNICACHI | FV30: SAN RAFAEL | FX30: TINGO DE SAPOSOA | FY30: PINTO RECODO | GA30: YANTALO | GB30: SAN CRISTOBAL | GC30: RIOJA | GD30: HUIMBAYOC | GF30: QUILAHUANI | GH30: PACHIA | GI30: TARATA | GK30: TUMBES | GN30: NUEVA REQUENA
A31: 7 | B31: =IF(HLOOKUP($B$24,$D$24:$GP$126,A31+1,0)="","",HLOOKUP($B$24,$D$24:$GP$126,A31+1,0)) -> #REF! | E31: JUMBILLA | F31: GRANADA | H31: LONGUITA | I31: MILPUC | J31: YAMON | N31: COLQUIOC | O31: PARIAHUANCA | R31: YUPAN | S31: LA LIBERTAD | T31: HUANTAR | V31: PUEBLO LIBRE | W31: MUSGA | X31: OCROS | Y31: LLAPO | AA31: PARARIN | AB31: NUEVO CHIMBOTE | AC31: RAGASH | AD31: YANAMA | AE31: PICHIRHUA | AF31: KAQUIABAMBA | AG31: SABAINO | AH31: HUAYLLO | AI31: RANRACANCHA | AK31: MICAELA BASTIDAS | AL31: JACOBO HUNTER | AM31: QUILCA | AN31: CHALA | AO31: HUANCARQUI | AP31: HUAMBO | AQ31: SALAMANCA | AS31: QUECHUALLA | AU31: OCROS | AW31: SANTILLANA | AX31: SANTA ROSA | AY31: LARAMATE | AZ31: SAN FRANCISCO DE RAVACAYCO | BA31: PAUSA | BB31: QUEROBAMBA | BC31: HUAMANQUIQUIA | BD31: VILCAS HUAMAN | BF31: LLACANORA | BG31: LA LIBERTAD DE PALLAN | BH31: CHOTA | BI31: TANTARICA | BJ31: QUEROCOTILLO | BL31: POMAHUACA | BM31: TABACONAS | BN31: PEDRO GALVEZ | BO31: NANCHOC | BQ31: SANTA CRUZ | BS31: SANGARARA | BT31: MOLLEPATA | BU31: TARAY | BV31: TUPAC AMARU | BW31: SICUANI | BX31: SANTO TOMAS | BY31: SAYLLA | BZ31: PICHIGUA | CA31: QUELLOUNO | CB31: PARURO | CD31: LUCRE | CE31: YUCAY | CF31: POMACOCHA | CG31: HUAYLLAY GRANDE | CH31: HUACHOS | CI31: PACHAMARCA | CJ31: HUANCAVELICA | CK31: PILPICHACA | CL31: HUARIBAMBA | CM31: SAN RAFAEL | CN31: SHUNQUI | CP31: MONZON | CQ31: QUISQUI | CR31: SAN MIGUEL DE CAURI | CW31: OBAS | CX31: PUEBLO NUEVO | CY31: PUEBLO NUEVO | DB31: SAN CLEMENTE | DD31: SAN JUAN DE YSCOS | DE31: HEROINAS TOLEDO | DF31: COLCA | DG31: HUAMALI | DI31: RIO TAMBO | DJ31: SAN PEDRO DE CAJAS | DK31: SANTA BARBARA DE CARHUACAYAN | DL31: RAZURI | DQ31: PARANDAY | DS31: PARCOY | DT31: SARIN | DU31: SANTIAGO DE CHUCO | DV31: POROTO | DX31: LA VICTORIA | DZ31: MOTUPE | EC31: SANTA ROSA DE QUIVES | ED31: LUNAHUANA | EE31: LAMPIAN | EF31: HUANZA | EG31: LEONCIO PRADO | EH31: CHORRILLOS | EJ31: CATAHUASI | EO31: MAZAN | EP31: REQUENA | EU31: OMATE | EX31: VILCABAMBA | EY31: VILLA RICA | EZ31: PAUCARTAMBO | FA31: PAIMAS | FB31: SONDOR | FC31: SAN JUAN DE BIGOTE | FD31: VICHAYAL | FE31: LAS LOMAS | FG31: SALITRAL | FI31: JOSE DOMINGO CHOQUEHUANCA | FJ31: MACUSANI | FK31: ZEPITA | FM31: TARACO | FN31: PARATIA | FO31: ORURILLO | FQ31: HUATA | FT31: SAN JUAN DEL ORO | FU31: YUNGUYO | FY31: RUMISAPA | GB31: SAN HILARION | GC31: SAN FERNANDO | GD31: JUAN GUERRA | GH31: PALCA | GI31: TARUCACHI | GN31: YARINACOCHA
A32: 8 | B32: =IF(HLOOKUP($B$24,$D$24:$GP$126,A32+1,0)="","",HLOOKUP($B$24,$D$24:$GP$126,A32+1,0)) -> #REF! | E32: RECTA | F32: HUANCAS | H32: LONYA CHICO | I32: OMIA | N32: HUALLANCA | O32: SAN MIGUEL DE ACO | S32: OLLEROS | T32: HUARI | V32: SANTA CRUZ | W32: PISCOBAMBA | X32: SAN CRISTOBAL DE RAJAN | Y32: PALLASCA | AA32: RECUAY | AB32: SAMANCO | AC32: SAN JUAN | AD32: YUNGAY | AE32: SAN PEDRO DE CACHORA | AF32: KISHUARA | AH32: JUSTO APU SAHUARAURA | AI32: URANMARCA | AK32: PATAYPAMPA | AL32: JOSE LUIS BUSTAMANTE Y RIVERO | AM32: SAMUEL PASTOR | AN32: CHAPARRA | AO32: MACHAGUAY | AP32: HUANCA | AQ32: YANAQUIHUA | AS32: SAYLA | AU32: PACAYCASA | AW32: SIVIA | AX32: TAMBO | AY32: LEONCIO PRADO | AZ32: UPAHUACHO | BA32: SAN JAVIER DE ALPABAMBA | BB32: SAN PEDRO DE LARCAY | BC32: HUANCAPI | BD32: VISCHONGO | BF32: LOS BAÑOS DEL INCA | BG32: MIGUEL IGLESIAS | BH32: COCHABAMBA | BI32: YONAN | BJ32: SAN ANDRES DE CUTERVO | BL32: PUCARA | BO32: NIEPOS | BQ32: SAUCEPAMPA | BT32: PUCYURA | BU32: YANATILE | BV32: YANAOCA | BW32: TINTA | BX32: VELILLE | BY32: WANCHAQ | BZ32: SUYCKUTAMBO | CA32: SANTA ANA | CB32: PILLPINTO | CD32: MARCAPATA | CF32: ROSARIO | CG32: JULCAMARCA | CH32: HUAMATAMBO | CI32: PAUCARBAMBA | CJ32: HUANDO | CK32: QUERCO | CL32: ÑAHUIMPUQUIO | CM32: TOMAY KICHWA | CN32: SILLAPATA | CP32: PUNCHAO | CQ32: SAN FRANCISCO DE CAYRAN | CW32: PAMPAMARCA | CX32: SAN JUAN DE YANAC | CY32: SALAS | DB32: TUPAC AMARU INCA | DD32: TRES DE DICIEMBRE | DE32: MANZANARES | DF32: CULLHUAS | DG32: HUARIPAMPA | DI32: SATIPO | DJ32: TAPO | DK32: SANTA ROSA DE SACCO | DL32: SANTIAGO DE CAO | DQ32: SALPO | DS32: PATAZ | DT32: SARTIMBAMBA | DU32: SITABAMBA | DV32: SALAVERRY | DX32: LAGUNAS | DZ32: OLMOS | ED32: MALA | EE32: PACARAOS | EF32: HUAROCHIRI | EG32: PACCHO | EH32: CIENEGUILLA | EJ32: CHOCOS | EO32: NAPO | EP32: SAQUENA | EU32: PUQUINA | EX32: YANAHUANCA | EZ32: SAN FRANCISCO DE ASIS DE YARUSYACAN | FA32: SAPILLICA | FB32: SONDORILLO | FC32: SANTA CATALINA DE MOSSA | FE32: PIURA | FG32: SULLANA | FI32: MUÑANI | FJ32: OLLACHEA | FM32: VILQUE CHICO | FN32: PUCARA | FO32: SANTA ROSA | FQ32: MAÑAZO | FT32: SAN PEDRO DE PUTINA PUNCO | FY32: SAN ROQUE DE CUMBAZA | GB32: SHAMBOYACU | GC32: YORONGOS | GD32: LA BANDA DE SHILCAYO | GH32: POCOLLAY | GI32: TICACO
A33: 9 | B33: =IF(HLOOKUP($B$24,$D$24:$GP$126,A33+1,0)="","",HLOOKUP($B$24,$D$24:$GP$126,A33+1,0)) -> #REF! | E33: SAN CARLOS | F33: LA JALCA | H33: LUYA | I33: SAN NICOLAS | N33: HUASTA | O33: SHILLA | S33: PAMPAS | T33: MASIN | V33: SANTO TORIBIO | X33: SAN PEDRO | Y33: PAMPAS | AA33: TAPACOCHA | AB33: SANTA | AC33: SICSIBAMBA | AE33: TAMBURCO | AF33: PACOBAMBA | AH33: LUCRE | AK33: PROGRESO | AL33: LA JOYA | AN33: HUANUHUANU | AO33: ORCOPAMPA | AP33: ICHUPAMPA | AS33: TAURIA | AU33: QUINUA | AY33: LLAUTA | BA33: SAN JOSE DE USHUA | BB33: SAN SALVADOR DE QUIJE | BC33: HUANCARAYLLA | BF33: MAGDALENA | BG33: OXAMARCA | BH33: CONCHAN | BJ33: SAN JUAN DE CUTERVO | BL33: SALLIQUE | BO33: SAN GREGORIO | BQ33: SEXI | BT33: ZURITE | CA33: SANTA TERESA | CB33: YAURISQUE | CD33: OCONGATE | CG33: LIRCAY | CH33: MOLLEPAMPA | CI33: SAN MIGUEL DE MAYOCC | CJ33: HUAYLLAHUARA | CK33: QUITO-ARMA | CL33: PAMPAS | CN33: YANAS | CP33: PUÑOS | CQ33: SAN PEDRO DE CHAULAN | CX33: SAN PEDRO DE HUACARPANA | CY33: SAN JOSE DE LOS MOLINOS | DD33: YANACANCHA | DE33: MARISCAL CASTILLA | DF33: EL TAMBO | DG33: HUERTAS | DJ33: TARMA | DK33: SUITUCANCHA | DQ33: SINSICAP | DS33: PIAS | DV33: SIMBAL | DX33: MONSEFU | DZ33: PACORA | ED33: NUEVO IMPERIAL | EE33: SAN MIGUEL DE ACOS | EF33: LAHUAYTAMBO | EG33: SANTA LEONOR | EH33: COMAS | EJ33: COCHAS | EO33: PUNCHANA | EP33: SOPLIN | EU33: QUINISTAQUILLAS | EZ33: SIMON BOLIVAR | FA33: SICCHEZ | FC33: SANTO DOMINGO | FE33: TAMBO GRANDE | FI33: POTONI | FJ33: SAN GABAN | FN33: SANTA LUCIA | FO33: UMACHIRI | FQ33: PAUCARCOLLA | FT33: SANDIA | FY33: SHANAO | GB33: TINGO DE PONASA | GC33: YURACYACU | GD33: MORALES | GH33: SAMA
A34: 10 | B34: =IF(HLOOKUP($B$24,$D$24:$GP$126,A34+1,0)="","",HLOOKUP($B$24,$D$24:$GP$126,A34+1,0)) -> #REF! | E34: SHIPASBAMBA | F34: LEIMEBAMBA | H34: LUYA VIEJO | I34: SANTA ROSA | N34: HUAYLLACAYAN | O34: TINCO | S34: PARIACOTO | T34: PAUCAS | V34: YURACMARCA | X34: SANTIAGO DE CHILCAS | Y34: SANTA ROSA | AA34: TICAPAMPA | AC34: SIHUAS | AF34: PACUCHA | AH34: POCOHUANCA | AK34: SAN ANTONIO | AL34: MARIANO MELGAR | AN34: JAQUI | AO34: PAMPACOLCA | AP34: LARI | AS34: TOMEPAMPA | AU34: SAN JOSE DE TICLLAS | AY34: LUCANAS | BA34: SARA SARA | BB34: SANTIAGO DE PAUCARAY | BC34: HUAYA | BF34: MATARA | BG34: SOROCHUCO | BH34: HUAMBOS | BJ34: SAN LUIS DE LUCMA | BL34: SAN FELIPE | BO34: SAN MIGUEL | BQ34: UTICYACU | CA34: VILCABAMBA | CD34: OROPESA | CG34: SAN ANTONIO DE ANTAPARCO | CH34: SAN JUAN | CI34: SAN PEDRO DE CORIS | CJ34: IZCUCHACA | CK34: SAN ANTONIO DE CUSICANCHA | CL34: PAZOS | CP34: SINGA | CQ34: SANTA MARIA DEL VALLE | CX34: SUNAMPE | CY34: SAN JUAN BAUTISTA | DE34: MATAHUASI | DF34: HUACRAPUQUIO | DG34: JANJAILLO | DK34: YAULI | DQ34: USQUIL | DS34: SANTIAGO DE CHALLAS | DV34: TRUJILLO | DX34: NUEVA ARICA | DZ34: SALAS | ED34: PACARAN | EE34: SANTA CRUZ DE ANDAMARCA | EF34: LANGA | EG34: SANTA MARIA | EH34: EL AGUSTINO | EJ34: COLONIA | EO34: PUTUMAYO | EP34: TAPICHE | EU34: UBINAS | EZ34: TICLACAYAN | FA34: SUYO | FC34: YAMANGO | FI34: SAMAN | FJ34: USICAYOS | FN34: VILAVILA | FQ34: PICHACANI | FT34: YANAHUAYA | FY34: TABALOSOS | GB34: TRES UNIDOS | GD34: PAPAPLAYA | GH34: TACNA
A35: 11 | B35: =IF(HLOOKUP($B$24,$D$24:$GP$126,A35+1,0)="","",HLOOKUP($B$24,$D$24:$GP$126,A35+1,0)) -> #REF! | E35: VALERA | F35: LEVANTO | H35: MARIA | I35: TOTORA | N35: LA PRIMAVERA | O35: YUNGAR | S35: PIRA | T35: PONTO | Y35: TAUCA | AF35: PAMPACHIRI | AH35: SAN JUAN DE CHACÑA | AK35: SANTA ROSA | AL35: MIRAFLORES | AN35: LOMAS | AO35: TIPAN | AP35: LLUTA | AS35: TORO | AU35: SAN JUAN BAUTISTA | AY35: OCAÑA | BB35: SORAS | BC35: SARHUA | BF35: NAMORA | BG35: SUCRE | BH35: LAJAS | BJ35: SANTA CRUZ | BL35: SAN JOSE DEL ALTO | BO35: SAN SILVESTRE DE COCHAN | BQ35: YAUYUCAN | CD35: QUIQUIJANA | CG35: SANTO TOMAS DE PATA | CH35: SANTA ANA | CJ35: LARIA | CK35: SAN FRANCISCO DE SANGAYAICO | CL35: QUISHUAR | CP35: TANTAMAYO | CQ35: YARUMAYO | CX35: TAMBO DE MORA | CY35: SANTIAGO | DE35: MITO | DF35: HUALHUAS | DG35: JAUJA | DS35: TAURIJA | DV35: VICTOR LARCO HERRERA | DX35: OYOTUN | DZ35: SAN JOSE | ED35: QUILMANA | EE35: SUMBILCA | EF35: LARAOS | EG35: SAYAN | EH35: INDEPENDENCIA | EJ35: HONGOS | EO35: SAN JUAN BAUTISTA | EP35: YAQUERANA | EU35: YUNGA | EZ35: TINYAHUARCO | FI35: SAN ANTON | FQ35: PLATERIA | FY35: ZAPATERO | GD35: SAN ANTONIO
A36: 12 | B36: =IF(HLOOKUP($B$24,$D$24:$GP$126,A36+1,0)="","",HLOOKUP($B$24,$D$24:$GP$126,A36+1,0)) -> #REF! | E36: YAMBRASBAMBA | F36: MAGDALENA | H36: OCALLI | I36: VISTA ALEGRE | N36: MANGAS | S36: TARICA | T36: RAHUAPAMPA | AF36: POMACOCHA | AH36: SAÑAYCA | AK36: TURPAY | AL36: MOLLEBAYA | AN36: QUICACHA | AO36: UÑON | AP36: MACA | AU36: SANTIAGO DE PISCHA | AY36: OTOCA | BC36: VILCANCHOS | BF36: SAN JUAN | BG36: UTCO | BH36: LLAMA | BJ36: SANTO DOMINGO DE LA CAPILLA | BL36: SANTA ROSA | BO36: TONGOD | CD36: URCOS | CG36: SECCLLA | CH36: TANTARA | CJ36: MANTA | CK36: SAN ISIDRO | CL36: SALCABAMBA | CY36: SUBTANJALLA | DE36: NUEVE DE JULIO | DF36: HUANCAN | DG36: JULCAN | DS36: TAYABAMBA | DX36: PATAPO | DZ36: TUCUME | ED36: SAN ANTONIO | EE36: VEINTISIETE DE NOVIEMBRE | EF36: MARIATANA | EG36: VEGUETA | EH36: JESUS MARIA | EJ36: HUAMPARA | EO36: TENIENTE MANUEL CLAVERO | EZ36: VICCO | FI36: SAN JOSE | FQ36: PUNO | GD36: SAUCE
A37: 13 | B37: =IF(HLOOKUP($B$24,$D$24:$GP$126,A37+1,0)="","",HLOOKUP($B$24,$D$24:$GP$126,A37+1,0)) -> #REF! | F37: MARISCAL CASTILLA | H37: OCUMAL | N37: PACLLON | T37: RAPAYAN | AF37: SAN ANTONIO DE CACHI | AH37: SORAYA | AK37: VILCABAMBA | AL37: PAUCARPATA | AN37: YAUCA | AO37: URACA | AP37: MADRIGAL | AU37: SOCOS | AY37: PUQUIO | BH37: MIRACOSTA | BJ37: SANTO TOMAS | BO37: UNION AGUA BLANCA | CH37: TICRAPO | CJ37: MARISCAL CACERES | CK37: SANTIAGO DE CHOCORVOS | CL37: SALCAHUASI | CY37: TATE | DE37: ORCOTUNA | DF37: HUANCAYO | DG37: LEONOR ORDOÑEZ | DS37: URPAY | DX37: PICSI | ED37: SAN LUIS | EF37: MATUCANA | EH37: LA MOLINA | EJ37: HUANCAYA | EO37: TORRES CAUSANA | EZ37: YANACANCHA | FI37: SAN JUAN DE SALINAS | FQ37: SAN ANTONIO | GD37: SHAPAJA
A38: 14 | B38: =IF(HLOOKUP($B$24,$D$24:$GP$126,A38+1,0)="","",HLOOKUP($B$24,$D$24:$GP$126,A38+1,0)) -> #REF! | F38: MOLINOPAMPA | H38: PISUQUIA | N38: SAN MIGUEL DE CORPANQUI | T38: SAN MARCOS | AF38: SAN JERONIMO | AH38: TAPAIRIHUA | AK38: VIRUNDO | AL38: POCSI | AO38: VIRACO | AP38: MAJES | AU38: TAMBILLO | AY38: SAISA | BH38: PACCHA | BJ38: SOCOTA | CJ38: MOYA | CK38: SANTIAGO DE QUIRAHUARA | CL38: SAN MARCOS DE ROCCHAC | CY38: YAUCA DEL ROSARIO | DE38: SAN JOSE DE QUERO | DF38: HUASICANCHA | DG38: LLOCLLAPAMPA | DX38: PIMENTEL | ED38: SAN VICENTE DE CAÑETE | EF38: RICARDO PALMA | EH38: LA VICTORIA | EJ38: HUANGASCAR | FI38: SANTIAGO DE PUPUJA | FQ38: TIQUILLACA | GD38: TARAPOTO
A39: 15 | B39: =IF(HLOOKUP($B$24,$D$24:$GP$126,A39+1,0)="","",HLOOKUP($B$24,$D$24:$GP$126,A39+1,0)) -> #REF! | F39: MONTEVIDEO | H39: PROVIDENCIA | N39: TICLLOS | T39: SAN PEDRO DE CHANA | AF39: SAN MIGUEL DE CHACCRAMPA | AH39: TINTAY | AL39: POLOBAYA | AP39: SAN ANTONIO DE CHUCA | AU39: VINCHOS | AY39: SAN CRISTOBAL | BH39: PION | BJ39: TORIBIO CASANOVA | CJ39: NUEVO OCCORO | CK39: SANTO DOMINGO DE CAPILLAS | CL39: SURCUBAMBA | DE39: SANTA ROSA DE OCOPA | DF39: HUAYUCACHI | DG39: MARCO | DX39: POMALCA | ED39: SANTA CRUZ DE FLORES | EF39: SAN ANDRES DE TUPICOCHA | EH39: LIMA | EJ39: HUANTAN | FI39: TIRAPATA | FQ39: VILQUE
A40: 16 | B40: =IF(HLOOKUP($B$24,$D$24:$GP$126,A40+1,0)="","",HLOOKUP($B$24,$D$24:$GP$126,A40+1,0)) -> #REF! | F40: OLLEROS | H40: SAN CRISTOBAL | T40: UCO | AF40: SANTA MARIA DE CHICMO | AH40: TORAYA | AL40: QUEQUEÑA | AP40: SIBAYO | AY40: SAN JUAN | BH40: QUEROCOTO | CJ40: PALCA | CK40: TAMBO | CL40: TINTAY PUNCU | DF40: INGENIO | DG40: MASMA | DX40: PUCALA | ED40: ZUÑIGA | EF40: SAN ANTONIO | EH40: LINCE | EJ40: HUAÑEC
A41: 17 | B41: =IF(HLOOKUP($B$24,$D$24:$GP$126,A41+1,0)="","",HLOOKUP($B$24,$D$24:$GP$126,A41+1,0)) -> #REF! | F41: QUINJALCA | H41: SAN FRANCISCO DEL YESO | AF41: TALAVERA | AH41: YANACA | AL41: SABANDIA | AP41: TAPAY | AY41: SAN PEDRO | BH41: SAN JUAN DE LICUPIS | CJ41: PILCHACA | DF41: PARIAHUANCA | DG41: MASMA CHICCHE | DX41: REQUE | EF41: SAN BARTOLOME | EH41: LOS OLIVOS | EJ41: LARAOS
A42: 18 | B42: =IF(HLOOKUP($B$24,$D$24:$GP$126,A42+1,0)="","",HLOOKUP($B$24,$D$24:$GP$126,A42+1,0)) -> #REF! | F42: SAN FRANCISCO DE DAGUAS | H42: SAN JERONIMO | AF42: TUMAY HUARACA | AL42: SACHACA | AP42: TISCO | AY42: SAN PEDRO DE PALCO | BH42: TACABAMBA | CJ42: VILCA | DF42: PILCOMAYO | DG42: MOLINOS | DX42: SANTA ROSA | EF42: SAN DAMIAN | EH42: LURIGANCHO | EJ42: LINCHA
A43: 19 | B43: =IF(HLOOKUP($B$24,$D$24:$GP$126,A43+1,0)="","",HLOOKUP($B$24,$D$24:$GP$126,A43+1,0)) -> #REF! | F43: SAN ISIDRO DE MAINO | H43: SAN JUAN DE LOPECANCHA | AF43: TURPO | AL43: SAN JUAN DE SIGUAS | AP43: TUTI | AY43: SANCOS | BH43: TOCMOCHE | CJ43: YAULI | DF43: PUCARA | DG43: MONOBAMBA | DX43: SAÑA | EF43: SAN JUAN DE IRIS | EH43: LURIN | EJ43: MADEAN
A44: 20 | B44: =IF(HLOOKUP($B$24,$D$24:$GP$126,A44+1,0)="","",HLOOKUP($B$24,$D$24:$GP$126,A44+1,0)) -> #REF! | F44: SOLOCO | H44: SANTA CATALINA | AL44: SAN JUAN DE TARUCANI | AP44: YANQUE | AY44: SANTA ANA DE HUAYCAHUACHO | DF44: QUICHUAY | DG44: MUQUI | DX44: TUMAN | EF44: SAN JUAN DE TANTARANCHE | EH44: MAGDALENA DEL MAR | EJ44: MIRAFLORES
A45: 21 | B45: =IF(HLOOKUP($B$24,$D$24:$GP$126,A45+1,0)="","",HLOOKUP($B$24,$D$24:$GP$126,A45+1,0)) -> #REF! | F45: SONCHE | H45: SANTO TOMAS | AL45: SANTA ISABEL DE SIGUAS | AY45: SANTA LUCIA | DF45: QUILCAS | DG45: MUQUIYAUYO | EF45: SAN LORENZO DE QUINTI | EH45: MAGDALENA VIEJA | EJ45: OMAS
A46: 22 | B46: =IF(HLOOKUP($B$24,$D$24:$GP$126,A46+1,0)="","",HLOOKUP($B$24,$D$24:$GP$126,A46+1,0)) -> #REF! | H46: TINGO | AL46: SANTA RITA DE SIGUAS | DF46: SAN AGUSTIN | DG46: PACA | EF46: SAN MATEO | EH46: MIRAFLORES | EJ46: PUTINZA
A47: 23 | B47: =IF(HLOOKUP($B$24,$D$24:$GP$126,A47+1,0)="","",HLOOKUP($B$24,$D$24:$GP$126,A47+1,0)) -> #REF! | H47: TRITA | AL47: SOCABAYA | DF47: SAN JERONIMO DE TUNAN | DG47: PACCHA | EF47: SAN MATEO DE OTAO | EH47: PACHACAMAC | EJ47: QUINCHES
A48: 24 | B48: =IF(HLOOKUP($B$24,$D$24:$GP$126,A48+1,0)="","",HLOOKUP($B$24,$D$24:$GP$126,A48+1,0)) -> #REF! | AL48: TIABAYA | DF48: SANTO DOMINGO DE ACOBAMBA | DG48: PANCAN | EF48: SAN PEDRO DE CASTA | EH48: PUCUSANA | EJ48: QUINOCAY
A49: 25 | B49: =IF(HLOOKUP($B$24,$D$24:$GP$126,A49+1,0)="","",HLOOKUP($B$24,$D$24:$GP$126,A49+1,0)) -> #REF! | AL49: UCHUMAYO | DF49: SAÑO | DG49: PARCO | EF49: SAN PEDRO DE HUANCAYRE | EH49: PUENTE PIEDRA | EJ49: SAN JOAQUIN
A50: 26 | B50: =IF(HLOOKUP($B$24,$D$24:$GP$126,A50+1,0)="","",HLOOKUP($B$24,$D$24:$GP$126,A50+1,0)) -> #REF! | AL50: VITOR | DF50: SAPALLANGA | DG50: POMACANCHA | EF50: SANGALLAYA | EH50: PUNTA HERMOSA | EJ50: SAN PEDRO DE PILAS
A51: 27 | B51: =IF(HLOOKUP($B$24,$D$24:$GP$126,A51+1,0)="","",HLOOKUP($B$24,$D$24:$GP$126,A51+1,0)) -> #REF! | AL51: YANAHUARA | DF51: SICAYA | DG51: RICRAN | EF51: SANTA CRUZ DE COCACHACRA | EH51: PUNTA NEGRA | EJ51: TANTA
A52: 28 | B52: =IF(HLOOKUP($B$24,$D$24:$GP$126,A52+1,0)="","",HLOOKUP($B$24,$D$24:$GP$126,A52+1,0)) -> #REF! | AL52: YARABAMBA | DF52: VIQUES | DG52: SAN LORENZO | EF52: SANTA EULALIA | EH52: RIMAC | EJ52: TAURIPAMPA
A53: 29 | B53: =IF(HLOOKUP($B$24,$D$24:$GP$126,A53+1,0)="","",HLOOKUP($B$24,$D$24:$GP$126,A53+1,0)) -> #REF! | AL53: YURA | DG53: SAN PEDRO DE CHUNAN | EF53: SANTIAGO DE ANCHUCAYA | EH53: SAN BARTOLO | EJ53: TOMAS
A54: 30 | B54: =IF(HLOOKUP($B$24,$D$24:$GP$126,A54+1,0)="","",HLOOKUP($B$24,$D$24:$GP$126,A54+1,0)) -> #REF! | DG54: SAUSA | EF54: SANTIAGO DE TUNA | EH54: SAN BORJA | EJ54: TUPE
A55: 31 | B55: =IF(HLOOKUP($B$24,$D$24:$GP$126,A55+1,0)="","",HLOOKUP($B$24,$D$24:$GP$126,A55+1,0)) -> #REF! | DG55: SINCOS | EF55: SANTO DOMINGO DE LOS OLLEROS | EH55: SAN ISIDRO | EJ55: VIÑAC
A56: 32 | B56: =IF(HLOOKUP($B$24,$D$24:$GP$126,A56+1,0)="","",HLOOKUP($B$24,$D$24:$GP$126,A56+1,0)) -> #REF! | DG56: TUNAN MARCA | EF56: SURCO | EH56: SAN JUAN DE LURIGANCHO | EJ56: VITIS
A57: 33 | B57: =IF(HLOOKUP($B$24,$D$24:$GP$126,A57+1,0)="","",HLOOKUP($B$24,$D$24:$GP$126,A57+1,0)) -> #REF! | DG57: YAULI | EH57: SAN JUAN DE MIRAFLORES | EJ57: YAUYOS
A58: 34 | B58: =IF(HLOOKUP($B$24,$D$24:$GP$126,A58+1,0)="","",HLOOKUP($B$24,$D$24:$GP$126,A58+1,0)) -> #REF! | DG58: YAUYOS | EH58: SAN LUIS
A59: 35 | B59: =IF(HLOOKUP($B$24,$D$24:$GP$126,A59+1,0)="","",HLOOKUP($B$24,$D$24:$GP$126,A59+1,0)) -> #REF! | EH59: SAN MARTIN DE PORRES
A60: 36 | B60: =IF(HLOOKUP($B$24,$D$24:$GP$126,A60+1,0)="","",HLOOKUP($B$24,$D$24:$GP$126,A60+1,0)) -> #REF! | EH60: SAN MIGUEL
A61: 37 | B61: =IF(HLOOKUP($B$24,$D$24:$GP$126,A61+1,0)="","",HLOOKUP($B$24,$D$24:$GP$126,A61+1,0)) -> #REF! | EH61: SANTA ANITA
A62: 38 | B62: =IF(HLOOKUP($B$24,$D$24:$GP$126,A62+1,0)="","",HLOOKUP($B$24,$D$24:$GP$126,A62+1,0)) -> #REF! | EH62: SANTA MARIA DEL MAR
A63: 39 | B63: =IF(HLOOKUP($B$24,$D$24:$GP$126,A63+1,0)="","",HLOOKUP($B$24,$D$24:$GP$126,A63+1,0)) -> #REF! | EH63: SANTA ROSA
A64: 40 | B64: =IF(HLOOKUP($B$24,$D$24:$GP$126,A64+1,0)="","",HLOOKUP($B$24,$D$24:$GP$126,A64+1,0)) -> #REF! | EH64: SANTIAGO DE SURCO
A65: 41 | B65: =IF(HLOOKUP($B$24,$D$24:$GP$126,A65+1,0)="","",HLOOKUP($B$24,$D$24:$GP$126,A65+1,0)) -> #REF! | EH65: SURQUILLO
A66: 42 | B66: =IF(HLOOKUP($B$24,$D$24:$GP$126,A66+1,0)="","",HLOOKUP($B$24,$D$24:$GP$126,A66+1,0)) -> #REF! | EH66: VILLA EL SALVADOR
A67: 43 | B67: =IF(HLOOKUP($B$24,$D$24:$GP$126,A67+1,0)="","",HLOOKUP($B$24,$D$24:$GP$126,A67+1,0)) -> #REF! | EH67: VILLA MARIA DEL TRIUNFO
